Workbook

Sheet DATABASE
B1: Basic | C1: Basic | D1: Basic | E1: Basic | F1: Basic | G1: Basic | H1: Basic | L1: Basic | O1: Basic | P1: Basic | Q1: Basic | R1: Basic | AC1: Basic | AG1: Basic | AH1: Basic | AI1: Basic | AJ1: Basic | AK1: Basic | AL1: Basic | AP1: Basic | AQ1: Basic | AR1: Basic | AS1: Basic | AT1: Basic | AU1: Basic | AV1: Basic | AW1: Basic | BR1: Basic | DK1: Basic | DL1: Basic | DM1: Basic
B2: Naming | H2: Price & colors (JSON) | L2: Dimensions and weight (JSON) | AG2: Engine and transmission (JSON) | AR2: Fuel and mileage (JSON) | BD2: Interior dimensions (JSON) | BL2: Warranty (JSON) | BP2: Source | BS2: Review | BY2: Review scorecard | CE2: Review expert rating | CN2: Old naming (HTML, until March 2020) | CR2: Interior features (HTML, until March 2020) | CZ2: Exterior features (HTML, until March 2020) | DF2: Safety (HTML, until March 2020) | DG2: Optional features (HTML, until March 2020) | DK2: Bonus data (added by Teoalida)
B3: ID | C3: Make | D3: Model | E3: Year | F3: Trim | G3: Trim (description) | H3: Base MSRP | I3: Base Invoice | J3: Colors exterior | K3: Colors interior | L3: Body type | M3: Doors | N3: Total seating | O3: Length (in) | P3: Width (in) | Q3: Height (in) | R3: Wheelbase (in) | S3: Front track (in) | T3: Rear track (in) | U3: Ground clearance (in) | V3: Angle of approach (degrees) | W3: Angle of departure (degrees) | X3: Turning circle (ft) | Y3: Drag coefficient (Cd) | Z3: EPA interior volume (cu ft) | AA3: Cargo capacity (cu ft) | AB3: Maximum cargo capacity (cu ft) | AC3: Curb weight (lbs) | AD3: Gross weight (lbs) | AE3: Maximum payload (lbs) | AF3: Maximum towing capacity (lbs) | AG3: Cylinders | AH3: Engine size (l) | AI3: Horsepower (HP) | AJ3: Horsepower (rpm) | AK3: Torque (ft-lbs) | AL3: Torque (rpm) | AM3: Valves | AN3: Valve timing | AO3: Cam type | AP3: Drive type | AQ3: Transmission | AR3: Engine type | AS3: Fuel type | AT3: Fuel tank capacity (gal) | AU3: EPA combined MPG | AV3: EPA city/highway MPG | AW3: Range in miles (city/hwy) | AX3: EPA combined MPGe | AY3: EPA city/highway MPGe | AZ3: EPA electricity range (mi) | BA3: EPA kWh/100 mi | BB3: EPA time to charge battery (at 240V) (hr) | BC3: Battery capacity (kWh) | BD3: Front head room (in) | BE3: Front hip room (in) | BF3: Front leg room (in) | BG3: Front shoulder room (in) | BH3: Rear head room (in) | BI3: Rear hip room (in) | BJ3: Rear leg room (in) | BK3: Rear shoulder room (in) | BL3: Basic | BM3: Drivetrain | BN3: Roadside assistance | BO3: Rust | BP3: Source JSON | BQ3: Source URL | BR3: Image URL | BS3: Review | BT3: Pros | BU3: Cons | BV3: What's new | BW3: NHTSA Overall Rating | BX3: Used price range | BY3: Scorecard Overall | BZ3: Scorecard Driving | CA3: Scorecard Confort | CB3: Scorecard Interior | CC3: Scorecard Utility | CD3: Scorecard Technology | CE3: Expert rating - Our verdict | CF3: Expert rating - Performance | CG3: Expert rating - Comfort | CH3: Expert rating - Interior | CI3: Expert rating - Technology | CJ3: Expert rating - Storage | CK3: Expert rating - Fuel Economy | CL3: Expert rating - Value | CM3: Expert rating - Wildcard | CN3: Old trim | CO3: Old description | CP3: Images URL | CQ3: Suspension | CR3: Front seats | CS3: Rear seats | CT3: Power features | CU3: Instrumentation | CV3: Convenience | CW3: Comfort | CX3: Memorized settings | CY3: In car entertainment | CZ3: Roof and glass | DA3: Body | DB3: Truck features | DC3: Tires and wheels | DD3: Doors | DE3: Towing and hauling | DF3: Safety features | DG3: Packages | DH3: Exterior options | DI3: Interior options | DJ3: Mechanical options | DK3: Country of origin | DL3: Car classification | DM3: Platform code / generation number
B4: =COUNTA(B14:B421494) -> 632 | C4: =COUNTA(C14:C421494) -> 629 | D4: =COUNTA(D14:D421494) -> 629 | E4: =COUNTA(E14:E421494) -> 629 | F4: =COUNTA(F14:F421494) -> 629 | G4: =COUNTA(G14:G421494) -> 629 | H4: =COUNTA(H14:H421493) -> 477 | I4: =COUNTA(I14:I421493) -> 477 | J4: =COUNTA(J14:J421493) -> 593 | K4: =COUNTA(K14:K421493) -> 522 | L4: =COUNTA(L14:L421493) -> 629 | M4: =COUNTA(M14:M421493) -> 629 | N4: =COUNTA(N14:N421493) -> 477 | O4: =COUNTA(O14:O421493) -> 629 | ... CA4: =COUNTA(CA14:CA421493) -> 24 | CB4: =COUNTA(CB14:CB421494) -> 24 | CC4: =COUNTA(CC14:CC421494) -> 24 | CD4: =COUNTA(CD14:CD421494) -> 13 | CE4: =COUNTA(CE14:CE421494) -> 107 | CF4: =COUNTA(CF14:CF421494) -> 137 | CG4: =COUNTA(CG14:CG421494) -> 137 | CH4: =COUNTA(CH14:CH421494) -> 137 | CI4: =COUNTA(CI14:CI421494) -> 137 | ... DM4: =COUNTA(DM14:DM421494) -> 629
B5: =B4/$B4 -> 1 | C5: =C4/$B4 -> 0.99525316 | D5: =D4/$B4 -> 0.99525316 | E5: =E4/$B4 -> 0.99525316 | F5: =F4/$B4 -> 0.99525316 | G5: =G4/$B4 -> 0.99525316 | H5: =H4/$B4 -> 0.75474684 | I5: =I4/$B4 -> 0.75474684 | ... DM5: =DM4/$B4 -> 0.99525316
B7: Year-Make-Model-Trim-Specs car database for American market
B8: Compiled in Excel by Teoalida © cardatabase.teoalida.com
B10: This is a SAMPLE, including a selection of years for 3 models: BMW 3-Series, Ford F-150, Toyota Prius (629 trims)
B11: Visit above website for the FULL database (68 makes, 1200+ models, 10000+ model years, 70000+ model trims)
B12: See "Statistics makes" for the list of makes included in FULL database, and number of models for each
B14: SAMPLE: BMW 3-Series (second best-selling European car)
B15: 401994177 | C15: BMW | D15: 3 Series | E15: 2024 | F15: 330i | G15: 330i 4dr Sedan (2.0L 4cyl Turbo 8A) | H15: 44500 | I15: 41885 | J15: Brooklyn Grey Metallic(159,168,168);Jet Black(20,20,20);Melbourne Red Metallic(146,15,13);Dravit Grey Metallic(96,100,101);Tanzanite Blue II Metallic(16,91,161);Portimao Blue Metallic(66,89,154);Skyscraper Grey Metallic(127,133,133);Phytonic Blue Metallic(63,106,138);Alpine White(255,255,255);Mineral White Metallic(234,234,234);Black Sapphire Metallic(0,0,0); | K15: Cognac SensaTec, leatherette(156,116,91);Black SensaTec, leatherette(0,0,0);Black Vernasca, leather(0,0,0);Black Vernasca w/Blue Contrast Stitching, leather(0,0,0);Tacora Red SensaTec, leatherette(132,74,69);Mocha Vernasca, leather(90,86,83);Tacora Red Vernasca, leather(132,74,69);Canberra Beige SensaTec, leatherette(217,211,199);Oyster Vernasca, leather(220,216,208); | L15: Sedan | M15: 4 | N15: 5 | O15: 185.9 | P15: 71.9 | Q15: 56.8 | R15: 112.2 | U15: 5.7 | X15: 37.4 | AA15: 16.9 | AC15: 3536 | AD15: 4586 | AE15: 829 | AG15: I4 | AH15: 2 | AI15: 255 | AJ15: 5000 | AK15: 295 | AL15: 1550 | AM15: 16 | AN15: Variable | AO15: Double overhead cam (DOHC) | AP15: rear wheel drive | AQ15: 8-speed shiftable automatic | AR15: gas | AS15: premium unleaded (required) | AT15: 15.6 | AU15: 29 | AV15: 25/34 MPG | AW15: 390.0/530.4 mi. | BD15: 38.7 | BF15: 42 | BG15: 56 | BH15: 37.6 | BJ15: 35.2 | BK15: 54.6 | BL15: 4 yr./ 50000 mi. | BM15: 4 yr./ 50000 mi. | BN15: 4 yr./ unlimited mi. | BO15: 12 yr./ unlimited mi. | BQ15: https://www.edmunds.com/bmw/3-series/2024/review/ | BR15: https://media.ed.edmunds-media.com/bmw/3-series/2023/oem/2023_bmw_3-series_sedan_330i-xdrive_fq_oem_1_815.jpg;https://media.ed.edmunds-media.com/bmw/3-series/2023/oem/2023_bmw_3-series_sedan_330i-xdrive_rq_oem_2_815.jpg;https://media.ed.edmunds-media.com/bmw/3-series/2023/oem/2023_bmw_3-series_sedan_330i-xdrive_rq_oem_3_815.jpg;https://media.ed.edmunds-media.com/bmw/3-series/2023/oem/2023_bmw_3-series_sedan_330i-xdrive_rq_oem_4_815.jpg;https://media.ed.edmunds-media.com/bmw/3-series/2023/oem/2023_bmw_3-series_sedan_330i-xdrive_rq_oem_5_815.jpg; | BS15: There was a time when choosing a BMW 3 Series over its primary rivals in the compact luxury car segment was an easy decision, especially if you enjoy the act of driving. Today, the 3 Series still adheres to the qualities that made it popular in the first place and remains a rewarding choice for enthusiasts, but it's no longer the only game in town. In addition, many alternatives to this BMW offer appealing traits unavailable in a 3 Series, like an electric drive system, a wagon body style, and more value for the money.;Last year, the seventh-generation 3 Series received its midlife updates right on schedule, and a redesign is rumored to arrive for the 2026 model year. So, expect few, if any, changes to the 2024 BMW 3 Series. It continues with turbocharged four- and six-cylinder gas engines and a turbocharged plug-in hybrid powertrain, each paired with rear-wheel drive or BMW's xDrive all-wheel-drive system. The high-performance M3 remains in the lineup but is reviewed separately.;If we sound lukewarm about the 2024 3 Series, know that we still enjoy getting behind its steering wheel, firing up its engine, and seeking out fun roads to explore. But this BMW faces more capable competitors than ever, which dilutes its appeal. For additional perspective on the 3 Series check out the Edmunds testing team's full Expert Rating of the car.;BMW hasn't released official information on the 2024 3 Series as of this writing. We'll update our recommendation if anything changes, but based on last year's 3 Series, we recommend the 330e plug-in hybrid version. It doesn't cost much more than a base 330i, but it provides an estimated 22 miles of electric driving before switching to hybrid operation. Better yet, there is no penalty in terms of performance.;[Editor's note: The following unofficial information is based on last year's 3 Series. We expect the 2024 model will have a similar lineup and we'll update this section once we have complete information.] The BMW 3 Series sedan lineup includes the 330i, 330e and M340i. Each one has a slightly different mission. The 330i is the entry-level 3 Series while the 330e is a plug-in hybrid. The M340i is the sportiest and most powerful. Keep reading for our editors' curated breakdown of each trim's powertrain and standard and optional features. ;330i The base trim comes reasonably well equipped with:;Tech features include:;330e The 330e includes all the standard features of the regular 330i but adds a plug-in hybrid powertrain with a turbocharged four-cylinder gasoline engine and an electric motor (combined 288 hp, 310 lb-ft). The EPA estimates it can drive about 22 miles on a fully charged battery. M340i The M340i provides a big increase in performance thanks to its larger engine:;BMW offers a variety of options and packages for the 3 Series. Depending on the model, key choices to look out for include:; | BT15: Polished handling;Tastefully modern interior with plenty of room;Powerful and fuel-efficient engines; | BU15: Ride quality can be a little too firm at times;Most of the 3 Series' advanced driver assist features aren't standard; | BV15: No major changes expected after last year's significant updates;Part of the seventh 3 Series generation introduced for 2019; | BY15: 5 / 5;5 / 5;5 / 5; | CE15: 7.8/10 | CF15: 8.0/10 | CG15: 7.0/10 | CH15: 8.0/10 | CI15: 8.0/10 | CJ15: 8.0/10 | CK15: 8.0/10 | CL15: 7.5/10 | CM15: 8.0/10 | DK15: Europe/Germany | DL15: Compact car | DM15: G20
B16: 402004583 | C16: BMW | D16: 3 Series | E16: 2024 | F16: 330i xDrive | G16: 330i xDrive 4dr Sedan AWD (2.0L 4cyl Turbo 8A) | H16: 46500 | I16: 43745 | J16: Brooklyn Grey Metallic(159,168,168);Jet Black(20,20,20);Melbourne Red Metallic(146,15,13);Dravit Grey Metallic(96,100,101);Tanzanite Blue II Metallic(16,91,161);Portimao Blue Metallic(66,89,154);Skyscraper Grey Metallic(127,133,133);Phytonic Blue Metallic(63,106,138);Alpine White(255,255,255);Mineral White Metallic(234,234,234);Black Sapphire Metallic(0,0,0); | K16: Cognac SensaTec, leatherette(156,116,91);Black SensaTec, leatherette(0,0,0);Black Vernasca, leather(0,0,0);Black Vernasca w/Blue Contrast Stitching, leather(0,0,0);Tacora Red SensaTec, leatherette(132,74,69);Mocha Vernasca, leather(90,86,83);Tacora Red Vernasca, leather(132,74,69);Canberra Beige SensaTec, leatherette(217,211,199);Oyster Vernasca, leather(220,216,208); | L16: Sedan | M16: 4 | N16: 5 | O16: 185.9 | P16: 71.9 | Q16: 57 | R16: 112.2 | U16: 5.4 | X16: 39.2 | AA16: 16.9 | AC16: 3671 | AD16: 4740 | AE16: 853 | AG16: I4 | AH16: 2 | AI16: 255 | AJ16: 5000 | AK16: 295 | AL16: 1550 | AM16: 16 | AN16: Variable | AO16: Double overhead cam (DOHC) | AP16: all wheel drive | AQ16: 8-speed shiftable automatic | AR16: gas | AS16: premium unleaded (required) | AT16: 15.6 | AU16: 27 | AV16: 24/33 MPG | AW16: 374.4/514.8 mi. | BD16: 38.7 | BF16: 42 | BG16: 56 | BH16: 37.6 | BJ16: 35.2 | BK16: 54.6 | BL16: 4 yr./ 50000 mi. | BM16: 4 yr./ 50000 mi. | BN16: 4 yr./ unlimited mi. | BO16: 12 yr./ unlimited mi. | BQ16: https://www.edmunds.com/bmw/3-series/2024/review/ | BR16: https://media.ed.edmunds-media.com/bmw/3-series/2023/oem/2023_bmw_3-series_sedan_330i-xdrive_fq_oem_1_815.jpg;https://media.ed.edmunds-media.com/bmw/3-series/2023/oem/2023_bmw_3-series_sedan_330i-xdrive_rq_oem_2_815.jpg;https://media.ed.edmunds-media.com/bmw/3-series/2023/oem/2023_bmw_3-series_sedan_330i-xdrive_rq_oem_3_815.jpg;https://media.ed.edmunds-media.com/bmw/3-series/2023/oem/2023_bmw_3-series_sedan_330i-xdrive_rq_oem_4_815.jpg;https://media.ed.edmunds-media.com/bmw/3-series/2023/oem/2023_bmw_3-series_sedan_330i-xdrive_rq_oem_5_815.jpg; | BS16: There was a time when choosing a BMW 3 Series over its primary rivals in the compact luxury car segment was an easy decision, especially if you enjoy the act of driving. Today, the 3 Series still adheres to the qualities that made it popular in the first place and remains a rewarding choice for enthusiasts, but it's no longer the only game in town. In addition, many alternatives to this BMW offer appealing traits unavailable in a 3 Series, like an electric drive system, a wagon body style, and more value for the money.;Last year, the seventh-generation 3 Series received its midlife updates right on schedule, and a redesign is rumored to arrive for the 2026 model year. So, expect few, if any, changes to the 2024 BMW 3 Series. It continues with turbocharged four- and six-cylinder gas engines and a turbocharged plug-in hybrid powertrain, each paired with rear-wheel drive or BMW's xDrive all-wheel-drive system. The high-performance M3 remains in the lineup but is reviewed separately.;If we sound lukewarm about the 2024 3 Series, know that we still enjoy getting behind its steering wheel, firing up its engine, and seeking out fun roads to explore. But this BMW faces more capable competitors than ever, which dilutes its appeal. For additional perspective on the 3 Series check out the Edmunds testing team's full Expert Rating of the car.;BMW hasn't released official information on the 2024 3 Series as of this writing. We'll update our recommendation if anything changes, but based on last year's 3 Series, we recommend the 330e plug-in hybrid version. It doesn't cost much more than a base 330i, but it provides an estimated 22 miles of electric driving before switching to hybrid operation. Better yet, there is no penalty in terms of performance.;[Editor's note: The following unofficial information is based on last year's 3 Series. We expect the 2024 model will have a similar lineup and we'll update this section once we have complete information.] The BMW 3 Series sedan lineup includes the 330i, 330e and M340i. Each one has a slightly different mission. The 330i is the entry-level 3 Series while the 330e is a plug-in hybrid. The M340i is the sportiest and most powerful. Keep reading for our editors' curated breakdown of each trim's powertrain and standard and optional features. ;330i The base trim comes reasonably well equipped with:;Tech features include:;330e The 330e includes all the standard features of the regular 330i but adds a plug-in hybrid powertrain with a turbocharged four-cylinder gasoline engine and an electric motor (combined 288 hp, 310 lb-ft). The EPA estimates it can drive about 22 miles on a fully charged battery. M340i The M340i provides a big increase in performance thanks to its larger engine:;BMW offers a variety of options and packages for the 3 Series. Depending on the model, key choices to look out for include:; | BT16: Polished handling;Tastefully modern interior with plenty of room;Powerful and fuel-efficient engines; | BU16: Ride quality can be a little too firm at times;Most of the 3 Series' advanced driver assist features aren't standard; | BV16: No major changes expected after last year's significant updates;Part of the seventh 3 Series generation introduced for 2019; | BY16: 5 / 5;5 / 5;5 / 5; | CE16: 7.8/10 | CF16: 8.0/10 | CG16: 7.0/10 | CH16: 8.0/10 | CI16: 8.0/10 | CJ16: 8.0/10 | CK16: 8.0/10 | CL16: 7.5/10 | CM16: 8.0/10 | DK16: Europe/Germany | DL16: Compact car | DM16: G20
B17: 402004581 | C17: BMW | D17: 3 Series | E17: 2024 | F17: 330e | G17: 330e 4dr Sedan (2.0L 4cyl Turbo gas/electric plug-in hybrid 8A) | H17: 45600 | I17: 42910 | J17: Brooklyn Grey Metallic(159,168,168);Jet Black(20,20,20);Melbourne Red Metallic(146,15,13);Dravit Grey Metallic(96,100,101);Tanzanite Blue II Metallic(16,91,161);Portimao Blue Metallic(66,89,154);Skyscraper Grey Metallic(127,133,133);Phytonic Blue Metallic(63,106,138);Alpine White(255,255,255);Mineral White Metallic(234,234,234);Black Sapphire Metallic(0,0,0); | K17: Cognac SensaTec, leatherette(156,116,91);Black SensaTec, leatherette(0,0,0);Black Vernasca, leather(0,0,0);Black Vernasca w/Blue Contrast Stitching, leather(0,0,0);Tacora Red SensaTec, leatherette(132,74,69);Mocha Vernasca, leather(90,86,83);Tacora Red Vernasca, leather(132,74,69);Canberra Beige SensaTec, leatherette(217,211,199);Oyster Vernasca, leather(220,216,208); | L17: Sedan | M17: 4 | N17: 5 | O17: 185.9 | P17: 71.9 | Q17: 56.9 | R17: 112.2 | U17: 5.8 | X17: 37.2 | AA17: 13.2 | AC17: 4083 | AD17: 5071 | AE17: 820 | AG17: I4 | AH17: 2 | AI17: 288 | AK17: 310 | AM17: 16 | AN17: Variable | AO17: Double overhead cam (DOHC) | AP17: rear wheel drive | AQ17: 8-speed shiftable automatic | AR17: plug-in hybrid | AS17: premium unleaded (required) | AT17: 10.6 | AU17: 27 | AV17: 24/32 MPG | AW17: 254.4/339.2 mi. | AX17: 73 | AY17: 69/78 | AZ17: 22 | BD17: 38.7 | BF17: 42 | BG17: 56 | BH17: 37.6 | BJ17: 35.2 | BK17: 54.6 | BL17: 4 yr./ 50000 mi. | BM17: 4 yr./ 50000 mi. | BN17: 4 yr./ unlimited mi. | BO17: 12 yr./ unlimited mi. | BQ17: https://www.edmunds.com/bmw/3-series/2024/review/ | BR17: https://media.ed.edmunds-media.com/bmw/3-series/2023/oem/2023_bmw_3-series_sedan_330i-xdrive_fq_oem_1_815.jpg;https://media.ed.edmunds-media.com/bmw/3-series/2023/oem/2023_bmw_3-series_sedan_330i-xdrive_rq_oem_2_815.jpg;https://media.ed.edmunds-media.com/bmw/3-series/2023/oem/2023_bmw_3-series_sedan_330i-xdrive_rq_oem_3_815.jpg;https://media.ed.edmunds-media.com/bmw/3-series/2023/oem/2023_bmw_3-series_sedan_330i-xdrive_rq_oem_4_815.jpg;https://media.ed.edmunds-media.com/bmw/3-series/2023/oem/2023_bmw_3-series_sedan_330i-xdrive_rq_oem_5_815.jpg; | BS17: There was a time when choosing a BMW 3 Series over its primary rivals in the compact luxury car segment was an easy decision, especially if you enjoy the act of driving. Today, the 3 Series still adheres to the qualities that made it popular in the first place and remains a rewarding choice for enthusiasts, but it's no longer the only game in town. In addition, many alternatives to this BMW offer appealing traits unavailable in a 3 Series, like an electric drive system, a wagon body style, and more value for the money.;Last year, the seventh-generation 3 Series received its midlife updates right on schedule, and a redesign is rumored to arrive for the 2026 model year. So, expect few, if any, changes to the 2024 BMW 3 Series. It continues with turbocharged four- and six-cylinder gas engines and a turbocharged plug-in hybrid powertrain, each paired with rear-wheel drive or BMW's xDrive all-wheel-drive system. The high-performance M3 remains in the lineup but is reviewed separately.;If we sound lukewarm about the 2024 3 Series, know that we still enjoy getting behind its steering wheel, firing up its engine, and seeking out fun roads to explore. But this BMW faces more capable competitors than ever, which dilutes its appeal. For additional perspective on the 3 Series check out the Edmunds testing team's full Expert Rating of the car.;BMW hasn't released official information on the 2024 3 Series as of this writing. We'll update our recommendation if anything changes, but based on last year's 3 Series, we recommend the 330e plug-in hybrid version. It doesn't cost much more than a base 330i, but it provides an estimated 22 miles of electric driving before switching to hybrid operation. Better yet, there is no penalty in terms of performance.;[Editor's note: The following unofficial information is based on last year's 3 Series. We expect the 2024 model will have a similar lineup and we'll update this section once we have complete information.] The BMW 3 Series sedan lineup includes the 330i, 330e and M340i. Each one has a slightly different mission. The 330i is the entry-level 3 Series while the 330e is a plug-in hybrid. The M340i is the sportiest and most powerful. Keep reading for our editors' curated breakdown of each trim's powertrain and standard and optional features. ;330i The base trim comes reasonably well equipped with:;Tech features include:;330e The 330e includes all the standard features of the regular 330i but adds a plug-in hybrid powertrain with a turbocharged four-cylinder gasoline engine and an electric motor (combined 288 hp, 310 lb-ft). The EPA estimates it can drive about 22 miles on a fully charged battery. M340i The M340i provides a big increase in performance thanks to its larger engine:;BMW offers a variety of options and packages for the 3 Series. Depending on the model, key choices to look out for include:; | BT17: Polished handling;Tastefully modern interior with plenty of room;Powerful and fuel-efficient engines; | BU17: Ride quality can be a little too firm at times;Most of the 3 Series' advanced driver assist features aren't standard; | BV17: No major changes expected after last year's significant updates;Part of the seventh 3 Series generation introduced for 2019; | BY17: 5 / 5;5 / 5;5 / 5; | CE17: 7.8/10 | CF17: 8.0/10 | CG17: 7.0/10 | CH17: 8.0/10 | CI17: 8.0/10 | CJ17: 8.0/10 | CK17: 8.0/10 | CL17: 7.5/10 | CM17: 8.0/10 | DK17: Europe/Germany | DL17: Compact car | DM17: G20
B18: 402004580 | C18: BMW | D18: 3 Series | E18: 2024 | F18: M340i xDrive | G18: M340i xDrive 4dr Sedan AWD (3.0L 6cyl Turbo gas/electric mild hybrid 8A) | H18: 59600 | I18: 55930 | J18: Brooklyn Grey Metallic(159,168,168);Melbourne Red Metallic(146,15,13);Dravit Grey Metallic(96,100,101);Tanzanite Blue II Metallic(16,91,161);Portimao Blue Metallic(66,89,154);Skyscraper Grey Metallic(127,133,133);Alpine White(255,255,255);Mineral White Metallic(234,234,234);Black Sapphire Metallic(0,0,0); | K18: Cognac SensaTec, leatherette(156,116,91);Black SensaTec, leatherette(0,0,0);Black Vernasca, leather(0,0,0);Black Vernasca w/Blue Contrast Stitching, leather(0,0,0);Tacora Red SensaTec, leatherette(132,74,69);Mocha Vernasca, leather(90,86,83);Tacora Red Vernasca, leather(132,74,69);Canberra Beige SensaTec, leatherette(217,211,199);Oyster Vernasca, leather(220,216,208); | L18: Sedan | M18: 4 | N18: 5 | O18: 185.9 | P18: 71.9 | Q18: 56.7 | R18: 112.2 | U18: 5.4 | X18: 39.2 | AA18: 16.9 | AC18: 3951 | AD18: 4982 | AE18: 882 | AG18: I6 | AH18: 3 | AI18: 382 | AJ18: 5800 | AK18: 369 | AL18: 1800 | AM18: 24 | AN18: Variable | AO18: Double overhead cam (DOHC) | AP18: all wheel drive | AQ18: 8-speed shiftable automatic | AR18: mild hybrid | AS18: premium unleaded (required) | AT18: 15.6 | AU18: 26 | AV18: 23/31 MPG | AW18: 358.8/483.6 mi. | BD18: 38.7 | BF18: 42 | BG18: 56 | BH18: 37.6 | BJ18: 35.2 | BK18: 54.6 | BL18: 4 yr./ 50000 mi. | BM18: 4 yr./ 50000 mi. | BN18: 4 yr./ unlimited mi. | BO18: 12 yr./ unlimited mi. | BQ18: https://www.edmunds.com/bmw/3-series/2024/review/ | BR18: https://media.ed.edmunds-media.com/bmw/3-series/2023/oem/2023_bmw_3-series_sedan_330i-xdrive_fq_oem_1_815.jpg;https://media.ed.edmunds-media.com/bmw/3-series/2023/oem/2023_bmw_3-series_sedan_330i-xdrive_rq_oem_2_815.jpg;https://media.ed.edmunds-media.com/bmw/3-series/2023/oem/2023_bmw_3-series_sedan_330i-xdrive_rq_oem_3_815.jpg;https://media.ed.edmunds-media.com/bmw/3-series/2023/oem/2023_bmw_3-series_sedan_330i-xdrive_rq_oem_4_815.jpg;https://media.ed.edmunds-media.com/bmw/3-series/2023/oem/2023_bmw_3-series_sedan_330i-xdrive_rq_oem_5_815.jpg; | BS18: There was a time when choosing a BMW 3 Series over its primary rivals in the compact luxury car segment was an easy decision, especially if you enjoy the act of driving. Today, the 3 Series still adheres to the qualities that made it popular in the first place and remains a rewarding choice for enthusiasts, but it's no longer the only game in town. In addition, many alternatives to this BMW offer appealing traits unavailable in a 3 Series, like an electric drive system, a wagon body style, and more value for the money.;Last year, the seventh-generation 3 Series received its midlife updates right on schedule, and a redesign is rumored to arrive for the 2026 model year. So, expect few, if any, changes to the 2024 BMW 3 Series. It continues with turbocharged four- and six-cylinder gas engines and a turbocharged plug-in hybrid powertrain, each paired with rear-wheel drive or BMW's xDrive all-wheel-drive system. The high-performance M3 remains in the lineup but is reviewed separately.;If we sound lukewarm about the 2024 3 Series, know that we still enjoy getting behind its steering wheel, firing up its engine, and seeking out fun roads to explore. But this BMW faces more capable competitors than ever, which dilutes its appeal. For additional perspective on the 3 Series check out the Edmunds testing team's full Expert Rating of the car.;BMW hasn't released official information on the 2024 3 Series as of this writing. We'll update our recommendation if anything changes, but based on last year's 3 Series, we recommend the 330e plug-in hybrid version. It doesn't cost much more than a base 330i, but it provides an estimated 22 miles of electric driving before switching to hybrid operation. Better yet, there is no penalty in terms of performance.;[Editor's note: The following unofficial information is based on last year's 3 Series. We expect the 2024 model will have a similar lineup and we'll update this section once we have complete information.] The BMW 3 Series sedan lineup includes the 330i, 330e and M340i. Each one has a slightly different mission. The 330i is the entry-level 3 Series while the 330e is a plug-in hybrid. The M340i is the sportiest and most powerful. Keep reading for our editors' curated breakdown of each trim's powertrain and standard and optional features. ;330i The base trim comes reasonably well equipped with:;Tech features include:;330e The 330e includes all the standard features of the regular 330i but adds a plug-in hybrid powertrain with a turbocharged four-cylinder gasoline engine and an electric motor (combined 288 hp, 310 lb-ft). The EPA estimates it can drive about 22 miles on a fully charged battery. M340i The M340i provides a big increase in performance thanks to its larger engine:;BMW offers a variety of options and packages for the 3 Series. Depending on the model, key choices to look out for include:; | BT18: Polished handling;Tastefully modern interior with plenty of room;Powerful and fuel-efficient engines; | BU18: Ride quality can be a little too firm at times;Most of the 3 Series' advanced driver assist features aren't standard; | BV18: No major changes expected after last year's significant updates;Part of the seventh 3 Series generation introduced for 2019; | BY18: 5 / 5;5 / 5;5 / 5; | CE18: 7.8/10 | CF18: 8.0/10 | CG18: 7.0/10 | CH18: 8.0/10 | CI18: 8.0/10 | CJ18: 8.0/10 | CK18: 8.0/10 | CL18: 7.5/10 | CM18: 8.0/10 | DK18: Europe/Germany | DL18: Compact car | DM18: G20
B19: 402004579 | C19: BMW | D19: 3 Series | E19: 2024 | F19: M340i | G19: M340i 4dr Sedan (3.0L 6cyl Turbo gas/electric mild hybrid 8A) | H19: 57600 | I19: 54070 | J19: Brooklyn Grey Metallic(159,168,168);Melbourne Red Metallic(146,15,13);Dravit Grey Metallic(96,100,101);Tanzanite Blue II Metallic(16,91,161);Portimao Blue Metallic(66,89,154);Skyscraper Grey Metallic(127,133,133);Alpine White(255,255,255);Mineral White Metallic(234,234,234);Black Sapphire Metallic(0,0,0); | K19: Cognac SensaTec, leatherette(156,116,91);Black SensaTec, leatherette(0,0,0);Black Vernasca, leather(0,0,0);Black Vernasca w/Blue Contrast Stitching, leather(0,0,0);Tacora Red SensaTec, leatherette(132,74,69);Mocha Vernasca, leather(90,86,83);Tacora Red Vernasca, leather(132,74,69);Canberra Beige SensaTec, leatherette(217,211,199);Oyster Vernasca, leather(220,216,208); | L19: Sedan | M19: 4 | N19: 5 | O19: 185.9 | P19: 71.9 | Q19: 56.4 | R19: 112.2 | U19: 5.4 | X19: 37.4 | AA19: 16.9 | AC19: 3834 | AD19: 4850 | AE19: 884 | AG19: I6 | AH19: 3 | AI19: 382 | AJ19: 5800 | AK19: 369 | AL19: 1800 | AM19: 24 | AN19: Variable | AO19: Double overhead cam (DOHC) | AP19: rear wheel drive | AQ19: 8-speed shiftable automatic | AR19: mild hybrid | AS19: premium unleaded (required) | AT19: 15.6 | AU19: 26 | AV19: 23/31 MPG | AW19: 358.8/483.6 mi. | BD19: 38.7 | BF19: 42 | BG19: 56 | BH19: 37.6 | BJ19: 35.2 | BK19: 54.6 | BL19: 4 yr./ 50000 mi. | BM19: 4 yr./ 50000 mi. | BN19: 4 yr./ unlimited mi. | BO19: 12 yr./ unlimited mi. | BQ19: https://www.edmunds.com/bmw/3-series/2024/review/ | BR19: https://media.ed.edmunds-media.com/bmw/3-series/2023/oem/2023_bmw_3-series_sedan_330i-xdrive_fq_oem_1_815.jpg;https://media.ed.edmunds-media.com/bmw/3-series/2023/oem/2023_bmw_3-series_sedan_330i-xdrive_rq_oem_2_815.jpg;https://media.ed.edmunds-media.com/bmw/3-series/2023/oem/2023_bmw_3-series_sedan_330i-xdrive_rq_oem_3_815.jpg;https://media.ed.edmunds-media.com/bmw/3-series/2023/oem/2023_bmw_3-series_sedan_330i-xdrive_rq_oem_4_815.jpg;https://media.ed.edmunds-media.com/bmw/3-series/2023/oem/2023_bmw_3-series_sedan_330i-xdrive_rq_oem_5_815.jpg; | BS19: There was a time when choosing a BMW 3 Series over its primary rivals in the compact luxury car segment was an easy decision, especially if you enjoy the act of driving. Today, the 3 Series still adheres to the qualities that made it popular in the first place and remains a rewarding choice for enthusiasts, but it's no longer the only game in town. In addition, many alternatives to this BMW offer appealing traits unavailable in a 3 Series, like an electric drive system, a wagon body style, and more value for the money.;Last year, the seventh-generation 3 Series received its midlife updates right on schedule, and a redesign is rumored to arrive for the 2026 model year. So, expect few, if any, changes to the 2024 BMW 3 Series. It continues with turbocharged four- and six-cylinder gas engines and a turbocharged plug-in hybrid powertrain, each paired with rear-wheel drive or BMW's xDrive all-wheel-drive system. The high-performance M3 remains in the lineup but is reviewed separately.;If we sound lukewarm about the 2024 3 Series, know that we still enjoy getting behind its steering wheel, firing up its engine, and seeking out fun roads to explore. But this BMW faces more capable competitors than ever, which dilutes its appeal. For additional perspective on the 3 Series check out the Edmunds testing team's full Expert Rating of the car.;BMW hasn't released official information on the 2024 3 Series as of this writing. We'll update our recommendation if anything changes, but based on last year's 3 Series, we recommend the 330e plug-in hybrid version. It doesn't cost much more than a base 330i, but it provides an estimated 22 miles of electric driving before switching to hybrid operation. Better yet, there is no penalty in terms of performance.;[Editor's note: The following unofficial information is based on last year's 3 Series. We expect the 2024 model will have a similar lineup and we'll update this section once we have complete information.] The BMW 3 Series sedan lineup includes the 330i, 330e and M340i. Each one has a slightly different mission. The 330i is the entry-level 3 Series while the 330e is a plug-in hybrid. The M340i is the sportiest and most powerful. Keep reading for our editors' curated breakdown of each trim's powertrain and standard and optional features. ;330i The base trim comes reasonably well equipped with:;Tech features include:;330e The 330e includes all the standard features of the regular 330i but adds a plug-in hybrid powertrain with a turbocharged four-cylinder gasoline engine and an electric motor (combined 288 hp, 310 lb-ft). The EPA estimates it can drive about 22 miles on a fully charged battery. M340i The M340i provides a big increase in performance thanks to its larger engine:;BMW offers a variety of options and packages for the 3 Series. Depending on the model, key choices to look out for include:; | BT19: Polished handling;Tastefully modern interior with plenty of room;Powerful and fuel-efficient engines; | BU19: Ride quality can be a little too firm at times;Most of the 3 Series' advanced driver assist features aren't standard; | BV19: No major changes expected after last year's significant updates;Part of the seventh 3 Series generation introduced for 2019; | BY19: 5 / 5;5 / 5;5 / 5; | CE19: 7.8/10 | CF19: 8.0/10 | CG19: 7.0/10 | CH19: 8.0/10 | CI19: 8.0/10 | CJ19: 8.0/10 | CK19: 8.0/10 | CL19: 7.5/10 | CM19: 8.0/10 | DK19: Europe/Germany | DL19: Compact car | DM19: G20
B20: 402004582 | C20: BMW | D20: 3 Series | E20: 2024 | F20: 330e xDrive | G20: 330e xDrive 4dr Sedan AWD (2.0L 4cyl Turbo gas/electric plug-in hybrid 8A) | H20: 47600 | I20: 44770 | J20: Brooklyn Grey Metallic(159,168,168);Jet Black(20,20,20);Melbourne Red Metallic(146,15,13);Dravit Grey Metallic(96,100,101);Tanzanite Blue II Metallic(16,91,161);Portimao Blue Metallic(66,89,154);Skyscraper Grey Metallic(127,133,133);Phytonic Blue Metallic(63,106,138);Alpine White(255,255,255);Mineral White Metallic(234,234,234);Black Sapphire Metallic(0,0,0); | K20: Cognac SensaTec, leatherette(156,116,91);Black SensaTec, leatherette(0,0,0);Black Vernasca, leather(0,0,0);Black Vernasca w/Blue Contrast Stitching, leather(0,0,0);Tacora Red SensaTec, leatherette(132,74,69);Mocha Vernasca, leather(90,86,83);Tacora Red Vernasca, leather(132,74,69);Canberra Beige SensaTec, leatherette(217,211,199);Oyster Vernasca, leather(220,216,208); | L20: Sedan | M20: 4 | N20: 5 | O20: 185.9 | P20: 71.9 | Q20: 56.9 | R20: 112.2 | U20: 5.8 | X20: 39.4 | AA20: 13.2 | AC20: 4180 | AD20: 5170 | AE20: 809 | AG20: I4 | AH20: 2 | AI20: 288 | AK20: 310 | AM20: 16 | AN20: Variable | AO20: Double overhead cam (DOHC) | AP20: all wheel drive | AQ20: 8-speed shiftable automatic | AR20: plug-in hybrid | AS20: premium unleaded (required) | AT20: 10.6 | AU20: 26 | AV20: 22/32 MPG | AW20: 233.2/339.2 mi. | AX20: 68 | AY20: 64/75 | AZ20: 20 | BD20: 38.7 | BF20: 42 | BG20: 56 | BH20: 37.6 | BJ20: 35.2 | BK20: 54.6 | BL20: 4 yr./ 50000 mi. | BM20: 4 yr./ 50000 mi. | BN20: 4 yr./ unlimited mi. | BO20: 12 yr./ unlimited mi. | BQ20: https://www.edmunds.com/bmw/3-series/2024/review/ | BR20: https://media.ed.edmunds-media.com/bmw/3-series/2023/oem/2023_bmw_3-series_sedan_330i-xdrive_fq_oem_1_815.jpg;https://media.ed.edmunds-media.com/bmw/3-series/2023/oem/2023_bmw_3-series_sedan_330i-xdrive_rq_oem_2_815.jpg;https://media.ed.edmunds-media.com/bmw/3-series/2023/oem/2023_bmw_3-series_sedan_330i-xdrive_rq_oem_3_815.jpg;https://media.ed.edmunds-media.com/bmw/3-series/2023/oem/2023_bmw_3-series_sedan_330i-xdrive_rq_oem_4_815.jpg;https://media.ed.edmunds-media.com/bmw/3-series/2023/oem/2023_bmw_3-series_sedan_330i-xdrive_rq_oem_5_815.jpg; | BS20: There was a time when choosing a BMW 3 Series over its primary rivals in the compact luxury car segment was an easy decision, especially if you enjoy the act of driving. Today, the 3 Series still adheres to the qualities that made it popular in the first place and remains a rewarding choice for enthusiasts, but it's no longer the only game in town. In addition, many alternatives to this BMW offer appealing traits unavailable in a 3 Series, like an electric drive system, a wagon body style, and more value for the money.;Last year, the seventh-generation 3 Series received its midlife updates right on schedule, and a redesign is rumored to arrive for the 2026 model year. So, expect few, if any, changes to the 2024 BMW 3 Series. It continues with turbocharged four- and six-cylinder gas engines and a turbocharged plug-in hybrid powertrain, each paired with rear-wheel drive or BMW's xDrive all-wheel-drive system. The high-performance M3 remains in the lineup but is reviewed separately.;If we sound lukewarm about the 2024 3 Series, know that we still enjoy getting behind its steering wheel, firing up its engine, and seeking out fun roads to explore. But this BMW faces more capable competitors than ever, which dilutes its appeal. For additional perspective on the 3 Series check out the Edmunds testing team's full Expert Rating of the car.;BMW hasn't released official information on the 2024 3 Series as of this writing. We'll update our recommendation if anything changes, but based on last year's 3 Series, we recommend the 330e plug-in hybrid version. It doesn't cost much more than a base 330i, but it provides an estimated 22 miles of electric driving before switching to hybrid operation. Better yet, there is no penalty in terms of performance.;[Editor's note: The following unofficial information is based on last year's 3 Series. We expect the 2024 model will have a similar lineup and we'll update this section once we have complete information.] The BMW 3 Series sedan lineup includes the 330i, 330e and M340i. Each one has a slightly different mission. The 330i is the entry-level 3 Series while the 330e is a plug-in hybrid. The M340i is the sportiest and most powerful. Keep reading for our editors' curated breakdown of each trim's powertrain and standard and optional features. ;330i The base trim comes reasonably well equipped with:;Tech features include:;330e The 330e includes all the standard features of the regular 330i but adds a plug-in hybrid powertrain with a turbocharged four-cylinder gasoline engine and an electric motor (combined 288 hp, 310 lb-ft). The EPA estimates it can drive about 22 miles on a fully charged battery. M340i The M340i provides a big increase in performance thanks to its larger engine:;BMW offers a variety of options and packages for the 3 Series. Depending on the model, key choices to look out for include:; | BT20: Polished handling;Tastefully modern interior with plenty of room;Powerful and fuel-efficient engines; | BU20: Ride quality can be a little too firm at times;Most of the 3 Series' advanced driver assist features aren't standard; | BV20: No major changes expected after last year's significant updates;Part of the seventh 3 Series generation introduced for 2019; | BY20: 5 / 5;5 / 5;5 / 5; | CE20: 7.8/10 | CF20: 8.0/10 | CG20: 7.0/10 | CH20: 8.0/10 | CI20: 8.0/10 | CJ20: 8.0/10 | CK20: 8.0/10 | CL20: 7.5/10 | CM20: 8.0/10 | DK20: Europe/Germany | DL20: Compact car | DM20: G20
B21: 402010102 | C21: BMW | D21: 3 Series | E21: 2024 | F21: M3 Competition xDrive | G21: M3 Competition xDrive 4dr Sedan AWD (3.0L 6cyl Turbo 8A) | H21: 84300 | I21: 78900 | J21: Toronto Red Metallic(201,74,60);Brooklyn Grey Metallic(176,184,186);Frozen Brilliant White Metallic(239,239,239);Tanzanite Blue II Metallic(16,91,161);Aventurin Red Metallic(133,0,16);Portimao Blue Metallic(84,109,176);Special Order Color();Dravit Grey Metallic(96,100,101);Isle of Man Green Metallic(63,122,100);Black Sapphire Metallic(0,0,0);Alpine White(255,255,255);Frozen Portimao Blue Metallic(84,109,176);Skyscraper Grey Metallic(124,130,130);Frozen Pure Grey II Metallic(151,155,154);Sao Paulo Yellow(215,217,58); | K21: Fiona Red/Black Extended Merino, premium leather(141,84,72);Tartufo Full Merino, premium leather(157,120,102);Black Extended Merino, premium leather(0,0,0);Fiona Red/Black Full Merino, premium leather(141,84,72);Kyalami Orange/Black Extended Merino, premium leather(191,125,77);Tartufo Extended Merino, premium leather(157,120,102);Ivory White Full Merino, premium leather(207,206,202);Ivory White Extended Merino, premium leather(207,206,202);Fjord Blue/Black Extended Merino, premium leather(93,101,120);Fjord Blue/Black Full Merino, premium leather(93,101,120);Silverstone/Black Extended Merino, premium leather(192,193,197);Yas Marina Blue/Black Extended Merino w/Yellow Accent, premium leather(99,125,148);Yas Marina Blue/Black Full Merino w/Yellow Accent, premium leather(99,125,148);Kyalami Orange/Black Full Merino, premium leather(191,125,77);Silverstone/Black Full Merino, premium leather(192,193,197);Black Full Merino, premium leather(0,0,0); | L21: Sedan | M21: 4 | N21: 5 | O21: 189.1 | P21: 74.3 | Q21: 56.5 | R21: 112.5 | U21: 4.8 | X21: 40 | AA21: 16.9 | AC21: 3990 | AD21: 4982 | AE21: 860 | AG21: I6 | AH21: 3 | AI21: 503 | AJ21: 6250 | AK21: 479 | AL21: 2750 | AM21: 24 | AN21: Variable | AO21: Double overhead cam (DOHC) | AP21: all wheel drive | AQ21: 8-speed automatic | AR21: gas | AS21: premium unleaded (required) | AT21: 15.6 | AU21: 18 | AV21: 16/22 MPG | AW21: 249.6/343.2 mi. | BD21: 40.6 | BF21: 41.6 | BG21: 56 | BH21: 37.8 | BJ21: 35.6 | BK21: 54.6 | BL21: 4 yr./ 50000 mi. | BM21: 4 yr./ 50000 mi. | BN21: 4 yr./ unlimited mi. | BO21: 12 yr./ unlimited mi. | BQ21: https://www.edmunds.com/bmw/m3/2024/review/ | BR21: https://media.ed.edmunds-media.com/bmw/m3/2022/oem/2022_bmw_m3_sedan_competition_fq_oem_1_815.jpg;https://media.ed.edmunds-media.com/bmw/m3/2022/oem/2022_bmw_m3_sedan_competition_fq_oem_10_175.jpg;https://media.ed.edmunds-media.com/bmw/m3/2022/oem/2022_bmw_m3_sedan_competition_fq_oem_11_175.jpg;https://media.ed.edmunds-media.com/bmw/m3/2022/oem/2022_bmw_m3_sedan_competition_fq_oem_12_175.jpg;https://media.ed.edmunds-media.com/bmw/m3/2022/oem/2022_bmw_m3_sedan_competition_fq_oem_13_175.jpg; | BS21: The BMW M3 has garnered quite a reputation in the sports car world. For almost 40 years, the M3 name has been synonymous with power and performance. The performance variant of the 3 Series consistently dominates the luxury sport sedan segment. Unlike most of its competition, the M3 leans more toward performance and less toward comfort. But it still offers plenty of luxury. An enthusiast-preferred six-speed manual transmission routes 473 horsepower to the rear wheels in the base M3. But if you want an automatic transmission, go for the 503-hp M3 Competition, which is available in rear- or all-wheel drive. For 2024, there's a new model for those looking for the most the M3 has to offer. ;The M3 CS is a new limited-production, track-focused version of the M3. It's the most powerful M3, producing 543 hp, and the lightest thanks to lightweight components that save 75 pounds. It shares many upgrades with its fellow track monster, the two-door M4 CSL, but keeps its rear seats and adds all-wheel drive for improved acceleration. A titanium muffler, upgraded brakes and lighter forged wheels with sticky high-performance tires (superior Michelin Pilot Sport Cup 2 tires are a no-cost option) are just some of the go-fast parts BMW threw at the M3 CS. The highly capable sedan also boasts an adaptive suspension, stability control and steering that's been configured for track use. ;As impressive as the M3 is, its styling and somewhat stiff ride aren't for everyone. Also, the luxury sport sedan segment is packed with many talented alternatives, including the all-new Mercedes-Benz AMG C 63 S E-Performance plug-in hybrid, the stylish and comfortable Audi RS 5 and the Italian option: the superb Alfa Romeo Giulia Quadrifoglio. The Cadillac CT4-V Blackwing is another often overlooked but similarly worthy rival. For our test team's take on the BMW M3, check out the Expert Rating below.;[Editor's note: The following unofficial information is based on last year's M3. We expect the 2024 model will have a similar lineup and we'll update this section once we have complete information.] The BMW M3 is available in four trim levels: the base M3, the M3 Competition and the M3 Competition xDrive. For 2024, the new track-specced M3 CS is also available in limited numbers. Here's our breakdown of the various powertrains and features you get with each trim:;M3 Sedan Comes loaded with:;The M3 also comes with:;A handful of options are available on the M3. Notable picks include:;Competition Standard features on the M3 Competition mirror those on the standard car. It also includes:;The Competition xDrive adds all-wheel drive. ;The M3 Competition and Competition xDrive are also available with one extra package:;The new M3 CS features:; | BV21: New limited-production, track-focused M3 CS debuts;Based on the seventh 3 Series generation introduced for 2019; | CE21: 7.9/10Edmunds Rating | CF21: Performance8.0/10 | CG21: Comfort7.5/10 | CH21: Interior8.0/10 | CI21: Technology8.0/10 | CJ21: Storage8.0/10 | CK21: Fuel Economy7.5/10 | CL21: Value7.5/10 | CM21: Wildcard8.0/10 | DK21: Europe/Germany | DL21: Compact car | DM21: G20
B22: 401977206 | C22: BMW | D22: 3 Series | E22: 2024 | F22: M3 | G22: M3 4dr Sedan (3.0L 6cyl Turbo 6M) | H22: 76000 | I22: 71180 | J22: Toronto Red Metallic(201,74,60);Brooklyn Grey Metallic(176,184,186);Frozen Brilliant White Metallic(239,239,239);Tanzanite Blue II Metallic(16,91,161);Aventurin Red Metallic(133,0,16);Portimao Blue Metallic(84,109,176);Special Order Color();Dravit Grey Metallic(96,100,101);Isle of Man Green Metallic(63,122,100);Black Sapphire Metallic(0,0,0);Alpine White(255,255,255);Frozen Portimao Blue Metallic(84,109,176);Skyscraper Grey Metallic(124,130,130);Frozen Pure Grey II Metallic(151,155,154);Sao Paulo Yellow(215,217,58); | K22: Fiona Red/Black Extended Merino, premium leather(141,84,72);Tartufo Full Merino, premium leather(157,120,102);Black Extended Merino, premium leather(0,0,0);Fiona Red/Black Full Merino, premium leather(141,84,72);Kyalami Orange/Black Extended Merino, premium leather(191,125,77);Tartufo Extended Merino, premium leather(157,120,102);Ivory White Full Merino, premium leather(207,206,202);Ivory White Extended Merino, premium leather(207,206,202);Fjord Blue/Black Extended Merino, premium leather(93,101,120);Fjord Blue/Black Full Merino, premium leather(93,101,120);Silverstone/Black Extended Merino, premium leather(192,193,197);Yas Marina Blue/Black Extended Merino w/Yellow Accent, premium leather(99,125,148);Yas Marina Blue/Black Full Merino w/Yellow Accent, premium leather(99,125,148);Kyalami Orange/Black Full Merino, premium leather(191,125,77);Silverstone/Black Full Merino, premium leather(192,193,197);Black Full Merino, premium leather(0,0,0); | L22: Sedan | M22: 4 | N22: 5 | O22: 189.1 | P22: 74.3 | Q22: 56.4 | R22: 112.5 | U22: 4.7 | X22: 40 | AA22: 16.9 | AC22: 3840 | AD22: 4870 | AE22: 860 | AG22: I6 | AH22: 3 | AI22: 473 | AJ22: 6250 | AK22: 406 | AL22: 2650 | AM22: 24 | AN22: Variable | AO22: Double overhead cam (DOHC) | AP22: rear wheel drive | AQ22: 6-speed manual | AR22: gas | AS22: premium unleaded (required) | AT22: 15.6 | AU22: 19 | AV22: 16/23 MPG | AW22: 249.6/358.8 mi. | BD22: 40.6 | BF22: 41.6 | BG22: 56 | BH22: 37.8 | BJ22: 35.6 | BK22: 54.6 | BL22: 4 yr./ 50000 mi. | BM22: 4 yr./ 50000 mi. | BN22: 4 yr./ unlimited mi. | BO22: 12 yr./ unlimited mi. | BQ22: https://www.edmunds.com/bmw/m3/2024/review/ | BR22: https://media.ed.edmunds-media.com/bmw/m3/2022/oem/2022_bmw_m3_sedan_competition_fq_oem_1_815.jpg;https://media.ed.edmunds-media.com/bmw/m3/2022/oem/2022_bmw_m3_sedan_competition_fq_oem_10_175.jpg;https://media.ed.edmunds-media.com/bmw/m3/2022/oem/2022_bmw_m3_sedan_competition_fq_oem_11_175.jpg;https://media.ed.edmunds-media.com/bmw/m3/2022/oem/2022_bmw_m3_sedan_competition_fq_oem_12_175.jpg;https://media.ed.edmunds-media.com/bmw/m3/2022/oem/2022_bmw_m3_sedan_competition_fq_oem_13_175.jpg; | BS22: The BMW M3 has garnered quite a reputation in the sports car world. For almost 40 years, the M3 name has been synonymous with power and performance. The performance variant of the 3 Series consistently dominates the luxury sport sedan segment. Unlike most of its competition, the M3 leans more toward performance and less toward comfort. But it still offers plenty of luxury. An enthusiast-preferred six-speed manual transmission routes 473 horsepower to the rear wheels in the base M3. But if you want an automatic transmission, go for the 503-hp M3 Competition, which is available in rear- or all-wheel drive. For 2024, there's a new model for those looking for the most the M3 has to offer. ;The M3 CS is a new limited-production, track-focused version of the M3. It's the most powerful M3, producing 543 hp, and the lightest thanks to lightweight components that save 75 pounds. It shares many upgrades with its fellow track monster, the two-door M4 CSL, but keeps its rear seats and adds all-wheel drive for improved acceleration. A titanium muffler, upgraded brakes and lighter forged wheels with sticky high-performance tires (superior Michelin Pilot Sport Cup 2 tires are a no-cost option) are just some of the go-fast parts BMW threw at the M3 CS. The highly capable sedan also boasts an adaptive suspension, stability control and steering that's been configured for track use. ;As impressive as the M3 is, its styling and somewhat stiff ride aren't for everyone. Also, the luxury sport sedan segment is packed with many talented alternatives, including the all-new Mercedes-Benz AMG C 63 S E-Performance plug-in hybrid, the stylish and comfortable Audi RS 5 and the Italian option: the superb Alfa Romeo Giulia Quadrifoglio. The Cadillac CT4-V Blackwing is another often overlooked but similarly worthy rival. For our test team's take on the BMW M3, check out the Expert Rating below.;[Editor's note: The following unofficial information is based on last year's M3. We expect the 2024 model will have a similar lineup and we'll update this section once we have complete information.] The BMW M3 is available in four trim levels: the base M3, the M3 Competition and the M3 Competition xDrive. For 2024, the new track-specced M3 CS is also available in limited numbers. Here's our breakdown of the various powertrains and features you get with each trim:;M3 Sedan Comes loaded with:;The M3 also comes with:;A handful of options are available on the M3. Notable picks include:;Competition Standard features on the M3 Competition mirror those on the standard car. It also includes:;The Competition xDrive adds all-wheel drive. ;The M3 Competition and Competition xDrive are also available with one extra package:;The new M3 CS features:; | BV22: New limited-production, track-focused M3 CS debuts;Based on the seventh 3 Series generation introduced for 2019; | CE22: 7.9/10Edmunds Rating | CF22: Performance8.0/10 | CG22: Comfort7.5/10 | CH22: Interior8.0/10 | CI22: Technology8.0/10 | CJ22: Storage8.0/10 | CK22: Fuel Economy7.5/10 | CL22: Value7.5/10 | CM22: Wildcard8.0/10 | DK22: Europe/Germany | DL22: Compact car | DM22: G20
B23: 402010103 | C23: BMW | D23: 3 Series | E23: 2024 | F23: M3 Competition | G23: M3 Competition 4dr Sedan (3.0L 6cyl Turbo 8A) | H23: 80200 | I23: 75085 | J23: Toronto Red Metallic(201,74,60);Brooklyn Grey Metallic(176,184,186);Frozen Brilliant White Metallic(239,239,239);Tanzanite Blue II Metallic(16,91,161);Aventurin Red Metallic(133,0,16);Portimao Blue Metallic(84,109,176);Special Order Color();Dravit Grey Metallic(96,100,101);Isle of Man Green Metallic(63,122,100);Black Sapphire Metallic(0,0,0);Alpine White(255,255,255);Frozen Portimao Blue Metallic(84,109,176);Skyscraper Grey Metallic(124,130,130);Frozen Pure Grey II Metallic(151,155,154);Sao Paulo Yellow(215,217,58); | K23: Fiona Red/Black Extended Merino, premium leather(141,84,72);Tartufo Full Merino, premium leather(157,120,102);Black Extended Merino, premium leather(0,0,0);Fiona Red/Black Full Merino, premium leather(141,84,72);Kyalami Orange/Black Extended Merino, premium leather(191,125,77);Tartufo Extended Merino, premium leather(157,120,102);Ivory White Full Merino, premium leather(207,206,202);Ivory White Extended Merino, premium leather(207,206,202);Fjord Blue/Black Extended Merino, premium leather(93,101,120);Fjord Blue/Black Full Merino, premium leather(93,101,120);Silverstone/Black Extended Merino, premium leather(192,193,197);Yas Marina Blue/Black Extended Merino w/Yellow Accent, premium leather(99,125,148);Yas Marina Blue/Black Full Merino w/Yellow Accent, premium leather(99,125,148);Kyalami Orange/Black Full Merino, premium leather(191,125,77);Silverstone/Black Full Merino, premium leather(192,193,197);Black Full Merino, premium leather(0,0,0); | L23: Sedan | M23: 4 | N23: 5 | O23: 189.1 | P23: 74.3 | Q23: 56.4 | R23: 112.5 | U23: 4.7 | X23: 40 | AA23: 16.9 | AC23: 3890 | AD23: 4870 | AE23: 860 | AG23: I6 | AH23: 3 | AI23: 503 | AJ23: 6250 | AK23: 479 | AL23: 2750 | AM23: 24 | AN23: Variable | AO23: Double overhead cam (DOHC) | AP23: rear wheel drive | AQ23: 8-speed automatic | AR23: gas | AS23: premium unleaded (required) | AT23: 15.6 | AU23: 19 | AV23: 16/23 MPG | AW23: 249.6/358.8 mi. | BD23: 40.6 | BF23: 41.6 | BG23: 56 | BH23: 37.8 | BJ23: 35.6 | BK23: 54.6 | BL23: 4 yr./ 50000 mi. | BM23: 4 yr./ 50000 mi. | BN23: 4 yr./ unlimited mi. | BO23: 12 yr./ unlimited mi. | BQ23: https://www.edmunds.com/bmw/m3/2024/review/ | BR23: https://media.ed.edmunds-media.com/bmw/m3/2022/oem/2022_bmw_m3_sedan_competition_fq_oem_1_815.jpg;https://media.ed.edmunds-media.com/bmw/m3/2022/oem/2022_bmw_m3_sedan_competition_fq_oem_10_175.jpg;https://media.ed.edmunds-media.com/bmw/m3/2022/oem/2022_bmw_m3_sedan_competition_fq_oem_11_175.jpg;https://media.ed.edmunds-media.com/bmw/m3/2022/oem/2022_bmw_m3_sedan_competition_fq_oem_12_175.jpg;https://media.ed.edmunds-media.com/bmw/m3/2022/oem/2022_bmw_m3_sedan_competition_fq_oem_13_175.jpg; | BS23: The BMW M3 has garnered quite a reputation in the sports car world. For almost 40 years, the M3 name has been synonymous with power and performance. The performance variant of the 3 Series consistently dominates the luxury sport sedan segment. Unlike most of its competition, the M3 leans more toward performance and less toward comfort. But it still offers plenty of luxury. An enthusiast-preferred six-speed manual transmission routes 473 horsepower to the rear wheels in the base M3. But if you want an automatic transmission, go for the 503-hp M3 Competition, which is available in rear- or all-wheel drive. For 2024, there's a new model for those looking for the most the M3 has to offer. ;The M3 CS is a new limited-production, track-focused version of the M3. It's the most powerful M3, producing 543 hp, and the lightest thanks to lightweight components that save 75 pounds. It shares many upgrades with its fellow track monster, the two-door M4 CSL, but keeps its rear seats and adds all-wheel drive for improved acceleration. A titanium muffler, upgraded brakes and lighter forged wheels with sticky high-performance tires (superior Michelin Pilot Sport Cup 2 tires are a no-cost option) are just some of the go-fast parts BMW threw at the M3 CS. The highly capable sedan also boasts an adaptive suspension, stability control and steering that's been configured for track use. ;As impressive as the M3 is, its styling and somewhat stiff ride aren't for everyone. Also, the luxury sport sedan segment is packed with many talented alternatives, including the all-new Mercedes-Benz AMG C 63 S E-Performance plug-in hybrid, the stylish and comfortable Audi RS 5 and the Italian option: the superb Alfa Romeo Giulia Quadrifoglio. The Cadillac CT4-V Blackwing is another often overlooked but similarly worthy rival. For our test team's take on the BMW M3, check out the Expert Rating below.;[Editor's note: The following unofficial information is based on last year's M3. We expect the 2024 model will have a similar lineup and we'll update this section once we have complete information.] The BMW M3 is available in four trim levels: the base M3, the M3 Competition and the M3 Competition xDrive. For 2024, the new track-specced M3 CS is also available in limited numbers. Here's our breakdown of the various powertrains and features you get with each trim:;M3 Sedan Comes loaded with:;The M3 also comes with:;A handful of options are available on the M3. Notable picks include:;Competition Standard features on the M3 Competition mirror those on the standard car. It also includes:;The Competition xDrive adds all-wheel drive. ;The M3 Competition and Competition xDrive are also available with one extra package:;The new M3 CS features:; | BV23: New limited-production, track-focused M3 CS debuts;Based on the seventh 3 Series generation introduced for 2019; | CE23: 7.9/10Edmunds Rating | CF23: Performance8.0/10 | CG23: Comfort7.5/10 | CH23: Interior8.0/10 | CI23: Technology8.0/10 | CJ23: Storage8.0/10 | CK23: Fuel Economy7.5/10 | CL23: Value7.5/10 | CM23: Wildcard8.0/10 | DK23: Europe/Germany | DL23: Compact car | DM23: G20
B24: 401986528 | C24: BMW | D24: 3 Series | E24: 2024 | F24: M3 CS | G24: M3 CS 4dr Sedan AWD (3.0L 6cyl Turbo 8A) | H24: 118700 | I24: 110890 | J24: Signal Green(113,203,130);Brooklyn Grey Metallic(176,184,186);Black Sapphire Metallic(0,0,0);Frozen Solid White(248,248,248); | K24: Black Full Merino, premium leather(0,0,0); | L24: Sedan | M24: 4 | N24: 5 | O24: 188.8 | P24: 75.5 | Q24: 56.6 | R24: 112.5 | U24: 4.8 | X24: 41.3 | AC24: 3915 | AD24: 4949 | AG24: I6 | AH24: 3 | AI24: 543 | AJ24: 6250 | AK24: 479 | AL24: 2750 | AM24: 24 | AN24: Variable | AO24: Double overhead cam (DOHC) | AP24: all wheel drive | AQ24: 8-speed automatic | AR24: gas | AS24: premium unleaded (required) | AT24: 15.6 | AU24: 18 | AV24: 15/22 MPG | AW24: 234.0/343.2 mi. | BD24: 40.6 | BF24: 41.6 | BG24: 56 | BH24: 37.8 | BJ24: 35.6 | BK24: 54.6 | BL24: 4 yr./ 50000 mi. | BM24: 4 yr./ 50000 mi. | BN24: 4 yr./ unlimited mi. | BO24: 12 yr./ unlimited mi. | BQ24: https://www.edmunds.com/bmw/m3-cs/2024/review/ | BR24: https://media.ed.edmunds-media.com/bmw/m3-cs/2024/oem/2024_bmw_m3-cs_sedan_base_fq_oem_1_815.jpg;https://media.ed.edmunds-media.com/bmw/m3-cs/2024/oem/2024_bmw_m3-cs_sedan_base_fq_oem_2_815.jpg;https://media.ed.edmunds-media.com/bmw/m3-cs/2024/oem/2024_bmw_m3-cs_sedan_base_fq_oem_3_815.jpg;https://media.ed.edmunds-media.com/bmw/m3-cs/2024/oem/2024_bmw_m3-cs_sedan_base_fq_oem_4_815.jpg;https://media.ed.edmunds-media.com/bmw/m3-cs/2024/oem/2024_bmw_m3-cs_sedan_base_fq_oem_5_815.jpg; | DK24: Europe/Germany | DL24: Compact car | DM24: G20
B25: 401897331 | C25: BMW | D25: 3 Series | E25: 2022 | F25: 330i | G25: 330i 4dr Sedan (2.0L 4cyl Turbo 8A) | H25: 41450 | I25: 39050 | J25: Black Sapphire Metallic(0,0,0);Phytonic Blue Metallic(77,113,156);Portimao Blue Metallic(84,109,176);Melbourne Red Metallic(146,15,13);Sunset Orange Metallic(176,56,16);Alpine White(255,255,255);Tanzanite Blue II Metallic(16,91,161);Mineral Grey Metallic(140,150,147);Oxide Grey Metallic(197,191,186);Dravit Grey Metallic(96,100,101);Aventurin Red Metallic(133,0,16);Mineral White Metallic(234,234,234);Jet Black(20,20,20); | K25: Black Vernasca, leather(0,0,0);Oyster Vernasca, leather(220,216,208);Mocha Vernasca, leather(90,86,83);Black SensaTec, leatherette(0,0,0);Canberra Beige SensaTec, leatherette(217,211,199);Black Vernasca w/Blue Contrast Stitching, leather(0,0,0);Tacora Red SensaTec, leatherette(137,79,73);Cognac SensaTec, leatherette(169,139,113);Tacora Red Vernasca, leather(137,79,73); | L25: Sedan | M25: 4 | N25: 5 | O25: 185.7 | P25: 71.9 | Q25: 56.8 | R25: 112.2 | U25: 5.7 | X25: 37.4 | AA25: 16.9 | AC25: 3560 | AG25: I4 | AH25: 2 | AI25: 255 | AJ25: 5000 | AK25: 294 | AL25: 1550 | AM25: 16 | AN25: Variable | AO25: Double overhead cam (DOHC) | AP25: rear wheel drive | AQ25: 8-speed shiftable automatic | AR25: gas | AS25: premium unleaded (required) | AT25: 15.6 | AU25: 30 | AV25: 26/36 MPG | AW25: 405.6/561.6 mi. | BD25: 38.7 | BF25: 42 | BG25: 56 | BH25: 37.6 | BJ25: 35.2 | BK25: 54.6 | BL25: 4 yr./ 50000 mi. | BM25: 4 yr./ 50000 mi. | BN25: 4 yr./ unlimited mi. | BO25: 12 yr./ unlimited mi. | BQ25: https://www.edmunds.com/bmw/3-series/2022/review/ | BR25: https://media.ed.edmunds-media.com/bmw/3-series/2021/oem/2021_bmw_3-series_sedan_330e_fq_oem_1_815.jpg;https://media.ed.edmunds-media.com/bmw/3-series/2021/oem/2021_bmw_3-series_sedan_330e_fq_oem_2_175.jpg;https://media.ed.edmunds-media.com/bmw/3-series/2021/oem/2021_bmw_3-series_sedan_330e_fq_oem_3_175.jpg;https://media.ed.edmunds-media.com/bmw/3-series/2021/oem/2021_bmw_3-series_sedan_330e_fq_oem_4_175.jpg;https://media.ed.edmunds-media.com/bmw/3-series/2021/oem/2021_bmw_3-series_sedan_330e_fq_oem_5_175.jpg; | BS25: At one point, the BMW 3 Series came in four body styles â€” coupe, convertible, sedan and station wagon. Today, the only member of this small luxury car lineup to survive is the sedan. Nearly a decade ago, BMW spun the coupe and convertible off to create the 4 Series and more recently dropped the wagon due to consumer apathy. Today, the 2022 BMW 3 Series comes in turbocharged 330i, 330e plug-in hybrid, M-tuned M340i and high-performance M3 specification. We review the M3 separately.;While still among the best cars in its class, the 3 Series isn't the class benchmark it once was. Rivals including the Mercedes-Benz C-Class, Lexus IS and Volvo S60 are equally good at providing authentic luxury and the latest technology while also emphasizing driving enjoyment and performance. Check out our Expert Rating on the 3 Series to get our test team's evaluation of its performance, comfort and more. ;The 2022 BMW 3 Series sedan lineup includes the 330i, 330e and M340i. Each has rear-wheel drive, but BMW's xDrive all-wheel-drive system is optional.;Feature highlights for the 3 Series include:;330i Comes reasonably well equipped with:;Tech features include:; ;330e The 330e is similar to the regular 330i but has:;M340i BMW gives the M340i a big increase in performance with:;BMW offers a variety of options and packages for the 3 Series. Depending on the model, key choices to look out for include:; | BT25: Polished handling;Tastefully modern interior with plenty of room;Powerful and fuel-efficient engines; | BU25: Infotainment system can be complicated to use;Most of the 3 Series' advanced driver assist features aren't standard; | BV25: M340i adds a 48-volt mild hybrid system;Digital instrument panel is standard for all models;Minor equipment, option and package changes;Part of the seventh 3 Series generation introduced for 2019; | BY25: 5 / 5;5 / 5;5 / 5; | CE25: 7.6/10 | CF25: 8.0/10 | CG25: 7.0/10 | CH25: 7.5/10 | CI25: 7.0/10 | CJ25: 8.0/10 | CK25: 8.0/10 | CL25: 7.5/10 | CM25: 8.0/10 | DK25: Europe/Germany | DL25: Compact car | DM25: G20
B26: 401906573 | C26: BMW | D26: 3 Series | E26: 2022 | F26: M340i xDrive | G26: M340i xDrive 4dr Sedan AWD (3.0L 6cyl Turbo gas/electric mild hybrid 8A) | H26: 56700 | I26: 53230 | J26: Black Sapphire Metallic(0,0,0);Portimao Blue Metallic(84,109,176);Sunset Orange Metallic(176,56,16);Alpine White(255,255,255);Tanzanite Blue II Metallic(16,91,161);Mineral Grey Metallic(140,150,147);Oxide Grey Metallic(197,191,186);Dravit Grey Metallic(96,100,101);Aventurin Red Metallic(133,0,16);Mineral White Metallic(234,234,234); | K26: Black Vernasca, leather(0,0,0);Oyster Vernasca, leather(220,216,208);Mocha Vernasca, leather(90,86,83);Black SensaTec, leatherette(0,0,0);Canberra Beige SensaTec, leatherette(217,211,199);Black Vernasca w/Blue Contrast Stitching, leather(0,0,0);Tacora Red SensaTec, leatherette(137,79,73);Cognac SensaTec, leatherette(169,139,113);Tacora Red Vernasca, leather(137,79,73); | L26: Sedan | M26: 4 | N26: 5 | O26: 185.7 | P26: 71.9 | Q26: 56.7 | R26: 112.2 | U26: 5.4 | X26: 39.2 | AA26: 16.9 | AC26: 3979 | AG26: I6 | AH26: 3 | AI26: 382 | AJ26: 5800 | AK26: 368 | AL26: 1800 | AM26: 24 | AN26: Variable | AO26: Double overhead cam (DOHC) | AP26: all wheel drive | AQ26: 8-speed shiftable automatic | AR26: mild hybrid | AS26: premium unleaded (required) | AT26: 15.6 | AU26: 26 | AV26: 23/32 MPG | AW26: 358.8/499.2 mi. | BD26: 38.7 | BF26: 42 | BG26: 56 | BH26: 37.6 | BJ26: 35.2 | BK26: 54.6 | BL26: 4 yr./ 50000 mi. | BM26: 4 yr./ 50000 mi. | BN26: 4 yr./ unlimited mi. | BO26: 12 yr./ unlimited mi. | BQ26: https://www.edmunds.com/bmw/3-series/2022/review/ | BR26: https://media.ed.edmunds-media.com/bmw/3-series/2021/oem/2021_bmw_3-series_sedan_330e_fq_oem_1_815.jpg;https://media.ed.edmunds-media.com/bmw/3-series/2021/oem/2021_bmw_3-series_sedan_330e_fq_oem_2_175.jpg;https://media.ed.edmunds-media.com/bmw/3-series/2021/oem/2021_bmw_3-series_sedan_330e_fq_oem_3_175.jpg;https://media.ed.edmunds-media.com/bmw/3-series/2021/oem/2021_bmw_3-series_sedan_330e_fq_oem_4_175.jpg;https://media.ed.edmunds-media.com/bmw/3-series/2021/oem/2021_bmw_3-series_sedan_330e_fq_oem_5_175.jpg; | BS26: At one point, the BMW 3 Series came in four body styles â€” coupe, convertible, sedan and station wagon. Today, the only member of this small luxury car lineup to survive is the sedan. Nearly a decade ago, BMW spun the coupe and convertible off to create the 4 Series and more recently dropped the wagon due to consumer apathy. Today, the 2022 BMW 3 Series comes in turbocharged 330i, 330e plug-in hybrid, M-tuned M340i and high-performance M3 specification. We review the M3 separately.;While still among the best cars in its class, the 3 Series isn't the class benchmark it once was. Rivals including the Mercedes-Benz C-Class, Lexus IS and Volvo S60 are equally good at providing authentic luxury and the latest technology while also emphasizing driving enjoyment and performance. Check out our Expert Rating on the 3 Series to get our test team's evaluation of its performance, comfort and more. ;The 2022 BMW 3 Series sedan lineup includes the 330i, 330e and M340i. Each has rear-wheel drive, but BMW's xDrive all-wheel-drive system is optional.;Feature highlights for the 3 Series include:;330i Comes reasonably well equipped with:;Tech features include:; ;330e The 330e is similar to the regular 330i but has:;M340i BMW gives the M340i a big increase in performance with:;BMW offers a variety of options and packages for the 3 Series. Depending on the model, key choices to look out for include:; | BT26: Polished handling;Tastefully modern interior with plenty of room;Powerful and fuel-efficient engines; | BU26: Infotainment system can be complicated to use;Most of the 3 Series' advanced driver assist features aren't standard; | BV26: M340i adds a 48-volt mild hybrid system;Digital instrument panel is standard for all models;Minor equipment, option and package changes;Part of the seventh 3 Series generation introduced for 2019; | BY26: 5 / 5;5 / 5;5 / 5; | CE26: 7.6/10 | CF26: 8.0/10 | CG26: 7.0/10 | CH26: 7.5/10 | CI26: 7.0/10 | CJ26: 8.0/10 | CK26: 8.0/10 | CL26: 7.5/10 | CM26: 8.0/10 | DK26: Europe/Germany | DL26: Compact car | DM26: G20
B27: 401906574 | C27: BMW | D27: 3 Series | E27: 2022 | F27: 330i xDrive | G27: 330i xDrive 4dr Sedan AWD (2.0L 4cyl Turbo 8A) | H27: 43450 | I27: 40910 | J27: Black Sapphire Metallic(0,0,0);Phytonic Blue Metallic(77,113,156);Portimao Blue Metallic(84,109,176);Melbourne Red Metallic(146,15,13);Sunset Orange Metallic(176,56,16);Alpine White(255,255,255);Tanzanite Blue II Metallic(16,91,161);Mineral Grey Metallic(140,150,147);Oxide Grey Metallic(197,191,186);Dravit Grey Metallic(96,100,101);Aventurin Red Metallic(133,0,16);Mineral White Metallic(234,234,234);Jet Black(20,20,20); | K27: Black Vernasca, leather(0,0,0);Oyster Vernasca, leather(220,216,208);Mocha Vernasca, leather(90,86,83);Black SensaTec, leatherette(0,0,0);Canberra Beige SensaTec, leatherette(217,211,199);Black Vernasca w/Blue Contrast Stitching, leather(0,0,0);Tacora Red SensaTec, leatherette(137,79,73);Cognac SensaTec, leatherette(169,139,113);Tacora Red Vernasca, leather(137,79,73); | L27: Sedan | M27: 4 | N27: 5 | O27: 185.7 | P27: 71.9 | Q27: 57 | R27: 112.2 | U27: 5.4 | X27: 39.2 | AA27: 16.9 | AC27: 3686 | AG27: I4 | AH27: 2 | AI27: 255 | AJ27: 5000 | AK27: 294 | AL27: 1550 | AM27: 16 | AN27: Variable | AO27: Double overhead cam (DOHC) | AP27: all wheel drive | AQ27: 8-speed shiftable automatic | AR27: gas | AS27: premium unleaded (required) | AT27: 15.6 | AU27: 28 | AV27: 25/34 MPG | AW27: 390.0/530.4 mi. | BD27: 38.7 | BF27: 42 | BG27: 56 | BH27: 37.6 | BJ27: 35.2 | BK27: 54.6 | BL27: 4 yr./ 50000 mi. | BM27: 4 yr./ 50000 mi. | BN27: 4 yr./ unlimited mi. | BO27: 12 yr./ unlimited mi. | BQ27: https://www.edmunds.com/bmw/3-series/2022/review/ | BR27: https://media.ed.edmunds-media.com/bmw/3-series/2021/oem/2021_bmw_3-series_sedan_330e_fq_oem_1_815.jpg;https://media.ed.edmunds-media.com/bmw/3-series/2021/oem/2021_bmw_3-series_sedan_330e_fq_oem_2_175.jpg;https://media.ed.edmunds-media.com/bmw/3-series/2021/oem/2021_bmw_3-series_sedan_330e_fq_oem_3_175.jpg;https://media.ed.edmunds-media.com/bmw/3-series/2021/oem/2021_bmw_3-series_sedan_330e_fq_oem_4_175.jpg;https://media.ed.edmunds-media.com/bmw/3-series/2021/oem/2021_bmw_3-series_sedan_330e_fq_oem_5_175.jpg; | BS27: At one point, the BMW 3 Series came in four body styles â€” coupe, convertible, sedan and station wagon. Today, the only member of this small luxury car lineup to survive is the sedan. Nearly a decade ago, BMW spun the coupe and convertible off to create the 4 Series and more recently dropped the wagon due to consumer apathy. Today, the 2022 BMW 3 Series comes in turbocharged 330i, 330e plug-in hybrid, M-tuned M340i and high-performance M3 specification. We review the M3 separately.;While still among the best cars in its class, the 3 Series isn't the class benchmark it once was. Rivals including the Mercedes-Benz C-Class, Lexus IS and Volvo S60 are equally good at providing authentic luxury and the latest technology while also emphasizing driving enjoyment and performance. Check out our Expert Rating on the 3 Series to get our test team's evaluation of its performance, comfort and more. ;The 2022 BMW 3 Series sedan lineup includes the 330i, 330e and M340i. Each has rear-wheel drive, but BMW's xDrive all-wheel-drive system is optional.;Feature highlights for the 3 Series include:;330i Comes reasonably well equipped with:;Tech features include:; ;330e The 330e is similar to the regular 330i but has:;M340i BMW gives the M340i a big increase in performance with:;BMW offers a variety of options and packages for the 3 Series. Depending on the model, key choices to look out for include:; | BT27: Polished handling;Tastefully modern interior with plenty of room;Powerful and fuel-efficient engines; | BU27: Infotainment system can be complicated to use;Most of the 3 Series' advanced driver assist features aren't standard; | BV27: M340i adds a 48-volt mild hybrid system;Digital instrument panel is standard for all models;Minor equipment, option and package changes;Part of the seventh 3 Series generation introduced for 2019; | BY27: 5 / 5;5 / 5;5 / 5; | CE27: 7.6/10 | CF27: 8.0/10 | CG27: 7.0/10 | CH27: 7.5/10 | CI27: 7.0/10 | CJ27: 8.0/10 | CK27: 8.0/10 | CL27: 7.5/10 | CM27: 8.0/10 | DK27: Europe/Germany | DL27: Compact car | DM27: G20
B28: 401906575 | C28: BMW | D28: 3 Series | E28: 2022 | F28: 330e xDrive | G28: 330e xDrive 4dr Sedan AWD (2.0L 4cyl Turbo gas/electric plug-in hybrid 8A) | H28: 44950 | I28: 42305 | J28: Black Sapphire Metallic(0,0,0);Phytonic Blue Metallic(77,113,156);Portimao Blue Metallic(84,109,176);Melbourne Red Metallic(146,15,13);Sunset Orange Metallic(176,56,16);Alpine White(255,255,255);Mineral Grey Metallic(140,150,147);Mineral White Metallic(234,234,234);Jet Black(20,20,20); | K28: Black Vernasca, leather(0,0,0);Oyster Vernasca, leather(220,216,208);Mocha Vernasca, leather(90,86,83);Black SensaTec, leatherette(0,0,0);Canberra Beige SensaTec, leatherette(217,211,199);Black Vernasca w/Blue Contrast Stitching, leather(0,0,0);Tacora Red SensaTec, leatherette(137,79,73);Cognac SensaTec, leatherette(169,139,113);Tacora Red Vernasca, leather(137,79,73); | L28: Sedan | M28: 4 | N28: 5 | O28: 185.7 | P28: 71.9 | Q28: 56.9 | R28: 112.2 | U28: 5.8 | X28: 39.4 | AA28: 13.2 | AC28: 4138 | AD28: 5225 | AE28: 891 | AG28: I4 | AH28: 2 | AI28: 288 | AK28: 310 | AM28: 16 | AN28: Variable | AO28: Double overhead cam (DOHC) | AP28: all wheel drive | AQ28: 8-speed shiftable automatic | AR28: plug-in hybrid | AS28: premium unleaded (required) | AT28: 10.6 | AU28: 25 | AV28: 22/30 MPG | AW28: 233.2/318.0 mi. | AX28: 67 | AY28: 64/71 | AZ28: 20 | BA28: 51 | BB28: 3 | BD28: 38.7 | BF28: 42 | BG28: 56 | BH28: 37.6 | BJ28: 35.2 | BK28: 54.6 | BL28: 4 yr./ 50000 mi. | BM28: 4 yr./ 50000 mi. | BN28: 4 yr./ unlimited mi. | BO28: 12 yr./ unlimited mi. | BQ28: https://www.edmunds.com/bmw/3-series/2022/review/ | BR28: https://media.ed.edmunds-media.com/bmw/3-series/2021/oem/2021_bmw_3-series_sedan_330e_fq_oem_1_815.jpg;https://media.ed.edmunds-media.com/bmw/3-series/2021/oem/2021_bmw_3-series_sedan_330e_fq_oem_2_175.jpg;https://media.ed.edmunds-media.com/bmw/3-series/2021/oem/2021_bmw_3-series_sedan_330e_fq_oem_3_175.jpg;https://media.ed.edmunds-media.com/bmw/3-series/2021/oem/2021_bmw_3-series_sedan_330e_fq_oem_4_175.jpg;https://media.ed.edmunds-media.com/bmw/3-series/2021/oem/2021_bmw_3-series_sedan_330e_fq_oem_5_175.jpg; | BS28: At one point, the BMW 3 Series came in four body styles â€” coupe, convertible, sedan and station wagon. Today, the only member of this small luxury car lineup to survive is the sedan. Nearly a decade ago, BMW spun the coupe and convertible off to create the 4 Series and more recently dropped the wagon due to consumer apathy. Today, the 2022 BMW 3 Series comes in turbocharged 330i, 330e plug-in hybrid, M-tuned M340i and high-performance M3 specification. We review the M3 separately.;While still among the best cars in its class, the 3 Series isn't the class benchmark it once was. Rivals including the Mercedes-Benz C-Class, Lexus IS and Volvo S60 are equally good at providing authentic luxury and the latest technology while also emphasizing driving enjoyment and performance. Check out our Expert Rating on the 3 Series to get our test team's evaluation of its performance, comfort and more. ;The 2022 BMW 3 Series sedan lineup includes the 330i, 330e and M340i. Each has rear-wheel drive, but BMW's xDrive all-wheel-drive system is optional.;Feature highlights for the 3 Series include:;330i Comes reasonably well equipped with:;Tech features include:; ;330e The 330e is similar to the regular 330i but has:;M340i BMW gives the M340i a big increase in performance with:;BMW offers a variety of options and packages for the 3 Series. Depending on the model, key choices to look out for include:; | BT28: Polished handling;Tastefully modern interior with plenty of room;Powerful and fuel-efficient engines; | BU28: Infotainment system can be complicated to use;Most of the 3 Series' advanced driver assist features aren't standard; | BV28: M340i adds a 48-volt mild hybrid system;Digital instrument panel is standard for all models;Minor equipment, option and package changes;Part of the seventh 3 Series generation introduced for 2019; | BY28: 5 / 5;5 / 5;5 / 5; | CE28: 7.6/10 | CF28: 8.0/10 | CG28: 7.0/10 | CH28: 7.5/10 | CI28: 7.0/10 | CJ28: 8.0/10 | CK28: 8.0/10 | CL28: 7.5/10 | CM28: 8.0/10 | DK28: Europe/Germany | DL28: Compact car | DM28: G20
B29: 401906576 | C29: BMW | D29: 3 Series | E29: 2022 | F29: M340i | G29: M340i 4dr Sedan (3.0L 6cyl Turbo gas/electric mild hybrid 8A) | H29: 54700 | I29: 51370 | J29: Black Sapphire Metallic(0,0,0);Portimao Blue Metallic(84,109,176);Sunset Orange Metallic(176,56,16);Alpine White(255,255,255);Tanzanite Blue II Metallic(16,91,161);Mineral Grey Metallic(140,150,147);Oxide Grey Metallic(197,191,186);Dravit Grey Metallic(96,100,101);Aventurin Red Metallic(133,0,16);Mineral White Metallic(234,234,234); | K29: Black Vernasca, leather(0,0,0);Oyster Vernasca, leather(220,216,208);Mocha Vernasca, leather(90,86,83);Black SensaTec, leatherette(0,0,0);Canberra Beige SensaTec, leatherette(217,211,199);Black Vernasca w/Blue Contrast Stitching, leather(0,0,0);Tacora Red SensaTec, leatherette(137,79,73);Cognac SensaTec, leatherette(169,139,113);Tacora Red Vernasca, leather(137,79,73); | L29: Sedan | M29: 4 | N29: 5 | O29: 185.7 | P29: 71.9 | Q29: 56.4 | R29: 112.2 | U29: 5.4 | X29: 37.4 | AA29: 16.9 | AC29: 3876 | AG29: I6 | AH29: 3 | AI29: 382 | AJ29: 5800 | AK29: 368 | AL29: 1800 | AM29: 24 | AN29: Variable | AO29: Double overhead cam (DOHC) | AP29: rear wheel drive | AQ29: 8-speed shiftable automatic | AR29: mild hybrid | AS29: premium unleaded (required) | AT29: 15.6 | AU29: 26 | AV29: 23/32 MPG | AW29: 358.8/499.2 mi. | BD29: 38.7 | BF29: 42 | BG29: 56 | BH29: 37.6 | BJ29: 35.2 | BK29: 54.6 | BL29: 4 yr./ 50000 mi. | BM29: 4 yr./ 50000 mi. | BN29: 4 yr./ unlimited mi. | BO29: 12 yr./ unlimited mi. | BQ29: https://www.edmunds.com/bmw/3-series/2022/review/ | BR29: https://media.ed.edmunds-media.com/bmw/3-series/2021/oem/2021_bmw_3-series_sedan_330e_fq_oem_1_815.jpg;https://media.ed.edmunds-media.com/bmw/3-series/2021/oem/2021_bmw_3-series_sedan_330e_fq_oem_2_175.jpg;https://media.ed.edmunds-media.com/bmw/3-series/2021/oem/2021_bmw_3-series_sedan_330e_fq_oem_3_175.jpg;https://media.ed.edmunds-media.com/bmw/3-series/2021/oem/2021_bmw_3-series_sedan_330e_fq_oem_4_175.jpg;https://media.ed.edmunds-media.com/bmw/3-series/2021/oem/2021_bmw_3-series_sedan_330e_fq_oem_5_175.jpg; | BS29: At one point, the BMW 3 Series came in four body styles â€” coupe, convertible, sedan and station wagon. Today, the only member of this small luxury car lineup to survive is the sedan. Nearly a decade ago, BMW spun the coupe and convertible off to create the 4 Series and more recently dropped the wagon due to consumer apathy. Today, the 2022 BMW 3 Series comes in turbocharged 330i, 330e plug-in hybrid, M-tuned M340i and high-performance M3 specification. We review the M3 separately.;While still among the best cars in its class, the 3 Series isn't the class benchmark it once was. Rivals including the Mercedes-Benz C-Class, Lexus IS and Volvo S60 are equally good at providing authentic luxury and the latest technology while also emphasizing driving enjoyment and performance. Check out our Expert Rating on the 3 Series to get our test team's evaluation of its performance, comfort and more. ;The 2022 BMW 3 Series sedan lineup includes the 330i, 330e and M340i. Each has rear-wheel drive, but BMW's xDrive all-wheel-drive system is optional.;Feature highlights for the 3 Series include:;330i Comes reasonably well equipped with:;Tech features include:; ;330e The 330e is similar to the regular 330i but has:;M340i BMW gives the M340i a big increase in performance with:;BMW offers a variety of options and packages for the 3 Series. Depending on the model, key choices to look out for include:; | BT29: Polished handling;Tastefully modern interior with plenty of room;Powerful and fuel-efficient engines; | BU29: Infotainment system can be complicated to use;Most of the 3 Series' advanced driver assist features aren't standard; | BV29: M340i adds a 48-volt mild hybrid system;Digital instrument panel is standard for all models;Minor equipment, option and package changes;Part of the seventh 3 Series generation introduced for 2019; | BY29: 5 / 5;5 / 5;5 / 5; | CE29: 7.6/10 | CF29: 8.0/10 | CG29: 7.0/10 | CH29: 7.5/10 | CI29: 7.0/10 | CJ29: 8.0/10 | CK29: 8.0/10 | CL29: 7.5/10 | CM29: 8.0/10 | DK29: Europe/Germany | DL29: Compact car | DM29: G20
B30: 401906577 | C30: BMW | D30: 3 Series | E30: 2022 | F30: 330e | G30: 330e 4dr Sedan (2.0L 4cyl Turbo gas/electric plug-in hybrid 8A) | H30: 42950 | I30: 40445 | J30: Black Sapphire Metallic(0,0,0);Phytonic Blue Metallic(77,113,156);Portimao Blue Metallic(84,109,176);Melbourne Red Metallic(146,15,13);Sunset Orange Metallic(176,56,16);Alpine White(255,255,255);Mineral Grey Metallic(140,150,147);Mineral White Metallic(234,234,234);Jet Black(20,20,20); | K30: Black Vernasca, leather(0,0,0);Oyster Vernasca, leather(220,216,208);Mocha Vernasca, leather(90,86,83);Black SensaTec, leatherette(0,0,0);Canberra Beige SensaTec, leatherette(217,211,199);Black Vernasca w/Blue Contrast Stitching, leather(0,0,0);Tacora Red SensaTec, leatherette(137,79,73);Cognac SensaTec, leatherette(169,139,113);Tacora Red Vernasca, leather(137,79,73); | L30: Sedan | M30: 4 | N30: 5 | O30: 185.7 | P30: 71.9 | Q30: 56.9 | R30: 112.2 | U30: 5.8 | X30: 37.2 | AA30: 13.2 | AC30: 4039 | AD30: 5126 | AE30: 891 | AG30: I4 | AH30: 2 | AI30: 288 | AK30: 310 | AM30: 16 | AN30: Variable | AO30: Double overhead cam (DOHC) | AP30: rear wheel drive | AQ30: 8-speed shiftable automatic | AR30: plug-in hybrid | AS30: premium unleaded (required) | AT30: 10.6 | AU30: 28 | AV30: 25/33 MPG | AW30: 265.0/349.8 mi. | AX30: 75 | AY30: 72/80 | AZ30: 23 | BA30: 45 | BB30: 3 | BD30: 38.7 | BF30: 42 | BG30: 56 | BH30: 37.6 | BJ30: 35.2 | BK30: 54.6 | BL30: 4 yr./ 50000 mi. | BM30: 4 yr./ 50000 mi. | BN30: 4 yr./ unlimited mi. | BO30: 12 yr./ unlimited mi. | BQ30: https://www.edmunds.com/bmw/3-series/2022/review/ | BR30: https://media.ed.edmunds-media.com/bmw/3-series/2021/oem/2021_bmw_3-series_sedan_330e_fq_oem_1_815.jpg;https://media.ed.edmunds-media.com/bmw/3-series/2021/oem/2021_bmw_3-series_sedan_330e_fq_oem_2_175.jpg;https://media.ed.edmunds-media.com/bmw/3-series/2021/oem/2021_bmw_3-series_sedan_330e_fq_oem_3_175.jpg;https://media.ed.edmunds-media.com/bmw/3-series/2021/oem/2021_bmw_3-series_sedan_330e_fq_oem_4_175.jpg;https://media.ed.edmunds-media.com/bmw/3-series/2021/oem/2021_bmw_3-series_sedan_330e_fq_oem_5_175.jpg; | BS30: At one point, the BMW 3 Series came in four body styles â€” coupe, convertible, sedan and station wagon. Today, the only member of this small luxury car lineup to survive is the sedan. Nearly a decade ago, BMW spun the coupe and convertible off to create the 4 Series and more recently dropped the wagon due to consumer apathy. Today, the 2022 BMW 3 Series comes in turbocharged 330i, 330e plug-in hybrid, M-tuned M340i and high-performance M3 specification. We review the M3 separately.;While still among the best cars in its class, the 3 Series isn't the class benchmark it once was. Rivals including the Mercedes-Benz C-Class, Lexus IS and Volvo S60 are equally good at providing authentic luxury and the latest technology while also emphasizing driving enjoyment and performance. Check out our Expert Rating on the 3 Series to get our test team's evaluation of its performance, comfort and more. ;The 2022 BMW 3 Series sedan lineup includes the 330i, 330e and M340i. Each has rear-wheel drive, but BMW's xDrive all-wheel-drive system is optional.;Feature highlights for the 3 Series include:;330i Comes reasonably well equipped with:;Tech features include:; ;330e The 330e is similar to the regular 330i but has:;M340i BMW gives the M340i a big increase in performance with:;BMW offers a variety of options and packages for the 3 Series. Depending on the model, key choices to look out for include:; | BT30: Polished handling;Tastefully modern interior with plenty of room;Powerful and fuel-efficient engines; | BU30: Infotainment system can be complicated to use;Most of the 3 Series' advanced driver assist features aren't standard; | BV30: M340i adds a 48-volt mild hybrid system;Digital instrument panel is standard for all models;Minor equipment, option and package changes;Part of the seventh 3 Series generation introduced for 2019; | BY30: 5 / 5;5 / 5;5 / 5; | CE30: 7.6/10 | CF30: 8.0/10 | CG30: 7.0/10 | CH30: 7.5/10 | CI30: 7.0/10 | CJ30: 8.0/10 | CK30: 8.0/10 | CL30: 7.5/10 | CM30: 8.0/10 | DK30: Europe/Germany | DL30: Compact car | DM30: G20
B31: 401890929 | C31: BMW | D31: 3 Series | E31: 2022 | F31: M3 | G31: M3 4dr Sedan (3.0L 6cyl Turbo 6M) | H31: 70100 | I31: 65695 | J31: Isle of Man Green Metallic(63,122,100);Toronto Red Metallic(201,74,60);Sao Paulo Yellow(215,217,58);Oxide Grey Metallic(187,182,176);Frozen Portimao Blue Metallic(84,109,176);Alpine White(255,255,255);Black Sapphire Metallic(0,0,0);(Ind) Dravit Grey Metallic(96,100,101);Frozen Brilliant White Metallic(239,239,239);Brooklyn Grey Metallic(176,184,186);Aventurin Red Metallic(133,0,16);Tanzanite Blue II Metallic(16,91,161);Skyscraper Grey Metallic(124,130,130);Portimao Blue Metallic(84,109,176); | K31: Kyalami Orange/Black Full Merino, premium leather(191,125,77);Fjord Blue/Black Full Merino, premium leather(93,101,120);Black Extended Merino, premium leather(0,0,0);Ivory White Full Merino, premium leather(207,206,202);Tartufo Full Merino, premium leather(157,120,102);Fiona Red/Black Full Merino, premium leather(141,84,72);Fjord Blue/Black Extended Merino, premium leather(93,101,120);Ivory White Extended Merino, premium leather(207,206,202);Silverstone/Black Full Merino, premium leather(192,193,197);Yas Marina Blue/Black Extended Merino w/Yellow Accent, premium leather(99,125,148);Kyalami Orange/Black Extended Merino, premium leather(191,125,77);Black Full Merino, premium leather(0,0,0);Yas Marina Blue/Black Full Merino w/Yellow Accent, premium leather(99,125,148);Tartufo Extended Merino, premium leather(157,120,102);Silverstone/Black Extended Merino, premium leather(192,193,197);Fiona Red/Black Extended Merino, premium leather(141,84,72); | L31: Sedan | M31: 4 | N31: 5 | O31: 189.1 | P31: 74.3 | Q31: 56.4 | R31: 112.5 | U31: 4.7 | X31: 40 | AA31: 13 | AC31: 3840 | AD31: 4870 | AE31: 860 | AG31: I6 | AH31: 3 | AI31: 473 | AJ31: 6250 | AK31: 406 | AL31: 2650 | AM31: 24 | AN31: Variable | AO31: Double overhead cam (DOHC) | AP31: rear wheel drive | AQ31: 6-speed manual | AR31: gas | AS31: premium unleaded (required) | AT31: 15.6 | AU31: 19 | AV31: 16/23 MPG | AW31: 249.6/358.8 mi. | BD31: 39.1 | BF31: 41.6 | BG31: 56 | BH31: 37.7 | BJ31: 35.6 | BK31: 54.6 | BL31: 4 yr./ 50000 mi. | BM31: 4 yr./ 50000 mi. | BN31: 4 yr./ unlimited mi. | BO31: 12 yr./ unlimited mi. | BQ31: https://www.edmunds.com/bmw/m3/2022/review/ | BR31: https://media.ed.edmunds-media.com/bmw/m3/2022/oem/2022_bmw_m3_sedan_competition_fq_oem_1_815.jpg;https://media.ed.edmunds-media.com/bmw/m3/2022/oem/2022_bmw_m3_sedan_competition_rq_oem_10_175.jpg;https://media.ed.edmunds-media.com/bmw/m3/2022/oem/2022_bmw_m3_sedan_competition_rq_oem_2_175.jpg;https://media.ed.edmunds-media.com/bmw/m3/2022/oem/2022_bmw_m3_sedan_competition_rq_oem_3_175.jpg;https://media.ed.edmunds-media.com/bmw/m3/2022/oem/2022_bmw_m3_sedan_competition_rq_oem_4_175.jpg; | BS31: BMW's latest vertical grille styling really puts the "don't judge a book by its cover" adage to the test, but it also reinforces that notion if you can get past the front end on the 2022 BMW M3, climb in, and give it a go. BMW's storied M3 still delivers the kind of power, handling and overall performance that makes it deserving of the M badge and also provides all the latest technology in a convenient and luxurious sedan.;New for 2022 is the addition of BMW's xDrive all-wheel-drive system, marking the very first time AWD is offered in the M3's three-decade-plus history. It's only available in the top Competition model, and only with an eight-speed automatic, but it promises to quicken acceleration while giving drivers an added advantage when cornering. Even better, if you feel the need to lay down some big smoky drifts, you can switch to a rear-drive-only mode intended for track use only (wink wink).;The xDrive addition, along with a redesign last year, keeps the 2022 BMW M3 at the top of an elite list of high-performance luxury sedans. Rivals include the Mercedes-Benz AMG C 63, Audi RS5 Sportback, Alfa Romeo Giulia Quadrifoglio and Cadillac CT4-V Blackwing. We're confident you'll agree the M3 is the best, but it can't hurt to test-drive all of them for, you know, "research.";The 2022 BMW M3 is available in three trim levels: the base M3, the M3 Competition and the M3 Competition xDrive. All three use a twin-turbocharged 3.0-liter inline six-cylinder. It produces 473 horsepower and 406 lb-ft of torque in the standard model and 503 hp and 479 lb-ft of torque in the M3 Competition and Competition xDrive. Rear-wheel-drive is standard, and all-wheel drive (xDrive) is a new feature for the Competition model only. A six-speed manual transmission is standard in the base M3 sedan. An eight-speed automatic is optional on the base model and the only available transmission on the Competition or Competition xDrive. Feature highlights include:;M3 Coupe Comes loaded with:;The M3 also comes with:;A handful of options are available on the M3. Notable picks include:;Competition Standard features on the M3 Competition mirror those on the standard car. Besides a bump in power, the M3 Competition includes:;Competition xDrive;Additionally, the M3 Competition is available with one extra package:; | BT31: Explosive acceleration;Athletic handling, with lots of available driver-set adjustments;Respectably sized back seat and trunk; | BU31: Mediocre steering feel saps some fun from the driving experience;Excessive wind noise;Front-end styling is hard to love; | BV31: All-wheel drive is available for the M3 Competition model;Based on the seventh 3 Series generation introduced for 2019; | CE31: 7.9/10 | CF31: 8.0/10 | CG31: 7.5/10 | CH31: 8.0/10 | CI31: 8.0/10 | CJ31: 8.0/10 | CK31: 7.5/10 | CL31: 7.5/10 | CM31: 8.0/10 | DK31: Europe/Germany | DL31: Compact car | DM31: G20
B32: 401911605 | C32: BMW | D32: 3 Series | E32: 2022 | F32: M3 Competition | G32: M3 Competition 4dr Sedan (3.0L 6cyl Turbo 8A) | H32: 73000 | I32: 68390 | J32: Isle of Man Green Metallic(63,122,100);Toronto Red Metallic(201,74,60);Sao Paulo Yellow(215,217,58);Oxide Grey Metallic(187,182,176);Frozen Portimao Blue Metallic(84,109,176);Alpine White(255,255,255);Black Sapphire Metallic(0,0,0);(Ind) Dravit Grey Metallic(96,100,101);Frozen Brilliant White Metallic(239,239,239);Brooklyn Grey Metallic(176,184,186);Aventurin Red Metallic(133,0,16);Tanzanite Blue II Metallic(16,91,161);Skyscraper Grey Metallic(124,130,130);Portimao Blue Metallic(84,109,176); | K32: Kyalami Orange/Black Full Merino, premium leather(191,125,77);Fjord Blue/Black Full Merino, premium leather(93,101,120);Black Extended Merino, premium leather(0,0,0);Ivory White Full Merino, premium leather(207,206,202);Tartufo Full Merino, premium leather(157,120,102);Fiona Red/Black Full Merino, premium leather(141,84,72);Fjord Blue/Black Extended Merino, premium leather(93,101,120);Ivory White Extended Merino, premium leather(207,206,202);Silverstone/Black Full Merino, premium leather(192,193,197);Yas Marina Blue/Black Extended Merino w/Yellow Accent, premium leather(99,125,148);Kyalami Orange/Black Extended Merino, premium leather(191,125,77);Black Full Merino, premium leather(0,0,0);Yas Marina Blue/Black Full Merino w/Yellow Accent, premium leather(99,125,148);Tartufo Extended Merino, premium leather(157,120,102);Silverstone/Black Extended Merino, premium leather(192,193,197);Fiona Red/Black Extended Merino, premium leather(141,84,72); | L32: Sedan | M32: 4 | N32: 5 | O32: 189.1 | P32: 74.3 | Q32: 56.4 | R32: 112.5 | U32: 4.7 | X32: 40 | AA32: 13 | AC32: 3890 | AD32: 4870 | AE32: 860 | AG32: I6 | AH32: 3 | AI32: 503 | AJ32: 6250 | AK32: 479 | AL32: 2750 | AM32: 24 | AN32: Variable | AO32: Double overhead cam (DOHC) | AP32: rear wheel drive | AQ32: 8-speed automatic | AR32: gas | AS32: premium unleaded (required) | AT32: 15.6 | AU32: 19 | AV32: 16/23 MPG | AW32: 249.6/358.8 mi. | BD32: 39.1 | BF32: 41.6 | BG32: 56 | BH32: 37.7 | BJ32: 35.6 | BK32: 54.6 | BL32: 4 yr./ 50000 mi. | BM32: 4 yr./ 50000 mi. | BN32: 4 yr./ unlimited mi. | BO32: 12 yr./ unlimited mi. | BQ32: https://www.edmunds.com/bmw/m3/2022/review/ | BR32: https://media.ed.edmunds-media.com/bmw/m3/2022/oem/2022_bmw_m3_sedan_competition_fq_oem_1_815.jpg;https://media.ed.edmunds-media.com/bmw/m3/2022/oem/2022_bmw_m3_sedan_competition_rq_oem_10_175.jpg;https://media.ed.edmunds-media.com/bmw/m3/2022/oem/2022_bmw_m3_sedan_competition_rq_oem_2_175.jpg;https://media.ed.edmunds-media.com/bmw/m3/2022/oem/2022_bmw_m3_sedan_competition_rq_oem_3_175.jpg;https://media.ed.edmunds-media.com/bmw/m3/2022/oem/2022_bmw_m3_sedan_competition_rq_oem_4_175.jpg; | BS32: BMW's latest vertical grille styling really puts the "don't judge a book by its cover" adage to the test, but it also reinforces that notion if you can get past the front end on the 2022 BMW M3, climb in, and give it a go. BMW's storied M3 still delivers the kind of power, handling and overall performance that makes it deserving of the M badge and also provides all the latest technology in a convenient and luxurious sedan.;New for 2022 is the addition of BMW's xDrive all-wheel-drive system, marking the very first time AWD is offered in the M3's three-decade-plus history. It's only available in the top Competition model, and only with an eight-speed automatic, but it promises to quicken acceleration while giving drivers an added advantage when cornering. Even better, if you feel the need to lay down some big smoky drifts, you can switch to a rear-drive-only mode intended for track use only (wink wink).;The xDrive addition, along with a redesign last year, keeps the 2022 BMW M3 at the top of an elite list of high-performance luxury sedans. Rivals include the Mercedes-Benz AMG C 63, Audi RS5 Sportback, Alfa Romeo Giulia Quadrifoglio and Cadillac CT4-V Blackwing. We're confident you'll agree the M3 is the best, but it can't hurt to test-drive all of them for, you know, "research.";The 2022 BMW M3 is available in three trim levels: the base M3, the M3 Competition and the M3 Competition xDrive. All three use a twin-turbocharged 3.0-liter inline six-cylinder. It produces 473 horsepower and 406 lb-ft of torque in the standard model and 503 hp and 479 lb-ft of torque in the M3 Competition and Competition xDrive. Rear-wheel-drive is standard, and all-wheel drive (xDrive) is a new feature for the Competition model only. A six-speed manual transmission is standard in the base M3 sedan. An eight-speed automatic is optional on the base model and the only available transmission on the Competition or Competition xDrive. Feature highlights include:;M3 Coupe Comes loaded with:;The M3 also comes with:;A handful of options are available on the M3. Notable picks include:;Competition Standard features on the M3 Competition mirror those on the standard car. Besides a bump in power, the M3 Competition includes:;Competition xDrive;Additionally, the M3 Competition is available with one extra package:; | BT32: Explosive acceleration;Athletic handling, with lots of available driver-set adjustments;Respectably sized back seat and trunk; | BU32: Mediocre steering feel saps some fun from the driving experience;Excessive wind noise;Front-end styling is hard to love; | BV32: All-wheel drive is available for the M3 Competition model;Based on the seventh 3 Series generation introduced for 2019; | CE32: 7.9/10 | CF32: 8.0/10 | CG32: 7.5/10 | CH32: 8.0/10 | CI32: 8.0/10 | CJ32: 8.0/10 | CK32: 7.5/10 | CL32: 7.5/10 | CM32: 8.0/10 | DK32: Europe/Germany | DL32: Compact car | DM32: G20
B33: 401911604 | C33: BMW | D33: 3 Series | E33: 2022 | F33: M3 Competition xDrive | G33: M3 Competition xDrive 4dr Sedan AWD (3.0L 6cyl Turbo 8A) | H33: 77100 | I33: 72205 | J33: Isle of Man Green Metallic(63,122,100);Toronto Red Metallic(201,74,60);Sao Paulo Yellow(215,217,58);Oxide Grey Metallic(187,182,176);Frozen Portimao Blue Metallic(84,109,176);Alpine White(255,255,255);Black Sapphire Metallic(0,0,0);(Ind) Dravit Grey Metallic(96,100,101);Frozen Brilliant White Metallic(239,239,239);Brooklyn Grey Metallic(176,184,186);Aventurin Red Metallic(133,0,16);Tanzanite Blue II Metallic(16,91,161);Skyscraper Grey Metallic(124,130,130);Portimao Blue Metallic(84,109,176); | K33: Kyalami Orange/Black Full Merino, premium leather(191,125,77);Fjord Blue/Black Full Merino, premium leather(93,101,120);Black Extended Merino, premium leather(0,0,0);Ivory White Full Merino, premium leather(207,206,202);Tartufo Full Merino, premium leather(157,120,102);Fiona Red/Black Full Merino, premium leather(141,84,72);Fjord Blue/Black Extended Merino, premium leather(93,101,120);Ivory White Extended Merino, premium leather(207,206,202);Silverstone/Black Full Merino, premium leather(192,193,197);Yas Marina Blue/Black Extended Merino w/Yellow Accent, premium leather(99,125,148);Kyalami Orange/Black Extended Merino, premium leather(191,125,77);Black Full Merino, premium leather(0,0,0);Yas Marina Blue/Black Full Merino w/Yellow Accent, premium leather(99,125,148);Tartufo Extended Merino, premium leather(157,120,102);Silverstone/Black Extended Merino, premium leather(192,193,197);Fiona Red/Black Extended Merino, premium leather(141,84,72); | L33: Sedan | M33: 4 | N33: 5 | O33: 189.1 | P33: 74.3 | Q33: 56.5 | R33: 112.5 | U33: 4.8 | X33: 40 | AA33: 13 | AC33: 3990 | AD33: 4982 | AE33: 860 | AG33: I6 | AH33: 3 | AI33: 503 | AJ33: 6250 | AK33: 479 | AL33: 2750 | AM33: 24 | AN33: Variable | AO33: Double overhead cam (DOHC) | AP33: all wheel drive | AQ33: 8-speed automatic | AR33: gas | AS33: premium unleaded (required) | AT33: 15.6 | AU33: 18 | AV33: 16/22 MPG | AW33: 249.6/343.2 mi. | BD33: 39.1 | BF33: 41.6 | BG33: 56 | BH33: 37.7 | BJ33: 35.6 | BK33: 54.6 | BL33: 4 yr./ 50000 mi. | BM33: 4 yr./ 50000 mi. | BN33: 4 yr./ unlimited mi. | BO33: 12 yr./ unlimited mi. | BQ33: https://www.edmunds.com/bmw/m3/2022/review/ | BR33: https://media.ed.edmunds-media.com/bmw/m3/2022/oem/2022_bmw_m3_sedan_competition_fq_oem_1_815.jpg;https://media.ed.edmunds-media.com/bmw/m3/2022/oem/2022_bmw_m3_sedan_competition_rq_oem_10_175.jpg;https://media.ed.edmunds-media.com/bmw/m3/2022/oem/2022_bmw_m3_sedan_competition_rq_oem_2_175.jpg;https://media.ed.edmunds-media.com/bmw/m3/2022/oem/2022_bmw_m3_sedan_competition_rq_oem_3_175.jpg;https://media.ed.edmunds-media.com/bmw/m3/2022/oem/2022_bmw_m3_sedan_competition_rq_oem_4_175.jpg; | BS33: BMW's latest vertical grille styling really puts the "don't judge a book by its cover" adage to the test, but it also reinforces that notion if you can get past the front end on the 2022 BMW M3, climb in, and give it a go. BMW's storied M3 still delivers the kind of power, handling and overall performance that makes it deserving of the M badge and also provides all the latest technology in a convenient and luxurious sedan.;New for 2022 is the addition of BMW's xDrive all-wheel-drive system, marking the very first time AWD is offered in the M3's three-decade-plus history. It's only available in the top Competition model, and only with an eight-speed automatic, but it promises to quicken acceleration while giving drivers an added advantage when cornering. Even better, if you feel the need to lay down some big smoky drifts, you can switch to a rear-drive-only mode intended for track use only (wink wink).;The xDrive addition, along with a redesign last year, keeps the 2022 BMW M3 at the top of an elite list of high-performance luxury sedans. Rivals include the Mercedes-Benz AMG C 63, Audi RS5 Sportback, Alfa Romeo Giulia Quadrifoglio and Cadillac CT4-V Blackwing. We're confident you'll agree the M3 is the best, but it can't hurt to test-drive all of them for, you know, "research.";The 2022 BMW M3 is available in three trim levels: the base M3, the M3 Competition and the M3 Competition xDrive. All three use a twin-turbocharged 3.0-liter inline six-cylinder. It produces 473 horsepower and 406 lb-ft of torque in the standard model and 503 hp and 479 lb-ft of torque in the M3 Competition and Competition xDrive. Rear-wheel-drive is standard, and all-wheel drive (xDrive) is a new feature for the Competition model only. A six-speed manual transmission is standard in the base M3 sedan. An eight-speed automatic is optional on the base model and the only available transmission on the Competition or Competition xDrive. Feature highlights include:;M3 Coupe Comes loaded with:;The M3 also comes with:;A handful of options are available on the M3. Notable picks include:;Competition Standard features on the M3 Competition mirror those on the standard car. Besides a bump in power, the M3 Competition includes:;Competition xDrive;Additionally, the M3 Competition is available with one extra package:; | BT33: Explosive acceleration;Athletic handling, with lots of available driver-set adjustments;Respectably sized back seat and trunk; | BU33: Mediocre steering feel saps some fun from the driving experience;Excessive wind noise;Front-end styling is hard to love; | BV33: All-wheel drive is available for the M3 Competition model;Based on the seventh 3 Series generation introduced for 2019; | CE33: 7.9/10 | CF33: 8.0/10 | CG33: 7.5/10 | CH33: 8.0/10 | CI33: 8.0/10 | CJ33: 8.0/10 | CK33: 7.5/10 | CL33: 7.5/10 | CM33: 8.0/10 | DK33: Europe/Germany | DL33: Compact car | DM33: G20
B34: 401828691 | C34: BMW | D34: 3 Series | E34: 2020 | F34: 330i | G34: 330i 4dr Sedan (2.0L 4cyl Turbo 8A) | H34: 40750 | I34: 38400 | J34: Glacier Silver Metallic(200,200,200);Melbourne Red Metallic(146,15,13);Jet Black(20,20,20);Blue Ridge Mountain Metallic(114,134,134);Mediterranean Blue Metallic(33,57,85);Sunset Orange Metallic(176,56,16);Mineral Grey Metallic(140,150,147);Black Sapphire Metallic(0,0,0);Portimao Blue Metallic(84,109,176);Vermont Bronze Metallic(174,140,108);Alpine White(255,255,255);Mineral White Metallic(234,234,234); | K34: Mocha Vernasca w/Contrast Stitching and Piping, leather(90,86,83);Canberra Beige SensaTec, leatherette(217,211,199);Black Vernasca w/Blue Contrast Stitching and Piping, leather(0,0,0);Black Vernasca w/Contrast Stitching and Piping, leather(0,0,0);Cognac Vernasca w/Contrast Stitching and Piping, leather(156,116,91);Canberra Beige/Black Vernasca w/Contrast Stitching and Piping, leather(217,211,199);Black Vernasca w/Black Contrast Stitching, leather(0,0,0);Oyster Vernasca w/Contrast Stitching, leather(220,216,208);Black SensaTec, leatherette(0,0,0); | L34: Sedan | M34: 4 | N34: 5 | O34: 185.7 | P34: 71.9 | Q34: 56.8 | R34: 112.2 | U34: 5.7 | X34: 37.4 | AA34: 16.9 | AC34: 3589 | AD34: 4576 | AE34: 825 | AG34: I4 | AH34: 2 | AI34: 255 | AJ34: 5000 | AK34: 295 | AL34: 1550 | AM34: 16 | AN34: Variable | AO34: Double overhead cam (DOHC) | AP34: rear wheel drive | AQ34: 8-speed shiftable automatic | AR34: gas | AS34: premium unleaded (recommended) | AT34: 15.6 | AU34: 30 | AV34: 26/36 MPG | AW34: 405.6/561.6 mi. | BD34: 38.7 | BF34: 42 | BG34: 56 | BH34: 37.6 | BJ34: 35.2 | BK34: 54.6 | BL34: 4 yr./ 50000 mi. | BM34: 4 yr./ 50000 mi. | BN34: 4 yr./ unlimited mi. | BO34: 12 yr./ unlimited mi. | BP34: https://www.edmunds.com/gateway/api/vehicle/v4/styles/401828691/features-specs | BQ34: https://www.edmunds.com/bmw/3-series/2020/review/ | BR34: https://media.ed.edmunds-media.com/bmw/m340i/2020/fd/2020_bmw_m340i_f34_fd_1114181_815.jpg;https://media.ed.edmunds-media.com/bmw/3-series/2020/evox/2020_bmw_3-series_sedan_m340i_pr_evox_1_175.jpg;https://media.ed.edmunds-media.com/bmw/3-series/2020/oem/2020_bmw_3-series_sedan_330i_fq_oem_2_175.jpg;https://media.ed.edmunds-media.com/bmw/3-series/2020/oem/2020_bmw_3-series_sedan_330i_fq_oem_3_175.jpg;https://media.ed.edmunds-media.com/bmw/3-series/2020/oem/2020_bmw_3-series_sedan_330i_fq_oem_4_175.jpg; | BS34: Fresh off a redesign last year, the BMW 3 Series continues to provide one of the best combinations of comfort, performance and prestige you'll find among small luxury sport sedans. This new seventh-generation model is 3 inches longer and 1.5 inches wider than before, but it remains as agile and steady in the fast curves as ever. ;Keys to its charms are a larger, stiffer chassis, and retuned suspension and steering, which tighten up the 3 Series' already considerable handling performance. A turbocharged four-cylinder engine, carried over from the previous model, gains slightly more horsepower and increased low-end torque. And for 2020, a six-cylinder engine option returns in the form of the new M340i. ;It's no ordinary six-cylinder either. The M340i pumps out a stout 382 hp and 369 lb-ft of torque, which was M3 territory just a few years ago. We assume the forthcoming redesigned M3 will add another 100 hp to that total, but for now the M340i serves as an appealing substitute. The only downside is that you can't get a manual transmission anymore.;Even with its power and athleticism, the 3 Series is still a sensible sedan. The new model maintains the 3 Series' hallmarks of interior comfort and quality. You'll find sporty and form-fitting seats, impressive touchscreen displays and infotainment, and finer details such as ambient cabin lighting and oak, maple and aluminum accents. A large trunk, combined with 40/20/40-split folding rear seats and a hands-free opening trunklid, also offers excellent utility, ;If there's any complaint about the 3 Series, it may be that its competence overwhelms exhilaration. Its Audi A4/S4 rival feels more modern with a tech-oriented flair, and its primary Mercedes competitor leans more into luxury than performance. Newer competitors, such as the Alfa Romeo Giulia and the Genesis G70, offer drivers something a little different, including the increasingly rare manual transmission. ;The 2020 BMW 3 Series is a five-passenger compact luxury sport sedan available in two trim levels: the 330i and M340i. ;The 330i comes standard with a turbocharged 2.0-liter four-cylinder engine (255 horsepower, 295 lb-ft of torque), an eight-speed automatic transmission and rear-wheel drive. All-wheel drive (known as xDrive) is optional. ;Standard features include 18-inch wheels, automatic wipers, a sunroof, simulated leather upholstery, tri-zone automatic climate control, an auto-dimming rearview mirror, power-adjustable front seats, an 8.8-inch touchscreen display, a navigation system, Apple CarPlay, Bluetooth, two USB inputs and a 10-speaker audio system.;Forward collision warning with automatic emergency braking, lane departure warning and BMW Assist emergency communications are among the driver assistance features that come standard. ;More power is available with the M340i, which comes standard with a six-cylinder engine (382 hp, 369 lb-ft), an eight-speed automatic transmission and rear-wheel drive. All-wheel drive is optional. ;Standard features for the M340i are similar to the 330i's but also include sport-tuned brakes and suspension, a 10.25-inch touchscreen display, and a digital gauge cluster display (called Live Cockpit Professional).&nbsp; BMW's Connected Package Professional, which combines remote and concierge services with real-time traffic information, is also included. ;Both trim levels offer several stand-alone options and a handful of option packages, the most notable being the Premium and Executive packages. The Premium package adds heated front seats, a heated steering wheel and a head-up display. The Executive package adds upgraded adaptive LED headlights, surround and bird's-eye parking camera views, parking sensors, an automated self-parking system, and gesture control functions for the infotainment system. ;Additional safety can be had by way of the Driving Assistance and Driving Assistance Professional packages. The former adds blind-spot monitoring and rear cross-traffic alert to the standard set of driver aids, while the latter equips adaptive cruise control, lane keeping assist, active front cross-traffic alert, and Traffic Jam Assist, a semi-automated steering system. For enhanced performance, BMW offers a package that bundles high-performance tires and improved engine cooling.;Some of the above features are available as stand-alone options. Other individual items include 19-inch wheels, an adaptive suspension, leather upholstery, hands-free trunk opening, ambient cabin lighting, wireless device charging, a Wi-Fi hotspot, and a premium Harman Kardon audio system.; | BT34: Balances sharp handling with a ride quality that won't beat you up;Strong and efficient four- and six-cylinder engines;Interior is upscale and spacious, with logical, easy-to-use controls; | BU34: New iDrive system is more convoluted to use than before;Unrefined operation of some driver assist features;No longer offers a manual transmission; | BV34: Six-cylinder engine returns with new M340i model;Part of the seventh 3 Series generation introduced for 2019; | BX34: $24,790 - $46,991 | CE34: 7.6/10 | CF34: 8.0/10 | CG34: 7.0/10 | CH34: 7.5/10 | CI34: 7.0/10 | CJ34: 8.0/10 | CK34: 8.0/10 | CL34: 7.5/10 | CM34: 8.0/10 | CN34: 330i - Sedan | CO34: (2.0L 4-cyl. Turbo 8-speed Automatic) | CP34: https://media.ed.edmunds-media.com/bmw/3-series/2020/oem/2020_bmw_3-series_sedan_330i_fq_oem_1_500.jpg; | CQ34: Four-wheel independent suspension;Front and rear stabilizer bar; | CR34: 14 -way power driver seat; 14 -way power passenger seat; 2 -way manual driver seat adjustments; 2 -way manual passenger seat adjustment; Height adjustable driver seat; Height adjustable passenger seat; Leatherette ; Sport front seats; | CS34: Folding with pass-thru center armrest; Rear ventilation ducts with fan control ;Split-folding rear seatback; | CT34: 4 one-touch power windows; Remote keyless power door locks ;Heated mirrors; | CU34: Clock ; Compass ; External temperature display ; Tachometer ; Trip computer ; | CV34: Cruise control ; Electric power steering ; Front and rear cupholders; Front and rear door pockets; Front seatback storage ; Keyless ignition ; Rear view camera ; Tilt and telescopic steering wheel; Universal remote transmitter (for garage door, security system, etc.);Transmission, cruise and audio controls on steering wheel; | CW34: Electrochromatic inside rearview mirror; Interior air filtration ; Leather steering wheel; Turn signal in mirrors ;Dual illuminating vanity mirrors;Three zone climate control; | CX34: Memorized settings 2 ;Memorized settings for 2 drivers;Memorized settings includes audio system ;Memorized settings includes climate control ; | CY34: 10 total speakers; 2 subwoofer(s); 205 watts stereo output; USB connection ; USB with external media control ;AM/FM stereo; | CZ34: One-touch power sunroof ; Power glass sunroof; Rear defogger ;Variable intermittent rain sensing wipers; | DC34: Painted alloy wheels;18 x 7.5 in. wheels;225/45R18 tires;Run flat tires; | DE34: Cargo tie downs ; | DF34: 2 front headrests; 3 rear headrests; LED headlamp; Auto delay off headlamps; Brake drying ; Child seat anchors ; Daytime running lights ; Dual front side-mounted airbags; Dusk sensing headlamps; Emergency braking preparation ; Engine immobilizer ; Front and rear head airbags; Lane departure warning accident avoidance system; Post-collision safety system ; Pre-collision safety system ; Remote anti-theft alarm system ; Stability control ; Tire pressure monitoring ; Traction control ;4-wheel ABS;Emergency braking assist ;Front and rear ventilated disc brakes;Passenger airbag occupant sensing deactivation ;Rear center 3-point belt ;Rear door child safety locks ;Rear height adjustable headrests ;Turn signal mirrors; | DG34: _x000D_ M Sport Package_x000D_ ;_x000D_ Convenience Package_x000D_ ;_x000D_ Track Handling Package_x000D_ ;_x000D_ Parking Assistance Package_x000D_ ;_x000D_ Premium Package_x000D_ ;_x000D_ Driving Assistance Professional Package_x000D_ ;_x000D_ Executive Package_x000D_ ;_x000D_ Luxury Package_x000D_ ;_x000D_ Driving Assistance Package_x000D_ ; | DH34: _x000D_ 19" M Double-Spoke Bi-Color Orbit Grey Wheels w/All-Season Run-Flat Tires_x000D_ ;_x000D_ Space-Saver Spare_x000D_ ;_x000D_ Power Tailgate_x000D_ ;_x000D_ 19" M Double-Spoke Bi-Color Jet Black Wheels w/All-Season Run-Flat Tires_x000D_ ;_x000D_ 19" M Double-Spoke Bi-Color Jet Black Wheels w/Performance Run-Flat Tires_x000D_ ;_x000D_ 19" M Double-Spoke Jet Black Wheels w/All-Season Run-Flat Tires_x000D_ ;_x000D_ Park Distance Control_x000D_ ;_x000D_ 18" V-Spoke Bi-Color Orbit Grey Wheels w/All-Season Non Run-Flat Tires_x000D_ ;_x000D_ 19" M Double-Spoke Jet Black Wheels w/Performance Run-Flat Tires_x000D_ ;_x000D_ 19" M Double-Spoke Jet Black Wheels w/High Performance Non Run-Flat Tires_x000D_ ; | DI34: _x000D_ SensaTec Dashboard_x000D_ ;_x000D_ Ambient Lighting_x000D_ ;_x000D_ Heated Front Seats_x000D_ ;_x000D_ Heated Steering Wheel_x000D_ ;_x000D_ Wireless Charging_x000D_ ;_x000D_ Harman Kardon Surround Sound System_x000D_ ;_x000D_ Live Cockpit Pro_x000D_ ;_x000D_ WiFi Hotspot_x000D_ ;_x000D_ Front and Rear Heated Seats_x000D_ ; | DJ34: _x000D_ Remote Engine Start_x000D_ ;_x000D_ Adaptive M Suspension_x000D_ ; | DK34: Europe/Germany | DL34: Compact car | DM34: G20
B35: 401828692 | C35: BMW | D35: 3 Series | E35: 2020 | F35: 330i xDrive | G35: 330i xDrive 4dr Sedan AWD (2.0L 4cyl Turbo 8A) | H35: 42750 | I35: 40260 | J35: Glacier Silver Metallic(200,200,200);Melbourne Red Metallic(146,15,13);Jet Black(20,20,20);Blue Ridge Mountain Metallic(114,134,134);Mediterranean Blue Metallic(33,57,85);Sunset Orange Metallic(176,56,16);Mineral Grey Metallic(140,150,147);Black Sapphire Metallic(0,0,0);Portimao Blue Metallic(84,109,176);Vermont Bronze Metallic(174,140,108);Alpine White(255,255,255);Mineral White Metallic(234,234,234); | K35: Mocha Vernasca w/Contrast Stitching and Piping, leather(90,86,83);Canberra Beige SensaTec, leatherette(217,211,199);Black Vernasca w/Blue Contrast Stitching and Piping, leather(0,0,0);Black Vernasca w/Contrast Stitching and Piping, leather(0,0,0);Cognac Vernasca w/Contrast Stitching and Piping, leather(156,116,91);Canberra Beige/Black Vernasca w/Contrast Stitching and Piping, leather(217,211,199);Black Vernasca w/Black Contrast Stitching, leather(0,0,0);Oyster Vernasca w/Contrast Stitching, leather(220,216,208);Black SensaTec, leatherette(0,0,0); | L35: Sedan | M35: 4 | N35: 5 | O35: 185.7 | P35: 71.9 | Q35: 56.8 | R35: 112.2 | U35: 5.4 | X35: 39.2 | AA35: 16.9 | AC35: 3772 | AD35: 4763 | AE35: 825 | AG35: I4 | AH35: 2 | AI35: 255 | AJ35: 5000 | AK35: 295 | AL35: 1550 | AM35: 16 | AN35: Variable | AO35: Double overhead cam (DOHC) | AP35: all wheel drive | AQ35: 8-speed shiftable automatic | AR35: gas | AS35: premium unleaded (recommended) | AT35: 15.6 | AU35: 28 | AV35: 25/34 MPG | AW35: 390.0/530.4 mi. | BD35: 38.7 | BF35: 42 | BG35: 56 | BH35: 37.6 | BJ35: 35.2 | BK35: 54.6 | BL35: 4 yr./ 50000 mi. | BM35: 4 yr./ 50000 mi. | BN35: 4 yr./ unlimited mi. | BO35: 12 yr./ unlimited mi. | BP35: https://www.edmunds.com/gateway/api/vehicle/v4/styles/401828692/features-specs | BQ35: https://www.edmunds.com/bmw/3-series/2020/review/ | BR35: https://media.ed.edmunds-media.com/bmw/m340i/2020/fd/2020_bmw_m340i_f34_fd_1114181_815.jpg;https://media.ed.edmunds-media.com/bmw/3-series/2020/evox/2020_bmw_3-series_sedan_m340i_pr_evox_1_175.jpg;https://media.ed.edmunds-media.com/bmw/3-series/2020/oem/2020_bmw_3-series_sedan_330i_fq_oem_2_175.jpg;https://media.ed.edmunds-media.com/bmw/3-series/2020/oem/2020_bmw_3-series_sedan_330i_fq_oem_3_175.jpg;https://media.ed.edmunds-media.com/bmw/3-series/2020/oem/2020_bmw_3-series_sedan_330i_fq_oem_4_175.jpg; | BS35: Fresh off a redesign last year, the BMW 3 Series continues to provide one of the best combinations of comfort, performance and prestige you'll find among small luxury sport sedans. This new seventh-generation model is 3 inches longer and 1.5 inches wider than before, but it remains as agile and steady in the fast curves as ever. ;Keys to its charms are a larger, stiffer chassis, and retuned suspension and steering, which tighten up the 3 Series' already considerable handling performance. A turbocharged four-cylinder engine, carried over from the previous model, gains slightly more horsepower and increased low-end torque. And for 2020, a six-cylinder engine option returns in the form of the new M340i. ;It's no ordinary six-cylinder either. The M340i pumps out a stout 382 hp and 369 lb-ft of torque, which was M3 territory just a few years ago. We assume the forthcoming redesigned M3 will add another 100 hp to that total, but for now the M340i serves as an appealing substitute. The only downside is that you can't get a manual transmission anymore.;Even with its power and athleticism, the 3 Series is still a sensible sedan. The new model maintains the 3 Series' hallmarks of interior comfort and quality. You'll find sporty and form-fitting seats, impressive touchscreen displays and infotainment, and finer details such as ambient cabin lighting and oak, maple and aluminum accents. A large trunk, combined with 40/20/40-split folding rear seats and a hands-free opening trunklid, also offers excellent utility, ;If there's any complaint about the 3 Series, it may be that its competence overwhelms exhilaration. Its Audi A4/S4 rival feels more modern with a tech-oriented flair, and its primary Mercedes competitor leans more into luxury than performance. Newer competitors, such as the Alfa Romeo Giulia and the Genesis G70, offer drivers something a little different, including the increasingly rare manual transmission. ;The 2020 BMW 3 Series is a five-passenger compact luxury sport sedan available in two trim levels: the 330i and M340i. ;The 330i comes standard with a turbocharged 2.0-liter four-cylinder engine (255 horsepower, 295 lb-ft of torque), an eight-speed automatic transmission and rear-wheel drive. All-wheel drive (known as xDrive) is optional. ;Standard features include 18-inch wheels, automatic wipers, a sunroof, simulated leather upholstery, tri-zone automatic climate control, an auto-dimming rearview mirror, power-adjustable front seats, an 8.8-inch touchscreen display, a navigation system, Apple CarPlay, Bluetooth, two USB inputs and a 10-speaker audio system.;Forward collision warning with automatic emergency braking, lane departure warning and BMW Assist emergency communications are among the driver assistance features that come standard. ;More power is available with the M340i, which comes standard with a six-cylinder engine (382 hp, 369 lb-ft), an eight-speed automatic transmission and rear-wheel drive. All-wheel drive is optional. ;Standard features for the M340i are similar to the 330i's but also include sport-tuned brakes and suspension, a 10.25-inch touchscreen display, and a digital gauge cluster display (called Live Cockpit Professional).&nbsp; BMW's Connected Package Professional, which combines remote and concierge services with real-time traffic information, is also included. ;Both trim levels offer several stand-alone options and a handful of option packages, the most notable being the Premium and Executive packages. The Premium package adds heated front seats, a heated steering wheel and a head-up display. The Executive package adds upgraded adaptive LED headlights, surround and bird's-eye parking camera views, parking sensors, an automated self-parking system, and gesture control functions for the infotainment system. ;Additional safety can be had by way of the Driving Assistance and Driving Assistance Professional packages. The former adds blind-spot monitoring and rear cross-traffic alert to the standard set of driver aids, while the latter equips adaptive cruise control, lane keeping assist, active front cross-traffic alert, and Traffic Jam Assist, a semi-automated steering system. For enhanced performance, BMW offers a package that bundles high-performance tires and improved engine cooling.;Some of the above features are available as stand-alone options. Other individual items include 19-inch wheels, an adaptive suspension, leather upholstery, hands-free trunk opening, ambient cabin lighting, wireless device charging, a Wi-Fi hotspot, and a premium Harman Kardon audio system.; | BT35: Balances sharp handling with a ride quality that won't beat you up;Strong and efficient four- and six-cylinder engines;Interior is upscale and spacious, with logical, easy-to-use controls; | BU35: New iDrive system is more convoluted to use than before;Unrefined operation of some driver assist features;No longer offers a manual transmission; | BV35: Six-cylinder engine returns with new M340i model;Part of the seventh 3 Series generation introduced for 2019; | BX35: $24,790 - $46,991 | CE35: 7.6/10 | CF35: 8.0/10 | CG35: 7.0/10 | CH35: 7.5/10 | CI35: 7.0/10 | CJ35: 8.0/10 | CK35: 8.0/10 | CL35: 7.5/10 | CM35: 8.0/10 | CN35: 330i xDrive - Sedan | CO35: (2.0L 4-cyl. Turbo AWD 8-speed Automatic) | CP35: https://media.ed.edmunds-media.com/bmw/3-series/2020/oem/2020_bmw_3-series_sedan_330i_fq_oem_1_500.jpg; | CQ35: Four-wheel independent suspension;Front and rear stabilizer bar; | CR35: 14 -way power driver seat; 14 -way power passenger seat; 2 -way manual driver seat adjustments; 2 -way manual passenger seat adjustment; Height adjustable driver seat; Height adjustable passenger seat; Leatherette ; Sport front seats; | CS35: Folding with pass-thru center armrest; Rear ventilation ducts with fan control ;Split-folding rear seatback; | CT35: 4 one-touch power windows; Remote keyless power door locks ;Heated mirrors; | CU35: Clock ; Compass ; External temperature display ; Tachometer ; Trip computer ; | CV35: Cruise control ; Electric power steering ; Front and rear cupholders; Front and rear door pockets; Front seatback storage ; Keyless ignition ; Rear view camera ; Tilt and telescopic steering wheel; Universal remote transmitter (for garage door, security system, etc.);Transmission, cruise and audio controls on steering wheel; | CW35: Electrochromatic inside rearview mirror; Interior air filtration ; Leather steering wheel; Turn signal in mirrors ;Dual illuminating vanity mirrors;Three zone climate control; | CX35: Memorized settings 2 ;Memorized settings for 2 drivers;Memorized settings includes audio system ;Memorized settings includes climate control ; | CY35: 10 total speakers; 2 subwoofer(s); 205 watts stereo output; USB connection ; USB with external media control ;AM/FM stereo; | CZ35: One-touch power sunroof ; Power glass sunroof; Rear defogger ;Variable intermittent rain sensing wipers; | DC35: Painted alloy wheels;18 x 7.5 in. wheels;225/45R18 tires;Run flat tires; | DE35: Cargo tie downs ; | DF35: 2 front headrests; 3 rear headrests; LED headlamp; Auto delay off headlamps; Brake drying ; Child seat anchors ; Daytime running lights ; Dual front side-mounted airbags; Dusk sensing headlamps; Emergency braking preparation ; Engine immobilizer ; Front and rear head airbags; Lane departure warning accident avoidance system; Post-collision safety system ; Pre-collision safety system ; Remote anti-theft alarm system ; Stability control ; Tire pressure monitoring ; Traction control ;4-wheel ABS;Emergency braking assist ;Front and rear ventilated disc brakes;Passenger airbag occupant sensing deactivation ;Rear center 3-point belt ;Rear door child safety locks ;Rear height adjustable headrests ;Turn signal mirrors; | DG35: _x000D_ M Sport Package_x000D_ ;_x000D_ Convenience Package_x000D_ ;_x000D_ Track Handling Package_x000D_ ;_x000D_ Parking Assistance Package_x000D_ ;_x000D_ Premium Package_x000D_ ;_x000D_ Driving Assistance Professional Package_x000D_ ;_x000D_ Executive Package_x000D_ ;_x000D_ Luxury Package_x000D_ ;_x000D_ Driving Assistance Package_x000D_ ; | DH35: _x000D_ 19" M Double-Spoke Bi-Color Orbit Grey Wheels w/All-Season Run-Flat Tires_x000D_ ;_x000D_ Space-Saver Spare_x000D_ ;_x000D_ Power Tailgate_x000D_ ;_x000D_ 19" M Double-Spoke Bi-Color Jet Black Wheels w/All-Season Run-Flat Tires_x000D_ ;_x000D_ 19" M Double-Spoke Bi-Color Jet Black Wheels w/Performance Run-Flat Tires_x000D_ ;_x000D_ 19" M Double-Spoke Jet Black Wheels w/All-Season Run-Flat Tires_x000D_ ;_x000D_ Park Distance Control_x000D_ ;_x000D_ 18" V-Spoke Bi-Color Orbit Grey Wheels w/All-Season Non Run-Flat Tires_x000D_ ;_x000D_ 19" M Double-Spoke Jet Black Wheels w/Performance Run-Flat Tires_x000D_ ;_x000D_ 19" M Double-Spoke Jet Black Wheels w/High Performance Non Run-Flat Tires_x000D_ ; | DI35: _x000D_ SensaTec Dashboard_x000D_ ;_x000D_ Ambient Lighting_x000D_ ;_x000D_ Heated Front Seats_x000D_ ;_x000D_ Heated Steering Wheel_x000D_ ;_x000D_ Wireless Charging_x000D_ ;_x000D_ Harman Kardon Surround Sound System_x000D_ ;_x000D_ Live Cockpit Pro_x000D_ ;_x000D_ WiFi Hotspot_x000D_ ;_x000D_ Front and Rear Heated Seats_x000D_ ; | DJ35: _x000D_ Remote Engine Start_x000D_ ;_x000D_ Adaptive M Suspension_x000D_ ; | DK35: Europe/Germany | DL35: Compact car | DM35: G20
B36: 401779949 | C36: BMW | D36: 3 Series | E36: 2020 | F36: M340i | G36: M340i 4dr Sedan (3.0L 6cyl Turbo 8A) | H36: 54000 | I36: 50720 | J36: (Ind) Dravit Grey Metallic(96,100,101);Tanzanite Blue II Metallic(16,91,161);Sunset Orange Metallic(176,56,16);Mineral Grey Metallic(140,150,147);Black Sapphire Metallic(0,0,0);Portimao Blue Metallic(84,109,176);Alpine White(255,255,255);Mineral White Metallic(234,234,234); | K36: Mocha Vernasca w/Contrast Stitching and Piping, leather(90,86,83);Black Vernasca w/Blue Contrast Stitching and Piping, leather(0,0,0);Black Vernasca w/Contrast Stitching and Piping, leather(0,0,0);Cognac Vernasca w/Contrast Stitching and Piping, leather(156,116,91);Oyster Vernasca w/Contrast Stitching, leather(220,216,208);Black SensaTec, leatherette(0,0,0); | L36: Sedan | M36: 4 | N36: 5 | O36: 185.7 | P36: 71.9 | Q36: 56.4 | R36: 112.2 | U36: 5.4 | X36: 37.4 | AA36: 16.9 | AC36: 3849 | AG36: I6 | AH36: 3 | AI36: 382 | AJ36: 5800 | AK36: 369 | AL36: 1800 | AM36: 24 | AN36: Variable | AO36: Double overhead cam (DOHC) | AP36: rear wheel drive | AQ36: 8-speed shiftable automatic | AR36: gas | AS36: premium unleaded (recommended) | AT36: 15.6 | AU36: 25 | AV36: 22/30 MPG | AW36: 343.2/468.0 mi. | BD36: 38.7 | BF36: 42 | BG36: 56 | BH36: 37.6 | BJ36: 35.2 | BK36: 54.6 | BL36: 4 yr./ 50000 mi. | BM36: 4 yr./ 50000 mi. | BN36: 4 yr./ unlimited mi. | BO36: 12 yr./ unlimited mi. | BP36: https://www.edmunds.com/gateway/api/vehicle/v4/styles/401779949/features-specs | BQ36: https://www.edmunds.com/bmw/3-series/2020/review/ | BR36: https://media.ed.edmunds-media.com/bmw/m340i/2020/fd/2020_bmw_m340i_f34_fd_1114181_815.jpg;https://media.ed.edmunds-media.com/bmw/3-series/2020/evox/2020_bmw_3-series_sedan_m340i_pr_evox_1_175.jpg;https://media.ed.edmunds-media.com/bmw/3-series/2020/oem/2020_bmw_3-series_sedan_330i_fq_oem_2_175.jpg;https://media.ed.edmunds-media.com/bmw/3-series/2020/oem/2020_bmw_3-series_sedan_330i_fq_oem_3_175.jpg;https://media.ed.edmunds-media.com/bmw/3-series/2020/oem/2020_bmw_3-series_sedan_330i_fq_oem_4_175.jpg; | BS36: Fresh off a redesign last year, the BMW 3 Series continues to provide one of the best combinations of comfort, performance and prestige you'll find among small luxury sport sedans. This new seventh-generation model is 3 inches longer and 1.5 inches wider than before, but it remains as agile and steady in the fast curves as ever. ;Keys to its charms are a larger, stiffer chassis, and retuned suspension and steering, which tighten up the 3 Series' already considerable handling performance. A turbocharged four-cylinder engine, carried over from the previous model, gains slightly more horsepower and increased low-end torque. And for 2020, a six-cylinder engine option returns in the form of the new M340i. ;It's no ordinary six-cylinder either. The M340i pumps out a stout 382 hp and 369 lb-ft of torque, which was M3 territory just a few years ago. We assume the forthcoming redesigned M3 will add another 100 hp to that total, but for now the M340i serves as an appealing substitute. The only downside is that you can't get a manual transmission anymore.;Even with its power and athleticism, the 3 Series is still a sensible sedan. The new model maintains the 3 Series' hallmarks of interior comfort and quality. You'll find sporty and form-fitting seats, impressive touchscreen displays and infotainment, and finer details such as ambient cabin lighting and oak, maple and aluminum accents. A large trunk, combined with 40/20/40-split folding rear seats and a hands-free opening trunklid, also offers excellent utility, ;If there's any complaint about the 3 Series, it may be that its competence overwhelms exhilaration. Its Audi A4/S4 rival feels more modern with a tech-oriented flair, and its primary Mercedes competitor leans more into luxury than performance. Newer competitors, such as the Alfa Romeo Giulia and the Genesis G70, offer drivers something a little different, including the increasingly rare manual transmission. ;The 2020 BMW 3 Series is a five-passenger compact luxury sport sedan available in two trim levels: the 330i and M340i. ;The 330i comes standard with a turbocharged 2.0-liter four-cylinder engine (255 horsepower, 295 lb-ft of torque), an eight-speed automatic transmission and rear-wheel drive. All-wheel drive (known as xDrive) is optional. ;Standard features include 18-inch wheels, automatic wipers, a sunroof, simulated leather upholstery, tri-zone automatic climate control, an auto-dimming rearview mirror, power-adjustable front seats, an 8.8-inch touchscreen display, a navigation system, Apple CarPlay, Bluetooth, two USB inputs and a 10-speaker audio system.;Forward collision warning with automatic emergency braking, lane departure warning and BMW Assist emergency communications are among the driver assistance features that come standard. ;More power is available with the M340i, which comes standard with a six-cylinder engine (382 hp, 369 lb-ft), an eight-speed automatic transmission and rear-wheel drive. All-wheel drive is optional. ;Standard features for the M340i are similar to the 330i's but also include sport-tuned brakes and suspension, a 10.25-inch touchscreen display, and a digital gauge cluster display (called Live Cockpit Professional).&nbsp; BMW's Connected Package Professional, which combines remote and concierge services with real-time traffic information, is also included. ;Both trim levels offer several stand-alone options and a handful of option packages, the most notable being the Premium and Executive packages. The Premium package adds heated front seats, a heated steering wheel and a head-up display. The Executive package adds upgraded adaptive LED headlights, surround and bird's-eye parking camera views, parking sensors, an automated self-parking system, and gesture control functions for the infotainment system. ;Additional safety can be had by way of the Driving Assistance and Driving Assistance Professional packages. The former adds blind-spot monitoring and rear cross-traffic alert to the standard set of driver aids, while the latter equips adaptive cruise control, lane keeping assist, active front cross-traffic alert, and Traffic Jam Assist, a semi-automated steering system. For enhanced performance, BMW offers a package that bundles high-performance tires and improved engine cooling.;Some of the above features are available as stand-alone options. Other individual items include 19-inch wheels, an adaptive suspension, leather upholstery, hands-free trunk opening, ambient cabin lighting, wireless device charging, a Wi-Fi hotspot, and a premium Harman Kardon audio system.; | BT36: Balances sharp handling with a ride quality that won't beat you up;Strong and efficient four- and six-cylinder engines;Interior is upscale and spacious, with logical, easy-to-use controls; | BU36: New iDrive system is more convoluted to use than before;Unrefined operation of some driver assist features;No longer offers a manual transmission; | BV36: Six-cylinder engine returns with new M340i model;Part of the seventh 3 Series generation introduced for 2019; | BX36: $24,790 - $46,991 | CE36: 7.6/10 | CF36: 8.0/10 | CG36: 7.0/10 | CH36: 7.5/10 | CI36: 7.0/10 | CJ36: 8.0/10 | CK36: 8.0/10 | CL36: 7.5/10 | CM36: 8.0/10 | CN36: M340i - Sedan | CO36: (3.0L 6-cyl. Turbo 8-speed Automatic) | CP36: https://media.ed.edmunds-media.com/bmw/3-series/2020/oem/2020_bmw_3-series_sedan_330i_fq_oem_1_500.jpg; | CQ36: Four-wheel independent suspension;Front and rear stabilizer bar; | CR36: 10 -way power driver seat; 10 -way power passenger seat; 2 -way manual driver seat adjustments; 2 -way manual passenger seat adjustment; Driver seat thigh extension ; Height adjustable driver seat; Height adjustable passenger seat; Leatherette ; Sport front seats;Driver seat with power adjustable lumbar support ;Passenger seat with power adjustable lumbar support ; | CS36: Folding with pass-thru center armrest; Rear ventilation ducts with fan control ;Split-folding rear seatback; | CT36: 4 one-touch power windows; Hands-free entry ;Heated mirrors; | CU36: Clock ; Compass ; External temperature display ; Tachometer ; Trip computer ; | CV36: Cruise control ; Electric power steering ; Front and rear cupholders; Front and rear door pockets; Front seatback storage ; Keyless ignition ; Rear view camera ; Tilt and telescopic steering wheel; Universal remote transmitter (for garage door, security system, etc.);Transmission, cruise and audio controls on steering wheel; | CW36: Electrochromatic inside rearview mirror; Interior air filtration ; Leather steering wheel; Turn signal in mirrors ;Dual illuminating vanity mirrors;Three zone climate control; | CX36: Memorized settings for 2 drivers;Memorized settings includes audio system ;Memorized settings includes climate control ; | CY36: 10 total speakers; 12 Months of provided satellite radio service; 2 subwoofer(s); 205 watts stereo output; USB connection ; USB with external media control ; Satellite radio satellite radio;AM/FM stereo; | CZ36: One-touch power sunroof ; Power glass sunroof; Rear defogger ;Variable intermittent rain sensing wipers; | DA36: Rear spoiler ; | DC36: Painted alloy wheels;18 x 8.5 in. wheels;255/40R Y tires;Run flat tires; | DE36: Cargo tie downs ; | DF36: 2 front headrests; 3 rear headrests; LED headlamp; Auto delay off headlamps; Brake drying ; Child seat anchors ; Cornering lights ; Daytime running lights ; Dual front side-mounted airbags; Dusk sensing headlamps; Emergency braking preparation ; Engine immobilizer ; Front and rear head airbags; Lane departure warning accident avoidance system; Post-collision safety system ; Pre-collision safety system ; Remote anti-theft alarm system ; Self-leveling headlights; Stability control ; Tire pressure monitoring ; Traction control ;4-wheel ABS;Emergency braking assist ;Front and rear ventilated disc brakes;Passenger airbag occupant sensing deactivation ;Rear center 3-point belt ;Rear door child safety locks ;Rear height adjustable headrests ;Turn signal mirrors; | DG36: _x000D_ Cooling and High Performance Tire Package_x000D_ ;_x000D_ Executive Package_x000D_ ;_x000D_ Parking Assistance Package_x000D_ ;_x000D_ Premium Package_x000D_ ;_x000D_ Driving Assistance Professional Package_x000D_ ;_x000D_ Driving Assistance Package_x000D_ ; | DH36: _x000D_ 19" M Double-Spoke Cerium Grey Wheels w/High Performance Run-Flat Tires_x000D_ ;_x000D_ 19" M Double-Spoke Cerium Grey Wheels w/All-Season Run-Flat Tires_x000D_ ;_x000D_ 19" M Double-Spoke Bi-Color Jet Black Wheels w/All-Season Run-Flat Tires_x000D_ ;_x000D_ 19" M Double-Spoke Bi-Color Jet Black Wheels w/Performance Run-Flat Tires_x000D_ ;_x000D_ 19" M Double-Spoke Jet Black Wheels w/All-Season Run-Flat Tires_x000D_ ;_x000D_ Park Distance Control_x000D_ ;_x000D_ 19" M Double-Spoke Bi-Color Orbit Grey Wheels w/All-Season Run-Flat Tires_x000D_ ;_x000D_ 19" M Double-Spoke Jet Black Wheels w/High Performance Non Run-Flat Tires_x000D_ ;_x000D_ 19" M Double-Spoke Cerium Grey Wheels w/High Performance Non Run-Flat Tires_x000D_ ;_x000D_ Space-Saver Spare_x000D_ ;_x000D_ 18" M Double-Spoke Bi-Color Orbit Grey Wheels w/All-Season Non Run-Flat Tires_x000D_ ;_x000D_ Power Tailgate_x000D_ ;_x000D_ 18" M Double-Spoke Bi-Color Orbit Grey Wheels w/All-Season Run-Flat Tires_x000D_ ; | DI36: _x000D_ Heated Steering Wheel_x000D_ ;_x000D_ Ambient Lighting_x000D_ ;_x000D_ Wireless Charging_x000D_ ;_x000D_ Harman Kardon Surround Sound System_x000D_ ;_x000D_ Active Cruise Control_x000D_ ;_x000D_ Heated Front Seats_x000D_ ;_x000D_ WiFi Hotspot_x000D_ ;_x000D_ Front and Rear Heated Seats_x000D_ ; | DJ36: _x000D_ Adaptive M Suspension_x000D_ ;_x000D_ Remote Engine Start_x000D_ ; | DK36: Europe/Germany | DL36: Compact car | DM36: G20
B37: 401795591 | C37: BMW | D37: 3 Series | E37: 2020 | F37: M340i xDrive | G37: M340i xDrive 4dr Sedan AWD (3.0L 6cyl Turbo 8A) | H37: 56000 | I37: 52580 | J37: (Ind) Dravit Grey Metallic(96,100,101);Tanzanite Blue II Metallic(16,91,161);Sunset Orange Metallic(176,56,16);Mineral Grey Metallic(140,150,147);Black Sapphire Metallic(0,0,0);Portimao Blue Metallic(84,109,176);Alpine White(255,255,255);Mineral White Metallic(234,234,234); | K37: Mocha Vernasca w/Contrast Stitching and Piping, leather(90,86,83);Black Vernasca w/Blue Contrast Stitching and Piping, leather(0,0,0);Black Vernasca w/Contrast Stitching and Piping, leather(0,0,0);Cognac Vernasca w/Contrast Stitching and Piping, leather(156,116,91);Oyster Vernasca w/Contrast Stitching, leather(220,216,208);Black SensaTec, leatherette(0,0,0); | L37: Sedan | M37: 4 | N37: 5 | O37: 185.7 | P37: 71.9 | Q37: 56.7 | R37: 112.2 | U37: 5.4 | X37: 39.2 | AA37: 16.9 | AC37: 3968 | AG37: I6 | AH37: 3 | AI37: 382 | AJ37: 5800 | AK37: 369 | AL37: 1800 | AM37: 24 | AN37: Variable | AO37: Double overhead cam (DOHC) | AP37: all wheel drive | AQ37: 8-speed shiftable automatic | AR37: gas | AS37: premium unleaded (recommended) | AT37: 15.6 | AU37: 25 | AV37: 22/30 MPG | AW37: 343.2/468.0 mi. | BD37: 38.7 | BF37: 42 | BG37: 56 | BH37: 37.6 | BJ37: 35.2 | BK37: 54.6 | BL37: 4 yr./ 50000 mi. | BM37: 4 yr./ 50000 mi. | BN37: 4 yr./ unlimited mi. | BO37: 12 yr./ unlimited mi. | BP37: https://www.edmunds.com/gateway/api/vehicle/v4/styles/401795591/features-specs | BQ37: https://www.edmunds.com/bmw/3-series/2020/review/ | BR37: https://media.ed.edmunds-media.com/bmw/m340i/2020/fd/2020_bmw_m340i_f34_fd_1114181_815.jpg;https://media.ed.edmunds-media.com/bmw/3-series/2020/evox/2020_bmw_3-series_sedan_m340i_pr_evox_1_175.jpg;https://media.ed.edmunds-media.com/bmw/3-series/2020/oem/2020_bmw_3-series_sedan_330i_fq_oem_2_175.jpg;https://media.ed.edmunds-media.com/bmw/3-series/2020/oem/2020_bmw_3-series_sedan_330i_fq_oem_3_175.jpg;https://media.ed.edmunds-media.com/bmw/3-series/2020/oem/2020_bmw_3-series_sedan_330i_fq_oem_4_175.jpg; | BS37: Fresh off a redesign last year, the BMW 3 Series continues to provide one of the best combinations of comfort, performance and prestige you'll find among small luxury sport sedans. This new seventh-generation model is 3 inches longer and 1.5 inches wider than before, but it remains as agile and steady in the fast curves as ever. ;Keys to its charms are a larger, stiffer chassis, and retuned suspension and steering, which tighten up the 3 Series' already considerable handling performance. A turbocharged four-cylinder engine, carried over from the previous model, gains slightly more horsepower and increased low-end torque. And for 2020, a six-cylinder engine option returns in the form of the new M340i. ;It's no ordinary six-cylinder either. The M340i pumps out a stout 382 hp and 369 lb-ft of torque, which was M3 territory just a few years ago. We assume the forthcoming redesigned M3 will add another 100 hp to that total, but for now the M340i serves as an appealing substitute. The only downside is that you can't get a manual transmission anymore.;Even with its power and athleticism, the 3 Series is still a sensible sedan. The new model maintains the 3 Series' hallmarks of interior comfort and quality. You'll find sporty and form-fitting seats, impressive touchscreen displays and infotainment, and finer details such as ambient cabin lighting and oak, maple and aluminum accents. A large trunk, combined with 40/20/40-split folding rear seats and a hands-free opening trunklid, also offers excellent utility, ;If there's any complaint about the 3 Series, it may be that its competence overwhelms exhilaration. Its Audi A4/S4 rival feels more modern with a tech-oriented flair, and its primary Mercedes competitor leans more into luxury than performance. Newer competitors, such as the Alfa Romeo Giulia and the Genesis G70, offer drivers something a little different, including the increasingly rare manual transmission. ;The 2020 BMW 3 Series is a five-passenger compact luxury sport sedan available in two trim levels: the 330i and M340i. ;The 330i comes standard with a turbocharged 2.0-liter four-cylinder engine (255 horsepower, 295 lb-ft of torque), an eight-speed automatic transmission and rear-wheel drive. All-wheel drive (known as xDrive) is optional. ;Standard features include 18-inch wheels, automatic wipers, a sunroof, simulated leather upholstery, tri-zone automatic climate control, an auto-dimming rearview mirror, power-adjustable front seats, an 8.8-inch touchscreen display, a navigation system, Apple CarPlay, Bluetooth, two USB inputs and a 10-speaker audio system.;Forward collision warning with automatic emergency braking, lane departure warning and BMW Assist emergency communications are among the driver assistance features that come standard. ;More power is available with the M340i, which comes standard with a six-cylinder engine (382 hp, 369 lb-ft), an eight-speed automatic transmission and rear-wheel drive. All-wheel drive is optional. ;Standard features for the M340i are similar to the 330i's but also include sport-tuned brakes and suspension, a 10.25-inch touchscreen display, and a digital gauge cluster display (called Live Cockpit Professional).&nbsp; BMW's Connected Package Professional, which combines remote and concierge services with real-time traffic information, is also included. ;Both trim levels offer several stand-alone options and a handful of option packages, the most notable being the Premium and Executive packages. The Premium package adds heated front seats, a heated steering wheel and a head-up display. The Executive package adds upgraded adaptive LED headlights, surround and bird's-eye parking camera views, parking sensors, an automated self-parking system, and gesture control functions for the infotainment system. ;Additional safety can be had by way of the Driving Assistance and Driving Assistance Professional packages. The former adds blind-spot monitoring and rear cross-traffic alert to the standard set of driver aids, while the latter equips adaptive cruise control, lane keeping assist, active front cross-traffic alert, and Traffic Jam Assist, a semi-automated steering system. For enhanced performance, BMW offers a package that bundles high-performance tires and improved engine cooling.;Some of the above features are available as stand-alone options. Other individual items include 19-inch wheels, an adaptive suspension, leather upholstery, hands-free trunk opening, ambient cabin lighting, wireless device charging, a Wi-Fi hotspot, and a premium Harman Kardon audio system.; | BT37: Balances sharp handling with a ride quality that won't beat you up;Strong and efficient four- and six-cylinder engines;Interior is upscale and spacious, with logical, easy-to-use controls; | BU37: New iDrive system is more convoluted to use than before;Unrefined operation of some driver assist features;No longer offers a manual transmission; | BV37: Six-cylinder engine returns with new M340i model;Part of the seventh 3 Series generation introduced for 2019; | BX37: $24,790 - $46,991 | CE37: 7.6/10 | CF37: 8.0/10 | CG37: 7.0/10 | CH37: 7.5/10 | CI37: 7.0/10 | CJ37: 8.0/10 | CK37: 8.0/10 | CL37: 7.5/10 | CM37: 8.0/10 | CN37: M340i xDrive - Sedan | CO37: (3.0L 6-cyl. Turbo AWD 8-speed Automatic) | CP37: https://media.ed.edmunds-media.com/bmw/3-series/2020/oem/2020_bmw_3-series_sedan_330i_fq_oem_1_500.jpg; | CQ37: Four-wheel independent suspension;Front and rear stabilizer bar; | CR37: 10 -way power driver seat; 10 -way power passenger seat; 2 -way manual driver seat adjustments; 2 -way manual passenger seat adjustment; Driver seat thigh extension ; Height adjustable driver seat; Height adjustable passenger seat; Leatherette ; Sport front seats;Driver seat with power adjustable lumbar support ;Passenger seat with power adjustable lumbar support ; | CS37: Folding with pass-thru center armrest; Rear ventilation ducts with fan control ;Split-folding rear seatback; | CT37: 4 one-touch power windows; Hands-free entry ;Heated mirrors; | CU37: Clock ; Compass ; External temperature display ; Tachometer ; Trip computer ; | CV37: Cruise control ; Electric power steering ; Front and rear cupholders; Front and rear door pockets; Front seatback storage ; Keyless ignition ; Rear view camera ; Tilt and telescopic steering wheel; Universal remote transmitter (for garage door, security system, etc.);Transmission, cruise and audio controls on steering wheel; | CW37: Electrochromatic inside rearview mirror; Interior air filtration ; Leather steering wheel; Turn signal in mirrors ;Dual illuminating vanity mirrors;Three zone climate control; | CX37: Memorized settings for 2 drivers;Memorized settings includes audio system ;Memorized settings includes climate control ; | CY37: 10 total speakers; 12 Months of provided satellite radio service; 2 subwoofer(s); 205 watts stereo output; USB connection ; USB with external media control ; Satellite radio satellite radio;AM/FM stereo; | CZ37: One-touch power sunroof ; Power glass sunroof; Rear defogger ;Variable intermittent rain sensing wipers; | DA37: Rear spoiler ; | DC37: Painted alloy wheels;18 x 7.5 in. wheels;225/45R18 tires;Run flat tires; | DE37: Cargo tie downs ; | DF37: 2 front headrests; 3 rear headrests; LED headlamp; Auto delay off headlamps; Brake drying ; Child seat anchors ; Cornering lights ; Daytime running lights ; Dual front side-mounted airbags; Dusk sensing headlamps; Emergency braking preparation ; Engine immobilizer ; Front and rear head airbags; Lane departure warning accident avoidance system; Post-collision safety system ; Pre-collision safety system ; Remote anti-theft alarm system ; Self-leveling headlights; Stability control ; Tire pressure monitoring ; Traction control ;4-wheel ABS;Emergency braking assist ;Front and rear ventilated disc brakes;Passenger airbag occupant sensing deactivation ;Rear center 3-point belt ;Rear door child safety locks ;Rear height adjustable headrests ;Turn signal mirrors; | DG37: _x000D_ Cooling and High Performance Tire Package_x000D_ ;_x000D_ Executive Package_x000D_ ;_x000D_ Parking Assistance Package_x000D_ ;_x000D_ Premium Package_x000D_ ;_x000D_ Driving Assistance Professional Package_x000D_ ;_x000D_ Driving Assistance Package_x000D_ ; | DH37: _x000D_ 19" M Double-Spoke Cerium Grey Wheels w/High Performance Run-Flat Tires_x000D_ ;_x000D_ 19" M Double-Spoke Cerium Grey Wheels w/All-Season Run-Flat Tires_x000D_ ;_x000D_ 19" M Double-Spoke Bi-Color Jet Black Wheels w/All-Season Run-Flat Tires_x000D_ ;_x000D_ 19" M Double-Spoke Bi-Color Jet Black Wheels w/Performance Run-Flat Tires_x000D_ ;_x000D_ 19" M Double-Spoke Jet Black Wheels w/All-Season Run-Flat Tires_x000D_ ;_x000D_ Park Distance Control_x000D_ ;_x000D_ 19" M Double-Spoke Bi-Color Orbit Grey Wheels w/All-Season Run-Flat Tires_x000D_ ;_x000D_ 19" M Double-Spoke Jet Black Wheels w/High Performance Non Run-Flat Tires_x000D_ ;_x000D_ 19" M Double-Spoke Cerium Grey Wheels w/High Performance Non Run-Flat Tires_x000D_ ;_x000D_ Space-Saver Spare_x000D_ ;_x000D_ 18" M Double-Spoke Bi-Color Orbit Grey Wheels w/Performance Run-Flat Tires_x000D_ ;_x000D_ 18" M Double-Spoke Bi-Color Orbit Grey Wheels w/All-Season Non Run-Flat Tires_x000D_ ;_x000D_ Power Tailgate_x000D_ ; | DI37: _x000D_ Heated Steering Wheel_x000D_ ;_x000D_ Ambient Lighting_x000D_ ;_x000D_ Wireless Charging_x000D_ ;_x000D_ Harman Kardon Surround Sound System_x000D_ ;_x000D_ Active Cruise Control_x000D_ ;_x000D_ Heated Front Seats_x000D_ ;_x000D_ WiFi Hotspot_x000D_ ;_x000D_ Front and Rear Heated Seats_x000D_ ; | DJ37: _x000D_ Adaptive M Suspension_x000D_ ;_x000D_ Remote Engine Start_x000D_ ; | DK37: Europe/Germany | DL37: Compact car | DM37: G20
B38: 401729246 | C38: BMW | D38: 3 Series | E38: 2018 | F38: 320i | G38: 320i 4dr Sedan (2.0L 4cyl Turbo 8A) | H38: 34900 | I38: 32955 | J38: Alpine White(255,255,255);Melbourne Red Metallic(146,15,13);Mineral Grey Metallic(140,150,147);Jatoba Brown Metallic(96,89,83);Mediterranean Blue Metallic(33,57,85);Platinum Silver Metallic(152,151,146);Jet Black(0,0,0);Mineral White Metallic(234,234,234);Black Sapphire Metallic(0,0,0);Glacier Silver Metallic(200,200,200);Sunset Orange Metallic(176,56,16); | K38: Black Dakota, leather(0,0,0);Black SensaTec, leatherette(0,0,0);Oyster Dakota, leather(200,197,192);Venetian Beige/Black SensaTec, leatherette(201,198,183);Venetian Beige/Black Dakota, leather(201,198,183); | L38: Sedan | M38: 4 | N38: 5 | O38: 182.8 | P38: 71.3 | Q38: 56.3 | R38: 110.6 | U38: 5.5 | X38: 37.1 | AA38: 13 | AC38: 3370 | AG38: I4 | AH38: 2 | AI38: 180 | AJ38: 5000 | AK38: 200 | AL38: 1250 | AM38: 16 | AN38: Variable | AO38: Double overhead cam (DOHC) | AP38: rear wheel drive | AQ38: 8-speed shiftable automatic | AR38: gas | AS38: premium unleaded (recommended) | AT38: 15.8 | AU38: 28 | AV38: 24/35 MPG | AW38: 379.2/553.0 mi. | BD38: 40.3 | BF38: 42 | BG38: 55.1 | BH38: 37.7 | BJ38: 35.1 | BK38: 55.1 | BL38: 4 yr./ 50000 mi. | BM38: 4 yr./ 50000 mi. | BN38: 4 yr./ unlimited mi. | BO38: 12 yr./ unlimited mi. | BP38: https://www.edmunds.com/gateway/api/vehicle/v4/styles/401729246/features-specs | BQ38: https://www.edmunds.com/bmw/3-series/2018/review/ | BR38: https://www.edmunds.com/assets/m/bmw/3-series/2018/oem/2018_bmw_3-series_sedan_330e-iperformance_fq_oem_1_815.jpg;https://media.ed.edmunds-media.com/bmw/3-series/2018/oem/2018_bmw_3-series_sedan_330e-iperformance_fq_oem_2_175.jpg;https://media.ed.edmunds-media.com/bmw/3-series/2018/oem/2018_bmw_3-series_sedan_330e-iperformance_fq_oem_3_175.jpg;https://media.ed.edmunds-media.com/bmw/3-series/2018/oem/2018_bmw_3-series_sedan_330e-iperformance_fq_oem_4_175.jpg;https://media.ed.edmunds-media.com/bmw/3-series/2018/oem/2018_bmw_3-series_sedan_330e-iperformance_fq_oem_5_175.jpg; | BT38: Balances sharp handling with a ride quality that won't beat you up;Engine choices offer power, smoothness and fuel efficiency;Interior is upscale and spacious, with logical, easy-to-use controls; | BU38: Base 320i model offers limited feature availability;Storage for small personal items is limited; | BW38: 5 out of 5 stars | BX38: $19,980 - $33,990 | BY38: 8.2 / 10; | BZ38: 9 | CA38: 9 | CB38: 8 | CC38: 7 | CN38: 320i - Sedan | CO38: (2.0L 4-cyl. Turbo 8-speed Automatic) | CQ38: Four-wheel independent suspension;Front and rear stabilizer bar; | CR38: 6 -way manual driver seat adjustments; 6 -way manual passenger seat adjustment; Bucket front seats; Height adjustable driver seat; Height adjustable passenger seat; Leatherette ; | CS38: Folding center armrest; Rear ventilation ducts ; | CT38: 4 one-touch power windows; Remote keyless power door locks ;Heated mirrors; | CU38: Clock ; External temperature display ; Tachometer ; Trip computer ; | CV38: Cruise control ; Electric power steering ; Front and rear cupholders; Front and rear door pockets; Front seatback storage ; Keyless ignition ; Tilt and telescopic steering wheel;Audio and cruise controls on steering wheel; | CW38: Sun sensor ; Cooled storage compartment ; Extended cabin heating ; Interior air filtration ; Leather steering wheel; Turn signal in mirrors ;Climate control;Dual illuminating vanity mirrors; | CX38: Memorized settings includes audio system ;Memorized settings includes climate control ; | CY38: 2 subwoofer(s); 205 watts stereo output; 9 total speakers; USB connection ; Auxiliary audio input and USB with external media control ;AM/FM stereo; | CZ38: Rear defogger ;Variable intermittent rain sensing wipers; | DC38: Alloy wheels;17 x 7.5 in. wheels;225/50R17 94V tires;Run flat tires; | DE38: Cargo tie downs ; | DF38: 2 front headrests; 3 rear headrests; LED headlamp; Auto delay off headlamps; Brake drying ; Child seat anchors ; Daytime running lights ; Dual front side-mounted airbags; Dusk sensing headlamps; Emergency braking preparation ; Engine immobilizer ; Front and rear head airbags; Front fog/driving lights ; Post-collision safety system ; Remote anti-theft alarm system ; Stability control ; Tire pressure monitoring ; Traction control ;4-wheel ABS;Emergency braking assist ;Front and rear ventilated disc brakes;Passenger airbag occupant sensing deactivation ;Rear center 3-point belt ;Rear door child safety locks ;Rear height adjustable headrests ;Turn signal mirrors;Park Distance Control;Active Blind Spot Detection; | DG38: Convenience Package ; Sport Package ; Driving Assistance Package ; Premium Package ; Track Handling Package ; | DH38: 18" Turbine Wheels w/All-Season Tires ; Moonroof Deletion ; Comfort Access Keyless Entry ; 18" V-Spoke Orbit Grey Light Alloy Wheels w/Mixed Performance Non-Runflat Tires ; 18" V-Spoke Ferric Light Alloy Wheels w/Mixed Performance Tires ; | DI38: SiriusXM Satellite Radio w/1 Year All Access Subscription ; Apple CarPlay Compatibility ; Wireless Charging ; Navigation System w/Touchpad ; Power Front Seats ; Heated Steering Wheel ; Split Fold-Down Rear Seat ; Heated Rear Seats ; Heated Front Seats ; | DJ38: Manual Transmission ; | DK38: Europe/Germany | DL38: Compact car | DM38: F30, F31, F80
B39: 401729240 | C39: BMW | D39: 3 Series | E39: 2018 | F39: 320i xDrive | G39: 320i xDrive 4dr Sedan AWD (2.0L 4cyl Turbo 8A) | H39: 36900 | I39: 34815 | J39: Alpine White(255,255,255);Melbourne Red Metallic(146,15,13);Mineral Grey Metallic(140,150,147);Jatoba Brown Metallic(96,89,83);Mediterranean Blue Metallic(33,57,85);Platinum Silver Metallic(152,151,146);Jet Black(0,0,0);Mineral White Metallic(234,234,234);Black Sapphire Metallic(0,0,0);Glacier Silver Metallic(200,200,200);Sunset Orange Metallic(176,56,16); | K39: Black Dakota, leather(0,0,0);Black SensaTec, leatherette(0,0,0);Oyster Dakota, leather(200,197,192);Venetian Beige/Black SensaTec, leatherette(201,198,183);Venetian Beige/Black Dakota, leather(201,198,183); | L39: Sedan | M39: 4 | N39: 5 | O39: 182.8 | P39: 71.3 | Q39: 56.5 | R39: 110.6 | U39: 5.7 | X39: 38.4 | AA39: 13 | AC39: 3510 | AG39: I4 | AH39: 2 | AI39: 180 | AJ39: 5000 | AK39: 200 | AL39: 1250 | AM39: 16 | AN39: Variable | AO39: Double overhead cam (DOHC) | AP39: all wheel drive | AQ39: 8-speed shiftable automatic | AR39: gas | AS39: premium unleaded (recommended) | AT39: 15.8 | AU39: 27 | AV39: 23/34 MPG | AW39: 363.4/537.2 mi. | BD39: 40.3 | BF39: 42 | BG39: 55.1 | BH39: 37.7 | BJ39: 35.1 | BK39: 55.1 | BL39: 4 yr./ 50000 mi. | BM39: 4 yr./ 50000 mi. | BN39: 4 yr./ unlimited mi. | BO39: 12 yr./ unlimited mi. | BP39: https://www.edmunds.com/gateway/api/vehicle/v4/styles/401729240/features-specs | BQ39: https://www.edmunds.com/bmw/3-series/2018/review/ | BR39: https://www.edmunds.com/assets/m/bmw/3-series/2018/oem/2018_bmw_3-series_sedan_330e-iperformance_fq_oem_1_815.jpg;https://media.ed.edmunds-media.com/bmw/3-series/2018/oem/2018_bmw_3-series_sedan_330e-iperformance_fq_oem_2_175.jpg;https://media.ed.edmunds-media.com/bmw/3-series/2018/oem/2018_bmw_3-series_sedan_330e-iperformance_fq_oem_3_175.jpg;https://media.ed.edmunds-media.com/bmw/3-series/2018/oem/2018_bmw_3-series_sedan_330e-iperformance_fq_oem_4_175.jpg;https://media.ed.edmunds-media.com/bmw/3-series/2018/oem/2018_bmw_3-series_sedan_330e-iperformance_fq_oem_5_175.jpg; | BT39: Balances sharp handling with a ride quality that won't beat you up;Engine choices offer power, smoothness and fuel efficiency;Interior is upscale and spacious, with logical, easy-to-use controls; | BU39: Base 320i model offers limited feature availability;Storage for small personal items is limited; | BW39: 5 out of 5 stars | BX39: $19,980 - $33,990 | BY39: 8.2 / 10; | BZ39: 9 | CA39: 9 | CB39: 8 | CC39: 7 | CN39: 320i xDrive - Sedan | CO39: (2.0L 4-cyl. Turbo AWD 8-speed Automatic) | CQ39: Four-wheel independent suspension;Front and rear stabilizer bar; | CR39: 6 -way manual driver seat adjustments; 6 -way manual passenger seat adjustment; Bucket front seats; Height adjustable driver seat; Height adjustable passenger seat; Leatherette ; | CS39: Folding center armrest; Rear ventilation ducts ; | CT39: 4 one-touch power windows; Remote keyless power door locks ;Heated mirrors; | CU39: Clock ; External temperature display ; Tachometer ; Trip computer ; | CV39: Cruise control ; Electric power steering ; Front and rear cupholders; Front and rear door pockets; Front seatback storage ; Keyless ignition ; Tilt and telescopic steering wheel;Audio and cruise controls on steering wheel; | CW39: Sun sensor ; Cooled storage compartment ; Extended cabin heating ; Interior air filtration ; Leather steering wheel; Turn signal in mirrors ;Climate control;Dual illuminating vanity mirrors; | CX39: Memorized settings includes audio system ;Memorized settings includes climate control ; | CY39: 2 subwoofer(s); 205 watts stereo output; 9 total speakers; USB connection ; Auxiliary audio input and USB with external media control ;AM/FM stereo; | CZ39: Rear defogger ;Variable intermittent rain sensing wipers; | DC39: Alloy wheels;17 x 7.5 in. wheels;225/50R17 94V tires;Run flat tires; | DE39: Cargo tie downs ; | DF39: 2 front headrests; 3 rear headrests; LED headlamp; Auto delay off headlamps; Brake drying ; Child seat anchors ; Daytime running lights ; Dual front side-mounted airbags; Dusk sensing headlamps; Emergency braking preparation ; Engine immobilizer ; Front and rear head airbags; Front fog/driving lights ; Post-collision safety system ; Remote anti-theft alarm system ; Stability control ; Tire pressure monitoring ; Traction control ;4-wheel ABS;Emergency braking assist ;Front and rear ventilated disc brakes;Passenger airbag occupant sensing deactivation ;Rear center 3-point belt ;Rear door child safety locks ;Rear height adjustable headrests ;Turn signal mirrors;Park Distance Control;Active Blind Spot Detection; | DG39: Convenience Package ; Sport Package ; Driving Assistance Package ; Premium Package ; Track Handling Package ; | DH39: 18" Turbine Wheels w/All-Season Tires ; Moonroof Deletion ; Comfort Access Keyless Entry ; 18" V-Spoke Orbit Grey Light Alloy Wheels w/Mixed Performance Non-Runflat Tires ; 18" V-Spoke Ferric Light Alloy Wheels w/Mixed Performance Tires ; | DI39: SiriusXM Satellite Radio w/1 Year All Access Subscription ; Apple CarPlay Compatibility ; Wireless Charging ; Navigation System w/Touchpad ; Power Front Seats ; Heated Steering Wheel ; Split Fold-Down Rear Seat ; Heated Rear Seats ; Heated Front Seats ; | DK39: Europe/Germany | DL39: Compact car | DM39: F30, F31, F80
B40: 401729243 | C40: BMW | D40: 3 Series | E40: 2018 | F40: 330i | G40: 330i 4dr Sedan (2.0L 4cyl Turbo 8A) | H40: 40250 | I40: 37935 | J40: Alpine White(255,255,255);Estoril Blue Metallic(68,104,156);Melbourne Red Metallic(146,15,13);Mineral Grey Metallic(140,150,147);Jatoba Brown Metallic(96,89,83);Mediterranean Blue Metallic(33,57,85);Platinum Silver Metallic(152,151,146);Jet Black(0,0,0);Mineral White Metallic(234,234,234);Black Sapphire Metallic(0,0,0);Glacier Silver Metallic(200,200,200);Sunset Orange Metallic(176,56,16); | K40: Black Dakota w/Dark Oyster Highlight, leather(0,0,0);Black SensaTec, leatherette(0,0,0);Coral Red Dakota w/Black Highlight, leather(136,42,34);Black Dakota w/Red Highlight, leather(0,0,0);Black SensaTec w/Red Highlight, leatherette(0,0,0);Oyster Dakota, leather(200,197,192);Venetian Beige/Black SensaTec, leatherette(201,198,183);Venetian Beige/Black Dakota w/Dark Oyster Highlight, leather(201,198,183);Cognac Dakota w/Dark Brown Highlight, leather(152,124,100);Cognac Dakota w/Dark Brown Highlight and Cognac Lower Dashboard, leather(152,124,100); | L40: Sedan | M40: 4 | N40: 5 | O40: 182.8 | P40: 71.3 | Q40: 56.3 | R40: 110.6 | U40: 5.5 | X40: 37.1 | AA40: 13 | AC40: 3541 | AG40: I4 | AH40: 2 | AI40: 248 | AJ40: 5200 | AK40: 258 | AL40: 1450 | AM40: 16 | AN40: Variable | AO40: Double overhead cam (DOHC) | AP40: rear wheel drive | AQ40: 8-speed shiftable automatic | AR40: gas | AS40: premium unleaded (recommended) | AT40: 15.8 | AU40: 27 | AV40: 23/34 MPG | AW40: 363.4/537.2 mi. | BD40: 40.3 | BF40: 42 | BG40: 55.1 | BH40: 37.7 | BJ40: 35.1 | BK40: 55.1 | BL40: 4 yr./ 50000 mi. | BM40: 4 yr./ 50000 mi. | BN40: 4 yr./ unlimited mi. | BO40: 12 yr./ unlimited mi. | BP40: https://www.edmunds.com/gateway/api/vehicle/v4/styles/401729243/features-specs | BQ40: https://www.edmunds.com/bmw/3-series/2018/review/ | BR40: https://www.edmunds.com/assets/m/bmw/3-series/2018/oem/2018_bmw_3-series_sedan_330e-iperformance_fq_oem_1_815.jpg;https://media.ed.edmunds-media.com/bmw/3-series/2018/oem/2018_bmw_3-series_sedan_330e-iperformance_fq_oem_2_175.jpg;https://media.ed.edmunds-media.com/bmw/3-series/2018/oem/2018_bmw_3-series_sedan_330e-iperformance_fq_oem_3_175.jpg;https://media.ed.edmunds-media.com/bmw/3-series/2018/oem/2018_bmw_3-series_sedan_330e-iperformance_fq_oem_4_175.jpg;https://media.ed.edmunds-media.com/bmw/3-series/2018/oem/2018_bmw_3-series_sedan_330e-iperformance_fq_oem_5_175.jpg; | BT40: Balances sharp handling with a ride quality that won't beat you up;Engine choices offer power, smoothness and fuel efficiency;Interior is upscale and spacious, with logical, easy-to-use controls; | BU40: Base 320i model offers limited feature availability;Storage for small personal items is limited; | BW40: 5 out of 5 stars | BX40: $19,980 - $33,990 | BY40: 8.2 / 10; | BZ40: 9 | CA40: 9 | CB40: 8 | CC40: 7 | CN40: 330i - Sedan | CO40: (2.0L 4-cyl. Turbo 8-speed Automatic) | CQ40: Four-wheel independent suspension;Front and rear stabilizer bar; | CR40: 10 -way power driver seat; 10 -way power passenger seat; 2 -way manual driver seat adjustments; 2 -way manual passenger seat adjustment; Driver seat thigh extension ; Height adjustable driver seat; Height adjustable passenger seat; Leatherette ; Sport front seats; | CS40: Folding with pass-thru center armrest; Rear ventilation ducts ;Split-folding rear seatback; | CT40: 4 one-touch power windows; Remote keyless power door locks ;Heated mirrors;Reverse tilt passenger only provides curb view when vehicle in reverse; | CU40: Clock ; External temperature display ; Tachometer ; Trip computer ; | CV40: Cruise control ; Electric power steering ; Front and rear cupholders; Front and rear door pockets; Front seatback storage ; Keyless ignition ; Tilt and telescopic steering wheel; Universal remote transmitter (for garage door, security system, etc.);Transmission, cruise and audio controls on steering wheel; | CW40: Sun sensor ; Cooled storage compartment ; Electrochromatic inside rearview mirror; Extended cabin heating ; Interior air filtration ; Leather steering wheel; Turn signal in mirrors ;Climate control;Dual illuminating vanity mirrors; | CX40: Memorized settings for 2 drivers;Memorized settings includes audio system ;Memorized settings includes climate control ; | CY40: 2 subwoofer(s); 205 watts stereo output; 9 total speakers; USB connection ; Auxiliary audio input and USB with external media control ;AM/FM stereo; | CZ40: Rear defogger ;Variable intermittent rain sensing wipers; | DC40: Alloy wheels;17 x 7.5 in. wheels;225/50R17 94V tires;Run flat tires; | DE40: Cargo tie downs ; | DF40: 2 front headrests; 3 rear headrests; LED headlamp; Auto delay off headlamps; Brake drying ; Child seat anchors ; Daytime running lights ; Dual front side-mounted airbags; Dusk sensing headlamps; Emergency braking preparation ; Engine immobilizer ; Front and rear head airbags; Front fog/driving lights ; Post-collision safety system ; Remote anti-theft alarm system ; Stability control ; Tire pressure monitoring ; Traction control ;4-wheel ABS;Emergency braking assist ;Front and rear ventilated disc brakes;Passenger airbag occupant sensing deactivation ;Rear center 3-point belt ;Rear door child safety locks ;Rear height adjustable headrests ;Turn signal mirrors;Park Distance Control;Active Blind Spot Detection; | DG40: Convenience Package ; Executive Package ; Premium Package ; Luxury Package ; Driving Assistance Package ; Shadow Sport Edition ; M Sport Package ; Track Handling Package ; | DH40: 18" Star-Spoke Wheels w/Mixed Summer Tires ; 18" Star-Spoke Wheels w/All-Season Tires ; 18" Double-Spoke Light Alloy Wheels w/All-Season Tires ; 18" Bi-Color Jet Black Double-Spoke Wheels w/All-Season Tires ; 18" Bi-Color Jet Black Double-Spoke Wheels w/Mixed Performance Tires ; 18" V-Spoke Orbit Grey Light Alloy Wheels w/Mixed Performance Non-Runflat Tires ; 18" Double-Spoke Light Alloy Wheels w/Mixed Performance Tires ; Moonroof Deletion ; | DI40: Apple CarPlay Compatibility ; Wireless Charging ; Rear Manual Side Window Shades ; Non Sport Seats for Luxury Package ; Active Cruise Control ; Heated Steering Wheel ; Heated Rear Seats ; Heated Front Seats ; Harman Kardon Surround Sound System ; Navigation System w/Touchpad ; | DJ40: Manual Transmission ; Adaptive M Suspension ; | DK40: Europe/Germany | DL40: Compact car | DM40: F30, F31, F80
B41: 401729244 | C41: BMW | D41: 3 Series | E41: 2018 | F41: 330i xDrive | G41: 330i xDrive 4dr Sedan AWD (2.0L 4cyl Turbo 8A) | H41: 42250 | I41: 39795 | J41: Alpine White(255,255,255);Estoril Blue Metallic(68,104,156);Melbourne Red Metallic(146,15,13);Mineral Grey Metallic(140,150,147);Jatoba Brown Metallic(96,89,83);Mediterranean Blue Metallic(33,57,85);Platinum Silver Metallic(152,151,146);Jet Black(0,0,0);Mineral White Metallic(234,234,234);Black Sapphire Metallic(0,0,0);Glacier Silver Metallic(200,200,200);Sunset Orange Metallic(176,56,16); | K41: Black Dakota w/Dark Oyster Highlight, leather(0,0,0);Black SensaTec, leatherette(0,0,0);Coral Red Dakota w/Black Highlight, leather(136,42,34);Black Dakota w/Red Highlight, leather(0,0,0);Black SensaTec w/Red Highlight, leatherette(0,0,0);Oyster Dakota, leather(200,197,192);Venetian Beige/Black SensaTec, leatherette(201,198,183);Venetian Beige/Black Dakota w/Dark Oyster Highlight, leather(201,198,183);Cognac Dakota w/Dark Brown Highlight, leather(152,124,100);Cognac Dakota w/Dark Brown Highlight and Cognac Lower Dashboard, leather(152,124,100); | L41: Sedan | M41: 4 | N41: 5 | O41: 182.8 | P41: 71.3 | Q41: 56.5 | R41: 110.6 | U41: 5.7 | X41: 38.4 | AA41: 13 | AC41: 3706 | AG41: I4 | AH41: 2 | AI41: 248 | AJ41: 5200 | AK41: 258 | AL41: 1450 | AM41: 16 | AN41: Variable | AO41: Double overhead cam (DOHC) | AP41: all wheel drive | AQ41: 8-speed shiftable automatic | AR41: gas | AS41: premium unleaded (recommended) | AT41: 15.8 | AU41: 27 | AV41: 23/33 MPG | AW41: 363.4/521.4 mi. | BD41: 40.3 | BF41: 42 | BG41: 55.1 | BH41: 37.7 | BJ41: 35.1 | BK41: 55.1 | BL41: 4 yr./ 50000 mi. | BM41: 4 yr./ 50000 mi. | BN41: 4 yr./ unlimited mi. | BO41: 12 yr./ unlimited mi. | BP41: https://www.edmunds.com/gateway/api/vehicle/v4/styles/401729244/features-specs | BQ41: https://www.edmunds.com/bmw/3-series/2018/review/ | BR41: https://www.edmunds.com/assets/m/bmw/3-series/2018/oem/2018_bmw_3-series_sedan_330e-iperformance_fq_oem_1_815.jpg;https://media.ed.edmunds-media.com/bmw/3-series/2018/oem/2018_bmw_3-series_sedan_330e-iperformance_fq_oem_2_175.jpg;https://media.ed.edmunds-media.com/bmw/3-series/2018/oem/2018_bmw_3-series_sedan_330e-iperformance_fq_oem_3_175.jpg;https://media.ed.edmunds-media.com/bmw/3-series/2018/oem/2018_bmw_3-series_sedan_330e-iperformance_fq_oem_4_175.jpg;https://media.ed.edmunds-media.com/bmw/3-series/2018/oem/2018_bmw_3-series_sedan_330e-iperformance_fq_oem_5_175.jpg; | BT41: Balances sharp handling with a ride quality that won't beat you up;Engine choices offer power, smoothness and fuel efficiency;Interior is upscale and spacious, with logical, easy-to-use controls; | BU41: Base 320i model offers limited feature availability;Storage for small personal items is limited; | BW41: 5 out of 5 stars | BX41: $19,980 - $33,990 | BY41: 8.2 / 10; | BZ41: 9 | CA41: 9 | CB41: 8 | CC41: 7 | CN41: 330i xDrive - Sedan | CO41: (2.0L 4-cyl. Turbo AWD 8-speed Automatic) | CQ41: Four-wheel independent suspension;Front and rear stabilizer bar; | CR41: 10 -way power driver seat; 10 -way power passenger seat; 2 -way manual driver seat adjustments; 2 -way manual passenger seat adjustment; Driver seat thigh extension ; Height adjustable driver seat; Height adjustable passenger seat; Leatherette ; Sport front seats; | CS41: Folding with pass-thru center armrest; Rear ventilation ducts ;Split-folding rear seatback; | CT41: 4 one-touch power windows; Remote keyless power door locks ;Heated mirrors;Reverse tilt passenger only provides curb view when vehicle in reverse; | CU41: Clock ; External temperature display ; Tachometer ; Trip computer ; | CV41: Cruise control ; Electric power steering ; Front and rear cupholders; Front and rear door pockets; Front seatback storage ; Keyless ignition ; Tilt and telescopic steering wheel; Universal remote transmitter (for garage door, security system, etc.);Transmission, cruise and audio controls on steering wheel; | CW41: Sun sensor ; Cooled storage compartment ; Electrochromatic inside rearview mirror; Extended cabin heating ; Interior air filtration ; Leather steering wheel; Turn signal in mirrors ;Climate control;Dual illuminating vanity mirrors; | CX41: Memorized settings for 2 drivers;Memorized settings includes audio system ;Memorized settings includes climate control ; | CY41: 2 subwoofer(s); 205 watts stereo output; 9 total speakers; USB connection ; Auxiliary audio input and USB with external media control ;AM/FM stereo; | CZ41: Rear defogger ;Variable intermittent rain sensing wipers; | DC41: Alloy wheels;17 x 7.5 in. wheels;225/50R17 94V tires;Run flat tires; | DE41: Cargo tie downs ; | DF41: 2 front headrests; 3 rear headrests; LED headlamp; Auto delay off headlamps; Brake drying ; Child seat anchors ; Daytime running lights ; Dual front side-mounted airbags; Dusk sensing headlamps; Emergency braking preparation ; Engine immobilizer ; Front and rear head airbags; Front fog/driving lights ; Post-collision safety system ; Remote anti-theft alarm system ; Stability control ; Tire pressure monitoring ; Traction control ;4-wheel ABS;Emergency braking assist ;Front and rear ventilated disc brakes;Passenger airbag occupant sensing deactivation ;Rear center 3-point belt ;Rear door child safety locks ;Rear height adjustable headrests ;Turn signal mirrors;Park Distance Control;Active Blind Spot Detection; | DG41: Convenience Package ; Executive Package ; Premium Package ; Luxury Package ; Driving Assistance Package ; Shadow Sport Edition ; Track Handling Package ; M Sport Package ; | DH41: 18" Star-Spoke Wheels w/Mixed Summer Tires ; 18" Star-Spoke Wheels w/All-Season Tires ; 18" Double-Spoke Light Alloy Wheels w/All-Season Tires ; 18" Bi-Color Jet Black Double-Spoke Wheels w/All-Season Tires ; 18" Bi-Color Jet Black Double-Spoke Wheels w/Mixed Performance Tires ; 18" V-Spoke Orbit Grey Light Alloy Wheels w/Mixed Performance Non-Runflat Tires ; 18" Double-Spoke Light Alloy Wheels w/Mixed Performance Tires ; Moonroof Deletion ; | DI41: Apple CarPlay Compatibility ; Wireless Charging ; Rear Manual Side Window Shades ; Non Sport Seats for Luxury Package ; Active Cruise Control ; Heated Steering Wheel ; Heated Rear Seats ; Heated Front Seats ; Harman Kardon Surround Sound System ; Navigation System w/Touchpad ; | DJ41: Adaptive M Suspension ; | DK41: Europe/Germany | DL41: Compact car | DM41: F30, F31, F80
B42: 401729238 | C42: BMW | D42: 3 Series | E42: 2018 | F42: 340i | G42: 340i 4dr Sedan (3.0L 6cyl Turbo 8A) | H42: 48950 | I42: 46025 | J42: Alpine White(255,255,255);Estoril Blue Metallic(68,104,156);Melbourne Red Metallic(146,15,13);Mineral Grey Metallic(140,150,147);Jatoba Brown Metallic(96,89,83);Mediterranean Blue Metallic(33,57,85);Platinum Silver Metallic(152,151,146);Jet Black(0,0,0);Mineral White Metallic(234,234,234);Black Sapphire Metallic(0,0,0);Glacier Silver Metallic(200,200,200);Sunset Orange Metallic(176,56,16); | K42: Black Dakota w/Dark Oyster Highlight, leather(0,0,0);Black SensaTec, leatherette(0,0,0);Coral Red Dakota w/Black Highlight, leather(136,42,34);Black Dakota w/Red Highlight, leather(0,0,0);Black SensaTec w/Red Highlight, leatherette(0,0,0);Oyster Dakota, leather(200,197,192);Venetian Beige/Black SensaTec, leatherette(201,198,183);Venetian Beige/Black Dakota w/Dark Oyster Highlight, leather(201,198,183);Cognac Dakota w/Dark Brown Highlight, leather(152,124,100);Cognac Dakota w/Dark Brown Highlight and Cognac Lower Dashboard, leather(152,124,100); | L42: Sedan | M42: 4 | N42: 5 | O42: 182.8 | P42: 71.3 | Q42: 56.3 | R42: 110.6 | U42: 5.5 | X42: 37.1 | AA42: 13 | AC42: 3695 | AG42: I6 | AH42: 3 | AI42: 320 | AJ42: 5500 | AK42: 330 | AL42: 1380 | AM42: 24 | AN42: Variable | AO42: Double overhead cam (DOHC) | AP42: rear wheel drive | AQ42: 8-speed shiftable automatic | AR42: gas | AS42: premium unleaded (recommended) | AT42: 15.8 | AU42: 25 | AV42: 21/32 MPG | AW42: 331.8/505.6 mi. | BF42: 42 | BG42: 55.1 | BJ42: 35.1 | BK42: 55.1 | BL42: 4 yr./ 50000 mi. | BM42: 4 yr./ 50000 mi. | BN42: 4 yr./ unlimited mi. | BO42: 12 yr./ unlimited mi. | BP42: https://www.edmunds.com/gateway/api/vehicle/v4/styles/401729238/features-specs | BQ42: https://www.edmunds.com/bmw/3-series/2018/review/ | BR42: https://www.edmunds.com/assets/m/bmw/3-series/2018/oem/2018_bmw_3-series_sedan_330e-iperformance_fq_oem_1_815.jpg;https://media.ed.edmunds-media.com/bmw/3-series/2018/oem/2018_bmw_3-series_sedan_330e-iperformance_fq_oem_2_175.jpg;https://media.ed.edmunds-media.com/bmw/3-series/2018/oem/2018_bmw_3-series_sedan_330e-iperformance_fq_oem_3_175.jpg;https://media.ed.edmunds-media.com/bmw/3-series/2018/oem/2018_bmw_3-series_sedan_330e-iperformance_fq_oem_4_175.jpg;https://media.ed.edmunds-media.com/bmw/3-series/2018/oem/2018_bmw_3-series_sedan_330e-iperformance_fq_oem_5_175.jpg; | BT42: Balances sharp handling with a ride quality that won't beat you up;Engine choices offer power, smoothness and fuel efficiency;Interior is upscale and spacious, with logical, easy-to-use controls; | BU42: Base 320i model offers limited feature availability;Storage for small personal items is limited; | BW42: 5 out of 5 stars | BX42: $19,980 - $33,990 | BY42: 8.2 / 10; | BZ42: 9 | CA42: 9 | CB42: 8 | CC42: 7 | CN42: 340i - Sedan | CO42: (3.0L 6-cyl. Turbo 8-speed Automatic) | CQ42: Four-wheel independent suspension;Front and rear stabilizer bar; | CR42: 10 -way power driver seat; 10 -way power passenger seat; 2 -way manual driver seat adjustments; 2 -way manual passenger seat adjustment; Driver seat thigh extension ; Height adjustable driver seat; Height adjustable passenger seat; Leatherette ; Sport front seats;Driver seat with power adjustable lumbar support ;Passenger seat with power adjustable lumbar support ; | CS42: Folding with pass-thru center armrest; Rear ventilation ducts ;Split-folding rear seatback; | CT42: 4 one-touch power windows; Hands-free entry ;Heated mirrors;Reverse tilt passenger only provides curb view when vehicle in reverse; | CU42: Clock ; External temperature display ; Tachometer ; Trip computer ; | CV42: Cruise control ; Electric power steering ; Front and rear cupholders; Front and rear door pockets; Front seatback storage ; Keyless ignition ; Tilt and telescopic steering wheel; Universal remote transmitter (for garage door, security system, etc.);Transmission, cruise and audio controls on steering wheel; | CW42: Sun sensor ; Cooled storage compartment ; Electrochromatic inside rearview mirror; Extended cabin heating ; Interior air filtration ; Leather steering wheel; Turn signal in mirrors ;Climate control;Dual illuminating vanity mirrors; | CX42: Memorized settings for 2 drivers;Memorized settings includes audio system ;Memorized settings includes climate control ; | CY42: 2 subwoofer(s); 205 watts stereo output; 9 total speakers; USB connection ; Auxiliary audio input and USB with external media control ;AM/FM stereo; | CZ42: One-touch power sunroof ; Power glass sunroof; Rear defogger ; Remote sunroof operation ;Variable intermittent rain sensing wipers; | DC42: Alloy wheels;18 x 8.5 in. wheels;255/40R18 tires;Run flat tires; | DE42: Cargo tie downs ; | DF42: 2 front headrests; 3 rear headrests; LED headlamp; Auto delay off headlamps; Brake drying ; Child seat anchors ; Daytime running lights ; Dual front side-mounted airbags; Dusk sensing headlamps; Emergency braking preparation ; Engine immobilizer ; Front and rear head airbags; Front fog/driving lights ; Post-collision safety system ; Remote anti-theft alarm system ; Stability control ; Tire pressure monitoring ; Traction control ;4-wheel ABS;Emergency braking assist ;Front and rear ventilated disc brakes;Passenger airbag occupant sensing deactivation ;Rear center 3-point belt ;Rear door child safety locks ;Rear height adjustable headrests ;Turn signal mirrors;Park Distance Control;Active Blind Spot Detection; | DG42: Executive Package ; Premium Package ; Luxury Package ; Driving Assistance Package ; Sport Package ; Shadow Sport Edition ; Track Handling Package ; M Sport Package ; | DH42: 19" Star-Spoke Light Alloy Wheels w/Mixed Performance Tires ; 18" Star-Spoke Wheels w/Mixed Summer Tires ; 18" Star-Spoke Wheels w/All-Season Tires ; 18" Double-Spoke Light Alloy Wheels w/All-Season Tires ; 18" Bi-Color Jet Black Double-Spoke Wheels w/All-Season Tires ; 19" M Double-Spoke Orbit Grey Light Alloy Wheels w/Mixed Performance Tires ; 18" Bi-Color Jet Black Double-Spoke Wheels w/Mixed Performance Tires ; 19" Star-Spoke Wheels w/Mixed Summer Tires ; 18" V-Spoke Orbit Grey Light Alloy Wheels w/Mixed Performance Non-Runflat Tires ; 18" Double-Spoke Light Alloy Wheels w/Mixed Performance Tires ; | DI42: Apple CarPlay Compatibility ; Wireless Charging ; Rear Manual Side Window Shades ; Non Sport Seats for Luxury Package ; Active Cruise Control ; Heated Steering Wheel ; Heated Rear Seats ; Heated Front Seats ; Navigation System w/Touchpad ; | DJ42: Manual Transmission ; Adaptive M Suspension ; | DK42: Europe/Germany | DL42: Compact car | DM42: F30, F31, F80
B43: 401729239 | C43: BMW | D43: 3 Series | E43: 2018 | F43: 340i xDrive | G43: 340i xDrive 4dr Sedan AWD (3.0L 6cyl Turbo 8A) | H43: 50950 | I43: 47885 | J43: Alpine White(255,255,255);Estoril Blue Metallic(68,104,156);Melbourne Red Metallic(146,15,13);Mineral Grey Metallic(140,150,147);Jatoba Brown Metallic(96,89,83);Mediterranean Blue Metallic(33,57,85);Platinum Silver Metallic(152,151,146);Jet Black(0,0,0);Mineral White Metallic(234,234,234);Black Sapphire Metallic(0,0,0);Glacier Silver Metallic(200,200,200);Sunset Orange Metallic(176,56,16); | K43: Black Dakota w/Dark Oyster Highlight, leather(0,0,0);Black SensaTec, leatherette(0,0,0);Coral Red Dakota w/Black Highlight, leather(136,42,34);Black Dakota w/Red Highlight, leather(0,0,0);Black SensaTec w/Red Highlight, leatherette(0,0,0);Oyster Dakota, leather(200,197,192);Venetian Beige/Black SensaTec, leatherette(201,198,183);Venetian Beige/Black Dakota w/Dark Oyster Highlight, leather(201,198,183);Cognac Dakota w/Dark Brown Highlight, leather(152,124,100);Cognac Dakota w/Dark Brown Highlight and Cognac Lower Dashboard, leather(152,124,100); | L43: Sedan | M43: 4 | N43: 5 | O43: 182.8 | P43: 71.3 | Q43: 56.5 | R43: 110.6 | U43: 5.7 | X43: 38.4 | AA43: 13 | AC43: 3820 | AG43: I6 | AH43: 3 | AI43: 320 | AJ43: 5500 | AK43: 330 | AL43: 1380 | AM43: 24 | AN43: Variable | AO43: Double overhead cam (DOHC) | AP43: all wheel drive | AQ43: 8-speed shiftable automatic | AR43: gas | AS43: premium unleaded (recommended) | AT43: 15.8 | AU43: 25 | AV43: 21/31 MPG | AW43: 331.8/489.8 mi. | BF43: 42 | BG43: 55.1 | BJ43: 35.1 | BK43: 55.1 | BL43: 4 yr./ 50000 mi. | BM43: 4 yr./ 50000 mi. | BN43: 4 yr./ unlimited mi. | BO43: 12 yr./ unlimited mi. | BP43: https://www.edmunds.com/gateway/api/vehicle/v4/styles/401729239/features-specs | BQ43: https://www.edmunds.com/bmw/3-series/2018/review/ | BR43: https://www.edmunds.com/assets/m/bmw/3-series/2018/oem/2018_bmw_3-series_sedan_330e-iperformance_fq_oem_1_815.jpg;https://media.ed.edmunds-media.com/bmw/3-series/2018/oem/2018_bmw_3-series_sedan_330e-iperformance_fq_oem_2_175.jpg;https://media.ed.edmunds-media.com/bmw/3-series/2018/oem/2018_bmw_3-series_sedan_330e-iperformance_fq_oem_3_175.jpg;https://media.ed.edmunds-media.com/bmw/3-series/2018/oem/2018_bmw_3-series_sedan_330e-iperformance_fq_oem_4_175.jpg;https://media.ed.edmunds-media.com/bmw/3-series/2018/oem/2018_bmw_3-series_sedan_330e-iperformance_fq_oem_5_175.jpg; | BT43: Balances sharp handling with a ride quality that won't beat you up;Engine choices offer power, smoothness and fuel efficiency;Interior is upscale and spacious, with logical, easy-to-use controls; | BU43: Base 320i model offers limited feature availability;Storage for small personal items is limited; | BW43: 5 out of 5 stars | BX43: $19,980 - $33,990 | BY43: 8.2 / 10; | BZ43: 9 | CA43: 9 | CB43: 8 | CC43: 7 | CN43: 340i xDrive - Sedan | CO43: (3.0L 6-cyl. Turbo AWD 8-speed Automatic) | CQ43: Four-wheel independent suspension;Front and rear stabilizer bar; | CR43: 10 -way power driver seat; 10 -way power passenger seat; 2 -way manual driver seat adjustments; 2 -way manual passenger seat adjustment; Driver seat thigh extension ; Height adjustable driver seat; Height adjustable passenger seat; Leatherette ; Sport front seats;Driver seat with power adjustable lumbar support ;Passenger seat with power adjustable lumbar support ; | CS43: Folding with pass-thru center armrest; Rear ventilation ducts ;Split-folding rear seatback; | CT43: 4 one-touch power windows; Hands-free entry ;Heated mirrors;Reverse tilt passenger only provides curb view when vehicle in reverse; | CU43: Clock ; External temperature display ; Tachometer ; Trip computer ; | CV43: Cruise control ; Electric power steering ; Front and rear cupholders; Front and rear door pockets; Front seatback storage ; Keyless ignition ; Tilt and telescopic steering wheel; Universal remote transmitter (for garage door, security system, etc.);Transmission, cruise and audio controls on steering wheel; | CW43: Sun sensor ; Cooled storage compartment ; Electrochromatic inside rearview mirror; Extended cabin heating ; Interior air filtration ; Leather steering wheel; Turn signal in mirrors ;Climate control;Dual illuminating vanity mirrors; | CX43: Memorized settings for 2 drivers;Memorized settings includes audio system ;Memorized settings includes climate control ; | CY43: 2 subwoofer(s); 205 watts stereo output; 9 total speakers; USB connection ; Auxiliary audio input and USB with external media control ;AM/FM stereo; | CZ43: One-touch power sunroof ; Power glass sunroof; Rear defogger ; Remote sunroof operation ;Variable intermittent rain sensing wipers; | DC43: Alloy wheels;18 x 8.0 in. wheels;225/45R18 91V tires;Run flat tires; | DE43: Cargo tie downs ; | DF43: 2 front headrests; 3 rear headrests; LED headlamp; Auto delay off headlamps; Brake drying ; Child seat anchors ; Daytime running lights ; Dual front side-mounted airbags; Dusk sensing headlamps; Emergency braking preparation ; Engine immobilizer ; Front and rear head airbags; Front fog/driving lights ; Post-collision safety system ; Remote anti-theft alarm system ; Stability control ; Tire pressure monitoring ; Traction control ;4-wheel ABS;Emergency braking assist ;Front and rear ventilated disc brakes;Passenger airbag occupant sensing deactivation ;Rear center 3-point belt ;Rear door child safety locks ;Rear height adjustable headrests ;Turn signal mirrors;Park Distance Control;Active Blind Spot Detection; | DG43: Executive Package ; M Sport Package ; Premium Package ; Luxury Package ; Driving Assistance Package ; Sport Package ; Shadow Sport Edition ; Track Handling Package ; | DH43: 19" Star-Spoke Light Alloy Wheels w/Mixed Performance Tires ; 18" Star-Spoke Wheels w/Mixed Summer Tires ; 18" Star-Spoke Wheels w/All-Season Tires ; 18" Double-Spoke Light Alloy Wheels w/All-Season Tires ; 18" Bi-Color Jet Black Double-Spoke Wheels w/All-Season Tires ; 19" M Double-Spoke Orbit Grey Light Alloy Wheels w/Mixed Performance Tires ; 18" Bi-Color Jet Black Double-Spoke Wheels w/Mixed Performance Tires ; 19" Star-Spoke Wheels w/Mixed Summer Tires ; 18" V-Spoke Orbit Grey Light Alloy Wheels w/Mixed Performance Non-Runflat Tires ; 18" Double-Spoke Light Alloy Wheels w/Mixed Performance Tires ; | DI43: Apple CarPlay Compatibility ; Wireless Charging ; Rear Manual Side Window Shades ; Non Sport Seats for Luxury Package ; Active Cruise Control ; Heated Steering Wheel ; Heated Rear Seats ; Heated Front Seats ; Navigation System w/Touchpad ; | DJ43: Manual Transmission ; Adaptive M Suspension ; | DK43: Europe/Germany | DL43: Compact car | DM43: F30, F31, F80
B44: 401729247 | C44: BMW | D44: 3 Series | E44: 2018 | F44: 328d | G44: 328d 4dr Sedan (2.0L 4cyl Turbodiesel 8A) | H44: 41750 | I44: 39330 | J44: Alpine White(255,255,255);Estoril Blue Metallic(68,104,156);Melbourne Red Metallic(146,15,13);Mineral Grey Metallic(140,150,147);Jatoba Brown Metallic(96,89,83);Mediterranean Blue Metallic(33,57,85);Platinum Silver Metallic(152,151,146);Jet Black(0,0,0);Mineral White Metallic(234,234,234);Black Sapphire Metallic(0,0,0);Glacier Silver Metallic(200,200,200);Sunset Orange Metallic(176,56,16); | K44: Black Dakota w/Dark Oyster Highlight, leather(0,0,0);Black SensaTec, leatherette(0,0,0);Coral Red Dakota w/Black Highlight, leather(136,42,34);Black Dakota w/Red Highlight, leather(0,0,0);Black SensaTec w/Red Highlight, leatherette(0,0,0);Oyster Dakota, leather(200,197,192);Venetian Beige/Black SensaTec, leatherette(201,198,183);Venetian Beige/Black Dakota w/Dark Oyster Highlight, leather(201,198,183);Cognac Dakota w/Dark Brown Highlight, leather(152,124,100);Cognac Dakota w/Dark Brown Highlight and Cognac Lower Dashboard, leather(152,124,100); | L44: Sedan | M44: 4 | N44: 5 | O44: 182.8 | P44: 71.3 | Q44: 56.3 | R44: 110.6 | U44: 5.5 | X44: 37.1 | AA44: 13 | AC44: 3510 | AD44: 4420 | AE44: 860 | AG44: I4 | AH44: 2 | AI44: 180 | AJ44: 4000 | AK44: 280 | AL44: 1750 | AM44: 16 | AO44: Double overhead cam (DOHC) | AP44: rear wheel drive | AQ44: 8-speed shiftable automatic | AR44: diesel | AS44: diesel fuel | AT44: 15 | AU44: 36 | AV44: 31/43 MPG | AW44: 465.0/645.0 mi. | BD44: 40.3 | BF44: 42 | BG44: 55.1 | BH44: 37.7 | BJ44: 35.1 | BK44: 55.1 | BL44: 4 yr./ 50000 mi. | BM44: 4 yr./ 50000 mi. | BN44: 4 yr./ unlimited mi. | BO44: 12 yr./ unlimited mi. | BP44: https://www.edmunds.com/gateway/api/vehicle/v4/styles/401729247/features-specs | BQ44: https://www.edmunds.com/bmw/3-series/2018/review/ | BR44: https://www.edmunds.com/assets/m/bmw/3-series/2018/oem/2018_bmw_3-series_sedan_330e-iperformance_fq_oem_1_815.jpg;https://media.ed.edmunds-media.com/bmw/3-series/2018/oem/2018_bmw_3-series_sedan_330e-iperformance_fq_oem_2_175.jpg;https://media.ed.edmunds-media.com/bmw/3-series/2018/oem/2018_bmw_3-series_sedan_330e-iperformance_fq_oem_3_175.jpg;https://media.ed.edmunds-media.com/bmw/3-series/2018/oem/2018_bmw_3-series_sedan_330e-iperformance_fq_oem_4_175.jpg;https://media.ed.edmunds-media.com/bmw/3-series/2018/oem/2018_bmw_3-series_sedan_330e-iperformance_fq_oem_5_175.jpg; | BT44: Balances sharp handling with a ride quality that won't beat you up;Engine choices offer power, smoothness and fuel efficiency;Interior is upscale and spacious, with logical, easy-to-use controls; | BU44: Base 320i model offers limited feature availability;Storage for small personal items is limited; | BW44: 5 out of 5 stars | BX44: $19,980 - $33,990 | BY44: 8.2 / 10; | BZ44: 9 | CA44: 9 | CB44: 8 | CC44: 7 | CN44: 328d - Sedan | CO44: (2.0L 4-cyl. Turbo Diesel 8-speed Automatic) | CQ44: Four-wheel independent suspension;Front and rear stabilizer bar; | CR44: 10 -way power driver seat; 10 -way power passenger seat; 2 -way manual driver seat adjustments; 2 -way manual passenger seat adjustment; Driver seat thigh extension ; Height adjustable driver seat; Height adjustable passenger seat; Leatherette ; Sport front seats; | CS44: Folding with pass-thru center armrest; Rear ventilation ducts ;Split-folding rear seatback; | CT44: 4 one-touch power windows; Remote keyless power door locks ;Heated mirrors;Reverse tilt passenger only provides curb view when vehicle in reverse; | CU44: Clock ; External temperature display ; Tachometer ; Trip computer ; | CV44: Cruise control ; Electric power steering ; Front and rear cupholders; Front and rear door pockets; Front seatback storage ; Keyless ignition ; Tilt and telescopic steering wheel; Universal remote transmitter (for garage door, security system, etc.);Transmission, cruise and audio controls on steering wheel; | CW44: Sun sensor ; Cooled storage compartment ; Electrochromatic inside rearview mirror; Extended cabin heating ; Interior air filtration ; Leather steering wheel; Turn signal in mirrors ;Climate control;Dual illuminating vanity mirrors; | CX44: Memorized settings for 2 drivers;Memorized settings includes audio system ;Memorized settings includes climate control ; | CY44: 2 subwoofer(s); 205 watts stereo output; 9 total speakers; USB connection ; Auxiliary audio input and USB with external media control ;AM/FM stereo; | CZ44: Rear defogger ;Variable intermittent rain sensing wipers; | DC44: Alloy wheels;17 x 7.5 in. wheels;225/50R17 94V tires;Run flat tires; | DE44: Cargo tie downs ; | DF44: 2 front headrests; 3 rear headrests; LED headlamp; Auto delay off headlamps; Brake drying ; Child seat anchors ; Daytime running lights ; Dual front side-mounted airbags; Dusk sensing headlamps; Emergency braking preparation ; Engine immobilizer ; Front and rear head airbags; Front fog/driving lights ; Post-collision safety system ; Remote anti-theft alarm system ; Stability control ; Tire pressure monitoring ; Traction control ;4-wheel ABS;Emergency braking assist ;Front and rear ventilated disc brakes;Passenger airbag occupant sensing deactivation ;Rear center 3-point belt ;Rear door child safety locks ;Rear height adjustable headrests ;Turn signal mirrors;Park Distance Control;Active Blind Spot Detection; | DG44: Convenience Package ; Executive Package ; M Sport Package ; Premium Package ; Luxury Package ; Driving Assistance Package ; Shadow Sport Edition ; | DH44: 18" Star-Spoke Wheels w/Mixed Summer Tires ; 18" Star-Spoke Wheels w/All-Season Tires ; 18" Double-Spoke Light Alloy Wheels w/All-Season Tires ; 18" Bi-Color Jet Black Double-Spoke Wheels w/All-Season Tires ; 18" Bi-Color Jet Black Double-Spoke Wheels w/Mixed Performance Tires ; 18" Double-Spoke Light Alloy Wheels w/Mixed Performance Tires ; Moonroof Deletion ; | DI44: Apple CarPlay Compatibility ; Wireless Charging ; Rear Manual Side Window Shades ; Non Sport Seats for Luxury Package ; Active Cruise Control ; Heated Steering Wheel ; Heated Rear Seats ; Heated Front Seats ; Harman Kardon Surround Sound System ; Navigation System w/Touchpad ; | DJ44: Adaptive M Suspension ; | DK44: Europe/Germany | DL44: Compact car | DM44: F30, F31, F80
B45: 401729242 | C45: BMW | D45: 3 Series | E45: 2018 | F45: 328d xDrive | G45: 328d xDrive 4dr Sedan AWD (2.0L 4cyl Turbodiesel 8A) | H45: 43750 | I45: 41190 | J45: Alpine White(255,255,255);Estoril Blue Metallic(68,104,156);Melbourne Red Metallic(146,15,13);Mineral Grey Metallic(140,150,147);Jatoba Brown Metallic(96,89,83);Mediterranean Blue Metallic(33,57,85);Platinum Silver Metallic(152,151,146);Jet Black(0,0,0);Mineral White Metallic(234,234,234);Black Sapphire Metallic(0,0,0);Glacier Silver Metallic(200,200,200);Sunset Orange Metallic(176,56,16); | K45: Black Dakota w/Dark Oyster Highlight, leather(0,0,0);Black SensaTec, leatherette(0,0,0);Coral Red Dakota w/Black Highlight, leather(136,42,34);Black Dakota w/Red Highlight, leather(0,0,0);Black SensaTec w/Red Highlight, leatherette(0,0,0);Oyster Dakota, leather(200,197,192);Venetian Beige/Black SensaTec, leatherette(201,198,183);Venetian Beige/Black Dakota w/Dark Oyster Highlight, leather(201,198,183);Cognac Dakota w/Dark Brown Highlight, leather(152,124,100);Cognac Dakota w/Dark Brown Highlight and Cognac Lower Dashboard, leather(152,124,100); | L45: Sedan | M45: 4 | N45: 5 | O45: 182.8 | P45: 71.3 | Q45: 56.5 | R45: 110.6 | U45: 5.7 | X45: 38.4 | AA45: 13 | AC45: 3695 | AG45: I4 | AH45: 2 | AI45: 180 | AJ45: 4000 | AK45: 280 | AL45: 1750 | AM45: 16 | AO45: Double overhead cam (DOHC) | AP45: all wheel drive | AQ45: 8-speed shiftable automatic | AR45: diesel | AS45: diesel fuel | AT45: 15 | AU45: 34 | AV45: 30/40 MPG | AW45: 450.0/600.0 mi. | BD45: 40.3 | BF45: 42 | BG45: 55.1 | BH45: 37.7 | BJ45: 35.1 | BK45: 55.1 | BL45: 4 yr./ 50000 mi. | BM45: 4 yr./ 50000 mi. | BN45: 4 yr./ unlimited mi. | BO45: 12 yr./ unlimited mi. | BP45: https://www.edmunds.com/gateway/api/vehicle/v4/styles/401729242/features-specs | BQ45: https://www.edmunds.com/bmw/3-series/2018/review/ | BR45: https://www.edmunds.com/assets/m/bmw/3-series/2018/oem/2018_bmw_3-series_sedan_330e-iperformance_fq_oem_1_815.jpg;https://media.ed.edmunds-media.com/bmw/3-series/2018/oem/2018_bmw_3-series_sedan_330e-iperformance_fq_oem_2_175.jpg;https://media.ed.edmunds-media.com/bmw/3-series/2018/oem/2018_bmw_3-series_sedan_330e-iperformance_fq_oem_3_175.jpg;https://media.ed.edmunds-media.com/bmw/3-series/2018/oem/2018_bmw_3-series_sedan_330e-iperformance_fq_oem_4_175.jpg;https://media.ed.edmunds-media.com/bmw/3-series/2018/oem/2018_bmw_3-series_sedan_330e-iperformance_fq_oem_5_175.jpg; | BT45: Balances sharp handling with a ride quality that won't beat you up;Engine choices offer power, smoothness and fuel efficiency;Interior is upscale and spacious, with logical, easy-to-use controls; | BU45: Base 320i model offers limited feature availability;Storage for small personal items is limited; | BW45: 5 out of 5 stars | BX45: $19,980 - $33,990 | BY45: 8.2 / 10; | BZ45: 9 | CA45: 9 | CB45: 8 | CC45: 7 | CN45: 328d xDrive - Sedan | CO45: (2.0L 4-cyl. Turbo Diesel AWD 8-speed Automatic) | CQ45: Four-wheel independent suspension;Front and rear stabilizer bar; | CR45: 10 -way power driver seat; 10 -way power passenger seat; 2 -way manual driver seat adjustments; 2 -way manual passenger seat adjustment; Driver seat thigh extension ; Height adjustable driver seat; Height adjustable passenger seat; Leatherette ; Sport front seats; | CS45: Folding with pass-thru center armrest; Rear ventilation ducts ;Split-folding rear seatback; | CT45: 4 one-touch power windows; Remote keyless power door locks ;Heated mirrors;Reverse tilt passenger only provides curb view when vehicle in reverse; | CU45: Clock ; External temperature display ; Tachometer ; Trip computer ; | CV45: Cruise control ; Electric power steering ; Front and rear cupholders; Front and rear door pockets; Front seatback storage ; Keyless ignition ; Tilt and telescopic steering wheel; Universal remote transmitter (for garage door, security system, etc.);Transmission, cruise and audio controls on steering wheel; | CW45: Sun sensor ; Cooled storage compartment ; Electrochromatic inside rearview mirror; Extended cabin heating ; Interior air filtration ; Leather steering wheel; Turn signal in mirrors ;Climate control;Dual illuminating vanity mirrors; | CX45: Memorized settings for 2 drivers;Memorized settings includes audio system ;Memorized settings includes climate control ; | CY45: 2 subwoofer(s); 205 watts stereo output; 9 total speakers; USB connection ; Auxiliary audio input and USB with external media control ;AM/FM stereo; | CZ45: Rear defogger ;Variable intermittent rain sensing wipers; | DC45: Alloy wheels;17 x 7.5 in. wheels;225/50R17 94V tires;Run flat tires; | DE45: Cargo tie downs ; | DF45: 2 front headrests; 3 rear headrests; LED headlamp; Auto delay off headlamps; Brake drying ; Child seat anchors ; Daytime running lights ; Dual front side-mounted airbags; Dusk sensing headlamps; Emergency braking preparation ; Engine immobilizer ; Front and rear head airbags; Front fog/driving lights ; Post-collision safety system ; Remote anti-theft alarm system ; Stability control ; Tire pressure monitoring ; Traction control ;4-wheel ABS;Emergency braking assist ;Front and rear ventilated disc brakes;Passenger airbag occupant sensing deactivation ;Rear center 3-point belt ;Rear door child safety locks ;Rear height adjustable headrests ;Turn signal mirrors;Park Distance Control;Active Blind Spot Detection; | DG45: Convenience Package ; Executive Package ; Premium Package ; Luxury Package ; Driving Assistance Package ; Shadow Sport Edition ; M Sport Package ; | DH45: 18" Star-Spoke Wheels w/Mixed Summer Tires ; 18" Star-Spoke Wheels w/All-Season Tires ; 18" Double-Spoke Light Alloy Wheels w/All-Season Tires ; 18" Bi-Color Jet Black Double-Spoke Wheels w/All-Season Tires ; 18" Bi-Color Jet Black Double-Spoke Wheels w/Mixed Performance Tires ; 18" Double-Spoke Light Alloy Wheels w/Mixed Performance Tires ; Moonroof Deletion ; | DI45: Apple CarPlay Compatibility ; Wireless Charging ; Rear Manual Side Window Shades ; Non Sport Seats for Luxury Package ; Active Cruise Control ; Heated Steering Wheel ; Heated Rear Seats ; Heated Front Seats ; Harman Kardon Surround Sound System ; Navigation System w/Touchpad ; | DJ45: Adaptive M Suspension ; | DK45: Europe/Germany | DL45: Compact car | DM45: F30, F31, F80
